Workbook
Name \A: Alcohol!#REF!
Name \A: Dental!#REF!
Name \A: DO!#REF!
Name \A: 'H&C'!#REF!
Name \A: HE!#REF!
Name \A: IHCIF!#REF!
Name \A: Mental!#REF!
Name \A: PHN!#REF!
Name \A: #REF!
Name \B: #REF!
Name \B: #REF!
Name \B: #REF!
Name \B: #REF!
Name \B: #REF!
Name \B: #REF!
Name \B: #REF!
Name \B: #REF!
Name _: #REF!
Name _: #REF!
Name _: #REF!
Name _: #REF!
Name _: #REF!
Name _: #REF!
Name _: #REF!
Name _: #REF!
Name _: #REF!
Name _1: #REF!
Name _1: #REF!
Name _1: #REF!
Name _1: #REF!
Name _1: #REF!
Name _1: #REF!
Name _1: #REF!
Name _1: #REF!
Name _OAD: #REF!
Name _OAD: #REF!
Name _OAD: #REF!
Name _OAD: #REF!
Name _OAD: #REF!
Name _OAD: #REF!
Name _OAD: #REF!
Name _OAD: #REF!
Name _OAD: #REF!
Name _OAD1: #REF!
Name _OAD1: #REF!
Name _OAD1: #REF!
Name _OAD1: #REF!
Name _OAD1: #REF!
Name _OAD1: #REF!
Name _OAD1: #REF!
Name _OAD1: #REF!
Name Alcohol_19: #REF!
Name Alcohol_19: #REF!
Name Alcohol_19: #REF!
Name Alcohol_19: #REF!
Name Alcohol_19: #REF!
Name Alcohol_19: #REF!
Name Alcohol_19: #REF!
Name Alcohol_19: #REF!
Name Alcohol_19: #REF!

Sheet NAO Recurring Budget
H1: TAB B | BA1: Page 1 of 9
H2: NASHVILLE AREA
H3: RECURRING BUDGET
H4: 36262 | BJ4: 10248
AY5: Page 2 of 6
B6: Rec. Base | C6: Adjust | D6: Revised | E6: 1999 | G6: Fixed Cost | H6: 1999 | I6: 1999 | J6: Revised | K6: 2000 | M6: 2000 | N6: 2000 | O6: 2001 | P6: 2001 | R6: 2002 | S6: 2002 | T6: 2002 | U6: 2003 | V6: 2003 | W6: 2003 | X6: Revised | Y6: FY 04 | Z6: FY 04 | AA6: FY 04 | AD6: FY'05 | AE6: FY'06 | AF6: FY'06 | AG6: FY'06 | AH6: Cayuga | AV6: 5743808 | AY6: 2015
A7: NAO Accounts SSA: | B7: Begin -10/1 | C7: line items | D7: 1998 Base | E7: Increases | F7: Sub-Total | G7: Workload | H7: Grand Total | I7: Adjust. | J7: Total | K7: Increases | L7: Round | M7: Area Base | N7: Adj. | O7: Incr. Pay | P7: Program | Q7: SubTotal | R7: Adjustment | S7: Increases | T7: Area Base | U7: Increases | V7: Rec. Base | W7: Adjustments | X7: 3 | Y7: Increase | Z7: rounding | AA7: Final Area | AB7: Rounding Adj. | AC7: FY'05 INCREASES | AD7: FINAL | AE7: Recurring Increases | AF7: Adjustments Due To Rounding | AG7: FINAL AS OF 04/19/2006 | AH7: And Onondaga | AI7: DFM Total | AJ7: 2007 Inflation | AK7: 2007 Paycost | AL7: 2007 Final Base | AM7: Adjust | AN7: 2008 Inflation | AO7: 2008 Paycost | AP7: 2008 Final Base | AQ7: 2009 Paycost | AR7: 2009 Inflation | AS7: 2009 Increases | AT7: Total | AU7: HIO | AV7: Training | AW7: PCS | AX7: Other | AY7: 2009 Final Budget | AZ7: adjustment | BA7: 2010 Paycost | BB7: 2010 Inflation | BC7: 2010 Subtotal Increases | BD7: New Tribes Adjustm | BE7: 2011 Total | BG7: 2011Rescission and/or Adjust 2010 | BH7: 2010 Residual Increase | BI7: 2011 Final Budget | BJ7: 2012 Rescission/ increases | BK7: 2012 Final Budget | BL7: Increase/ Decrease | BM7: Earmark Adj | BN7: Rescission | BO7: Sequestration | BP7: Summary 2013 Reduction/Inc | BQ7: 2013 Final | BR7: Increase/ Decrease | BS7: 2014 Final | BT7: Area Increases/ Decreases | BU7: Tribally AssumedArea Shares Increase/ Decrease | BV7: 2015 Final | BW7: Increase/ Decrease | BX7: Tribally AssumedArea Shares Increase/ Decrease | BY7: *Add in previous newly recognized Tribes amounts | BZ7: 2016 Final | CA7: Increase/ Decrease | CB7: Tribally AssumedArea Shares Increase/ Decrease | CC7: 2017 Final | CD7: Increase/ Decrease | CE7: Tribally AssumedArea Shares Increase/ Decrease | CF7: *Add in previous newly recognized Tribes amounts | CG7: 2018 Final | CH7: *Add in previous newly recognized Tribes amounts | CI7: 2019 Final | CJ7: *Add in previous newly recognized Tribes amounts | CK7: Increase/ Decrease | CL7: 2020 Final | CM7: 2021 Increase/ Decrease | CN7: 2021 Final | CO7: 2022 Increase/ Decrease | CP7: 2022 Final | CQ7: 2023 Increase/ Decrease | CR7: 2023 Final
A8: H&C Total | B8: 4140163 | C8: 865109 | D8: 5005272 | E8: 202876 | F8: 5208148 | G8: 0 | H8: 5208148 | I8: -33400 | J8: 5174748 | K8: 147953 | L8: -9 | M8: 5322692 | N8: 55749 | O8: 50740 | P8: 0 | Q8: 5429181 | R8: 52 | S8: 36715 | T8: 5465948 | U8: 130926 | V8: 5596874 | W8: -105620 | X8: 5491254 | Y8: 105030 | Z8: 18221 | AA8: 5614505 | AB8: -261 | AC8: 10072 | AD8: 5624316 | AE8: -18421 | AF8: -31 | AG8: 5605864 | AH8: 137944 | AI8: 5743808 | AJ8: 34712 | AK8: 159135 | AL8: 5937655 | AP8: 6025059 | AS8: 212215 | AT8: 6237274 | AU8: 162621 | AV8: 152738 | AW8: 70027 | AX8: 0 | AY8: 6622660 | BA8: 37979 | BB8: 101679 | BC8: 140327 | BE8: 6762987 | BH8: 25981 | BI8: 6788968 | BJ8: -10864 | BK8: 6778104 | BL8: -354542 | BM8: -5255 | BN8: -12712 | BO8: -315784 | BP8: -688293 | BQ8: 6089811 | BR8: -327735 | BS8: 5762076 | BT8: 0 | BU8: 4464 | BV8: 5766540 | BW8: 11553 | BX8: 23250 | BZ8: 5801343 | CA8: 27071 | CB8: 35851 | CC8: 5864265 | CD8: 21094 | CE8: 36489 | CF8: 805526 | CG8: 6727374 | CH8: 121241 | CI8: 6848615 | CJ8: 1081302 | CK8: 0 | CL8: 7929917 | CM8: 0 | CN8: =CL8+CM8 -> 7929917 | CO8: 277881 | CP8: =CN8+CO8 -> 8207798 | CQ8: ='Area Shares - by PFSA Summary'!B6+'Area Shares - by PFSA Summary'!B7+'H&C'!E83+'H&C'!F83+'H&C'!F81+'H&C'!F82+'H&C'!E82+'H&C'!E81 -> 229527.59 | CR8: =CP8+CQ8 -> 8437325.6
A9: -18452 | AY9: 0 | BP9: 0 | CP9: v
A10: Dental/PCS | B10: 152084 | C10: 0 | D10: 152084 | E10: 0 | F10: 152084 | G10: 0 | H10: 152084 | I10: 0 | J10: 152084 | K10: 0 | L10: 0 | M10: 152084 | O10: 5014 | P10: 137500 | Q10: 294598 | R10: -114845 | S10: 6158 | T10: 185911 | U10: 31984 | V10: 217895 | W10: 0 | X10: 217895 | Y10: 11706 | Z10: -4 | AA10: 229597 | AB10: 117 | AC10: 1131 | AD10: 230845 | AE10: 1935 | AF10: -99 | AG10: 232681 | AI10: 232681 | AJ10: 1008 | AK10: 2200 | AL10: 235889 | AN10: 6775 | AO10: 131 | AP10: 242795 | AQ10: 5243 | AR10: 3129 | AS10: 8372 | AT10: 251167 | AU10: 0 | AV10: 0 | AW10: 14976 | AX10: 0 | AY10: 266143 | BA10: 6854 | BB10: 4198 | BC10: 11052 | BD10: 0 | BE10: 277195 | BG10: 0 | BI10: 277194 | BJ10: -444 | BK10: 276750 | BM10: -228 | BN10: -553 | BO10: -13737 | BP10: -14518 | BQ10: 262232 | BR10: -2 | BS10: 262230 | BV10: 262230 | BW10: 1277 | BX10: 1451 | BZ10: 264958 | CA10: 2971 | CB10: 4163 | CC10: 272092 | CD10: 2782 | CE10: 4103 | CF10: 48161 | CG10: 327138 | CH10: 0 | CI10: 327138 | CJ10: 0 | CL10: 327138 | CM10: 0 | CN10: 327138 | CO10: 16775 | CP10: 343913 | CQ10: ='Area Shares - by PFSA Summary'!B45+'Area Shares - by PFSA Summary'!B46 -> 15803.066 | CR10: =CP10+CQ10 -> 359716.07
A11: Mental Health | B11: 158066 | C11: 0 | D11: 158066 | E11: 0 | F11: 158066 | G11: 0 | H11: 158066 | I11: 0 | J11: 158066 | K11: 5675 | L11: -4 | M11: 163737 | O11: 3416 | Q11: 167153 | R11: 0 | S11: 3312 | T11: 170465 | U11: 4022 | V11: 174487 | W11: 0 | X11: 174487 | Y11: 3246 | Z11: 1 | AA11: 177734 | AB11: -471 | AC11: 558 | AD11: 177821 | AE11: 1873 | AF11: 127 | AG11: 179821 | AI11: 179821 | AJ11: 884 | AK11: 1353 | AL11: 182058 | AN11: 3236 | AO11: -1970 | AP11: 183324 | AQ11: 1331 | AR11: 2374 | AS11: 3705 | AT11: 187029 | AU11: 0 | AV11: 0 | AW11: 15022 | AX11: 0 | AY11: 202051 | BA11: 1261 | BB11: 3387 | BC11: 4648 | BD11: 0 | BE11: 206699 | BG11: 0 | BI11: 206699 | BJ11: -328 | BK11: 206371 | BM11: -170 | BN11: -412 | BO11: -10244 | BP11: -10826 | BQ11: 195545 | BR11: 1 | BS11: 195546 | BV11: 195546 | BW11: 697 | BX11: 1027 | BZ11: 197270 | CA11: 963 | CB11: 1591 | CC11: 199824 | CD11: 1950 | CE11: 3031 | CF11: 19648 | CG11: 224453 | CH11: 0 | CI11: 224453 | CJ11: 0 | CL11: 224453 | CM11: 0 | CN11: 224453 | CO11: 7508 | CP11: 231961 | CQ11: ='Area Shares - by PFSA Summary'!B51+'Area Shares - by PFSA Summary'!B52 -> 7382.0945 | CR11: =CP11+CQ11 -> 239343.09
AD12: 0 | AY12: 0 | BC12: 0 | BE12: 0 | BP12: 0 | CR12: =CP12+CQ12 -> 0
A13: Total Area ASA | M13: 271398 | N13: 0 | O13: 4727 | P13: 0 | Q13: 276125 | R13: 0 | S13: 5571 | T13: 281696 | U13: 2766 | V13: 284462 | W13: 0 | X13: 284462 | Y13: 61366 | Z13: 0 | AA13: 345828 | AB13: -555 | AC13: 2160 | AD13: 347433 | AE13: 9951 | AF13: -396 | AG13: 356988 | AH13: 0 | AI13: 356988 | AJ13: 2672 | AK13: 6946 | AL13: 366606 | AP13: 491962 | AS13: 0 | AT13: 504069 | AU13: 0 | AV13: 0 | AW13: 0 | AX13: 0 | AY13: 504069 | BA13: 5573 | BB13: 12122 | BC13: 17695 | BE13: 521764 | BI13: 532186 | BJ13: -853 | BK13: 531333 | BM13: -439 | BN13: -1062 | BO13: -26375 | BP13: -27876 | BQ13: 503457 | BS13: 503456 | BV13: 503456 | BW13: 1993 | BX13: 3133 | BZ13: 508582 | CA13: 2409 | CB13: 5029 | CC13: 516020 | CD13: 4234 | CE13: 10043 | CF13: 35924 | CG13: 566221 | CH13: 0 | CI13: 566221 | CJ13: 0 | CL13: 566221 | CM13: 0 | CN13: 566221 | CO13: 23919 | CP13: 590140 | CQ13: ='Area Shares - by PFSA Summary'!B57+'Area Shares - by PFSA Summary'!B58 -> 30315.949 | CR13: =CP13+CQ13 -> 620455.95
AT14: 1687 | AY14: 1687 | BC14: 0 | BE14: 1687 | BP14: 0 | CR14: =CP14+CQ14 -> 0
A15: Public Health | B15: 50588 | C15: 0 | D15: 50588 | E15: 0 | F15: 50588 | G15: 0 | H15: 50588 | I15: 0 | J15: 50588 | K15: 0 | L15: 0 | M15: 50588 | O15: 2636 | Q15: 53224 | R15: 0 | S15: 2100 | T15: 55324 | U15: 2259 | V15: 57583 | W15: 0 | X15: 57583 | Y15: 1586 | Z15: -2 | AA15: 59167 | AB15: 602 | AD15: 59769 | AE15: 353 | AF15: -44 | AG15: 60078 | AI15: 60078 | AJ15: 201 | AK15: 141 | AL15: 60420 | AN15: 1629 | AO15: -530 | AP15: 61519 | AQ15: 0 | AR15: 723 | AS15: 723 | AT15: 62242 | AU15: 0 | AV15: 0 | AW15: 0 | AX15: 0 | AY15: 62242 | BB15: 1105 | BC15: 1105 | BE15: 63347 | BG15: -166 | BI15: 63181 | BJ15: -100 | BK15: 63081 | BM15: -52 | BN15: -126 | BO15: -3134 | BP15: -3312 | BQ15: 59769 | BS15: 59769 | BT15: 5 | BV15: 59774 | BW15: 547 | BX15: 339 | BZ15: 60660 | CA15: 936 | CB15: 836 | CC15: 62432 | CD15: 1154 | CE15: 992 | CF15: 30543 | CG15: 95121 | CH15: 0 | CI15: 95121 | CJ15: 0 | CL15: 95121 | CM15: 0 | CN15: 95121 | CO15: 4900 | CP15: 100021 | CQ15: ='Area Shares - by PFSA Summary'!B63+'Area Shares - by PFSA Summary'!B64 -> 2515.0916 | CR15: =CP15+CQ15 -> 102536.09
A16: Health Education | B16: 77702 | C16: 0 | D16: 77702 | E16: 0 | F16: 77702 | G16: 0 | H16: 77702 | I16: 0 | J16: 77702 | K16: 1744 | L16: 0 | M16: 79446 | O16: 4640 | Q16: 84086 | R16: 0 | S16: 5220 | T16: 89306 | U16: 7228 | V16: 96534 | W16: 0 | X16: 96534 | Y16: 2572 | Z16: 42 | AA16: 99148 | AB16: -200 | AC16: 172 | AD16: 99120 | AE16: 2769 | AF16: 274 | AG16: 102163 | AI16: 102163 | AJ16: 594 | AK16: 2548 | AL16: 105305 | AN16: 2099 | AO16: 1442 | AP16: 108846 | AQ16: 3564 | AR16: 1611 | AS16: 5175 | AT16: 114021 | AU16: 0 | AV16: 0 | AW16: 0 | AX16: 0 | AY16: 114021 | BA16: 1581 | BB16: 2792 | BC16: 4373 | BE16: 118394 | BG16: -250 | BI16: 118142 | BJ16: -189 | BK16: 117953 | BM16: -97 | BN16: -236 | BO16: -5860 | BP16: -6193 | BQ16: 111760 | BR16: 1 | BS16: 111761 | BT16: 1 | BV16: 111762 | BW16: 417 | BX16: 668 | BZ16: 112847 | CA16: 933 | CB16: 1792 | CC16: 115572 | CD16: 411 | CE16: 861 | CF16: 13555 | CG16: 130399 | CH16: 0 | CI16: 130399 | CJ16: 0 | CL16: 130399 | CM16: 0 | CN16: 130399 | CO16: 14958 | CP16: 145357 | CQ16: ='Area Shares - by PFSA Summary'!B69+'Area Shares - by PFSA Summary'!B70 -> 3721.8752 | CR16: =CP16+CQ16 -> 149078.88
A17: Environmental Hlth. 1/ | B17: 1973355 | C17: 20000 | D17: 1993355 | E17: 0 | F17: 1993355 | G17: 13000 | H17: 2006355 | I17: 0 | J17: 2006355 | K17: 68042 | L17: 0 | M17: 2074397 | N17: 41999 | O17: 59469 | Q17: 2175865 | R17: 0 | S17: 89381 | T17: 2265246 | U17: 60503 | V17: 2325749 | W17: 0 | X17: 2325749 | Y17: 33300 | AA17: 2359049 | AB17: -14 | AC17: 7219 | AD17: 2366254 | AE17: 0 | AF17: 0 | AG17: 2366254 | AI17: 2366254 | AJ17: 15602 | AK17: 72887 | AL17: 2454743 | AM17: -15986 | AN17: 48784 | AO17: 8269 | AP17: 2495810 | AQ17: 63460 | AR17: 15527 | AS17: 78987 | AT17: 2574797 | AU17: 0 | AV17: 0 | AW17: 0 | AX17: 0 | AY17: 2574797 | BA17: 47848 | BB17: 1913 | BC17: 49761 | BE17: 2624558 | BF17: 11 | BG17: -6129 | BH17: 6790 | BI17: 2625230 | BJ17: -5056 | BK17: 2620624 | BL17: -1307 | BN17: -6302 | BO17: -158072 | BP17: -137133 | BQ17: 2483491 | BR17: 142451 | BS17: 2625942 | BT17: 195326 | BV17: 2821268 | BW17: 35631 | BZ17: 2856899 | CA17: 50153 | CC17: 2907052 | CD17: 69336 | CE17: 0 | CF17: 6000 | CG17: 2982388 | CH17: 0 | CI17: 2982388 | CJ17: 0 | CK17: 80563 | CL17: 3062951 | CM17: 0 | CN17: =CL17+CM17 -> 3062951 | CO17: 105018 | CP17: =CN17+CO17 -> 3167969 | CQ17: 106080 | CR17: =CP17+CQ17 -> 3274049
A18: Facilities Support | B18: 79495 | C18: 0 | D18: 79495 | E18: 0 | F18: 79495 | G18: 11000 | H18: 90495 | I18: 0 | J18: 90495 | K18: 3175 | L18: 0 | M18: 93670 | N18: 470 | O18: 3053 | P18: 77400 | Q18: 174593 | R18: 0 | S18: 8504 | T18: 183097 | U18: 5445 | V18: 188542 | W18: 0 | X18: 188542 | Y18: 1587 | Z18: 3950 | AA18: 194079 | AD18: 194079 | AE18: 0 | AF18: 0 | AG18: 194079 | AI18: 194079 | AJ18: 8139 | AK18: 3912 | AL18: 206130 | AM18: 462 | AO18: 4117 | AP18: 210709 | AQ18: 8206 | AS18: 8206 | AT18: 218915 | AU18: 0 | AV18: 0 | AW18: 0 | AX18: 0 | AY18: 218915 | BA18: 5832 | BC18: 5832 | BE18: 224747 | BF18: -3443 | BG18: -462 | BH18: 1481 | BI18: 222323 | BJ18: 148972 | BK18: 371295 | BL18: -372 | BN18: -742 | BO18: -18606 | BP18: -19720 | BQ18: 351575 | BR18: 43901 | BS18: 395476 | BV18: 395476 | BW18: 2879 | BZ18: 398355 | CA18: 4432 | CC18: 402787 | CD18: 5560 | CF18: 0 | CG18: 408347 | CH18: 0 | CI18: 408347 | CJ18: 0 | CK18: 6330 | CL18: 414677 | CM18: 0 | CN18: =CL18+CM18 -> 414677 | CO18: 12065 | CP18: =CN18+CO18 -> 426742 | CQ18: 12628 | CR18: =CP18+CQ18 -> 439370
A19: Direct Operations | B19: 1369700 | C19: 0 | D19: 1369700 | E19: 0 | F19: 1369700 | G19: 0 | H19: 1369700 | I19: 55900 | J19: 1425600 | K19: 48800 | L19: 0 | M19: 1474400 | O19: 37785 | Q19: 1512185 | R19: 0 | S19: 47682 | T19: 1559867 | U19: 28130 | V19: 1587997 | W19: 0 | X19: 1587997 | Y19: 2016 | AA19: 1590013 | AB19: -13 | AC19: 6574 | AD19: 1596574 | AE19: 3920 | AF19: 226 | AG19: 1600720 | AI19: 1600720 | AJ19: 4022 | AK19: 20190 | AL19: 1624932 | AM19: 2605 | AN19: -7401 | AO19: -9235 | AP19: 1610901 | AQ19: 51472 | AR19: 8760 | AS19: 60232 | AT19: 1671133 | AU19: 0 | AV19: 0 | AW19: 0 | AX19: 0 | AY19: 1671133 | BA19: 25096 | BB19: 851 | BC19: 25947 | BD19: 40919 | BE19: 1737999 | BG19: -3502 | BH19: 13033 | BI19: 1747528 | BJ19: -2796 | BK19: 1744732 | BM19: -1441 | BN19: -3486 | BO19: -86613 | BP19: -91540 | BQ19: 1653192 | BR19: -1 | BS19: 1653191 | BV19: 1653191 | BW19: 5755 | BX19: 5135 | BY19: 102000 | BZ19: 1766081 | CA19: 17228 | CB19: 22815 | CC19: 1806124 | CD19: 11739 | CE19: 8963 | CF19: 0 | CG19: 1826826 | CH19: 0 | CI19: 1826826 | CJ19: 0 | CL19: 1826826 | CM19: 0 | CN19: 1826826 | CO19: 88018 | CP19: 1914844 | CQ19: ='Area Shares - by PFSA Summary'!B75+'Area Shares - by PFSA Summary'!B76+DO!E83+DO!F83+163000 -> 272380.04 | CR19: =CP19+CQ19 -> 2187224
A20: Indian Health Care Improvement Fund | CR20: 1784884
A21: Contract Health | B21: 0 | C21: 0 | D21: 0 | E21: 0 | F21: 0 | G21: 0 | H21: 0 | I21: 195050 | J21: 195050 | K21: 0 | L21: 0 | M21: 195050 | N21: -195050 | Q21: 0 | T21: 0 | V21: 0 | X21: 0 | AA21: 0 | AB21: 0 | AD21: 0 | AE21: 0 | AF21: 0 | AG21: 0 | AI21: 0 | AJ21: 0 | AK21: 0 | AL21: 0 | AM21: 7 | AN21: -7 | AP21: 0 | AS21: 0 | AT21: 0 | AU21: 0 | AV21: 0 | AW21: 0 | AX21: 0 | AY21: 0 | BC21: 0 | BE21: 0 | BI21: 0 | BK21: 0 | BP21: 0 | BQ21: 0 | BS21: 0 | BV21: 0 | BZ21: 0 | CC21: 0 | CG21: 0 | CI21: 0 | CL21: 0 | CR21: =CP21+CQ21 -> 0
A22: Urban /2 | B22: 3300 | C22: 500 | D22: 3800 | E22: 0 | F22: 3800 | G22: 0 | H22: 3800 | J22: 3800 | K22: 0 | L22: 0 | M22: 3800 | Q22: 3800 | R22: 25 | T22: 3825 | V22: 3825 | W22: 0 | X22: 3825 | AA22: 3825 | AB22: -488 | AD22: 3337 | AE22: 0 | AF22: 111 | AG22: 3448 | AI22: 3448 | AL22: 3448 | AO22: -53 | AP22: 3395 | AS22: 0 | AT22: 3395 | AU22: 0 | AV22: 0 | AW22: 0 | AX22: 0 | AY22: 3395 | BC22: 0 | BE22: 3395 | BF22: -5 | BI22: 3390 | BJ22: -5 | BK22: 3385 | BL22: 27039 | BM22: -25 | BN22: -60 | BO22: -1510 | BP22: 25444 | BQ22: 28829 | BR22: -1 | BS22: 28828 | BV22: 28828 | BZ22: 28828 | CC22: 28828 | CD22: 0 | CF22: 0 | CG22: 28828 | CH22: 0 | CI22: 28828 | CJ22: 0 | CL22: 28828 | CM22: 0 | CN22: 28828 | CO22: 0 | CP22: 28828 | CQ22: 0 | CR22: =CP22+CQ22 -> 28828
A23: Total Area Operating Budget | B23: 8275851 | C23: 885609 | D23: 9161460 | E23: 202876 | F23: 9364336 | G23: 24000 | H23: 9388336 | I23: 217550 | J23: 9605886 | K23: 275389 | L23: -13 | M23: 9881262 | N23: -96832 | O23: 171480 | P23: 214900 | Q23: 10170810 | R23: -114768 | S23: 204643 | T23: 10260685 | U23: 273263 | V23: 10533948 | W23: -105620 | X23: 10428328 | Y23: 222409 | Z23: 22208 | AA23: 10672945 | AB23: -1283 | AC23: 27886 | AD23: 10699548 | AE23: 2380 | AF23: 168 | AG23: 10702096 | AH23: 137944 | AI23: 10840040 | AJ23: 67834 | AK23: 269312 | AL23: 11177186 | AP23: 11434320 | AQ23: 133276 | AR23: 32124 | AS23: 377615 | AT23: 11825729 | AU23: 162621 | AV23: 152738 | AW23: 100025 | AX23: 0 | AY23: 12241113 | BA23: 132024 | BB23: 128047 | BC23: 260740 | BE23: 12542772 | BG23: -10509 | BH23: 21304 | BI23: 12584841 | BJ23: 128337 | BK23: 12713628 | BL23: -329182 | BM23: -7707 | BN23: -25691 | BO23: -639935 | BP23: -1002515 | BQ23: 11711113 | BS23: 11598275 | BT23: 195332 | BU23: 4464 | BV23: 11798071 | BW23: 60749 | BX23: 35003 | BY23: 102000 | BZ23: 11995823 | CA23: 107096 | CB23: 72077 | CC23: 12174996 | CD23: 118260 | CE23: 64482 | CF23: 959357 | CG23: 13317095 | CH23: 121241 | CI23: 13438336 | CJ23: 1081302 | CK23: =SUM(CK8:CK22) -> 86893 | CL23: =CI23+CJ23+CK23 -> 14606531 | CM23: 0 | CN23: =SUM(CN8:CN22) -> 14606531 | CO23: =SUM(CO8:CO22) -> 551042 | CP23: =SUM(CP8:CP22) -> 15157573 | CQ23: =SUM(CQ8:CQ22) -> 680353.7 | CR23: =SUM(CR8:CR22) -> 17622811
A25: TOTAL | X25: 10428328 | Y25: 222409 | Z25: 22208 | AA25: 10672945 | AB25: -1283 | AC25: 27886 | AD25: 10699548 | AE25: 2380 | AF25: 168 | AG25: 10702096 | AH25: 137944 | AI25: 10840040 | AJ25: 67834 | AK25: 269312 | AL25: 11177186 | AP25: 11434320 | AQ25: 133276 | AR25: 32124 | AS25: 377615 | AT25: 11825729 | AU25: 162621 | AV25: 152738 | AW25: 100025 | AX25: 0 | AY25: 12241113 | CP25: *added IHCIF in to Recurring Base in 2023
AO26: adjustment 2010 | BS26: *New Tribes funding requests are processed in accordance with the IHM Part 6 Chapter 4, including specific calculations for residual funding request for both Area and HQ. All Newly Recognized Tribes who have received funding within the Nashville Area (Tonawanda, Tuscararora, Mashpee, Shinnecock) have also included additional residual totals consistent with IHM Part 6 Chapter 4. These figures are not included in the pre-FY2017 data above. Total amounts are added in to the total in FY2018 and will be included in reporting going forward.
AN27: 57072 | AO27: 57053 | AY27: 165400
AM28: 6600 | AO28: 57072
AO29: 19
BX32: This workbook shows only Area level funding.
V35: 1960292
V36: -1960292 | AA36: 10810899
AA37: -116638 | AU37: Onondaga | AV37: combined;
AA38: -21308 | AU38: Cayuga | AV38: -137946
AA39: 10672953
A40: NOTES: | AA40: 108177 | AU40: cert
A41: Tribally Assumed Area Shares Increase/Decrease FY'15 and 16 | AA41: 10781130 | BS41: The $4,464 is Pay cost.
AA42: 10781122
AA43: 8 | AJ43: 5449
AJ44: 29262
AJ45: 1008
AJ46: 884
AJ47: 2672
AJ48: 201
AJ49: 594
AJ50: 1325
AJ51: 2697
AJ52: 578
AJ53: 4276
AJ54: 48946
AJ55: -18888

Sheet H&C
B1: H&C
E2: 321333 | F2: =2470437+195160 -> 2665597
B3: =Dental!B3 -> FUNDING SOURCE: 75 23/24 0390
A4: LEVEL | B4: LOCATION | C4: BEGINNING BASE | E4: =Dental!E4 -> INFLATION INCREASE | F4: =Dental!F4 -> PAY COST INCREASE | G4: ENDING BASE
A5: TI | B5: Ala. Coushatta | C5: 1025628 | D5: =C5/$C$84 -> 0.011001838 | E5: =$E$2*D5 -> 3535.2537 | F5: 36129 | G5: =C5+E5+F5 -> 1065292.3
A6: TI | B6: Ala. Coushatta AS | C6: 65865 | D6: =C6/$C$84 -> 0.00070652915 | E6: =$E$2*D6 -> 227.03113 | F6: 1135 | G6: =C6+E6+F6 -> 67227.031
A7: TI | B7: Cayuga | C7: 57144 | D7: =C7/$C$84 -> 0.0006129796 | E7: =$E$2*D7 -> 196.97058 | F7: 2014 | G7: =C7+E7+F7 -> 59354.971
A8: TI | B8: Cayuga AS | C8: 20768 | D8: =C8/$C$84 -> 0.00022277685 | E8: =$E$2*D8 -> 71.585554 | F8: 358 | G8: =C8+E8+F8 -> 21197.586
A9: TV | B9: Cherokee | C9: 10811589 | D9: =C9/$C$84 -> 0.11597514 | E9: =$E$2*D9 -> 37266.641 | F9: 380849 | G9: =C9+E9+F9 -> 11229705
A10: TV | B10: Cherokee AS | C10: 852684 | D10: =C10/$C$84 -> 0.0091466803 | E10: =$E$2*D10 -> 2939.1302 | F10: 30037 | G10: =C10+E10+F10 -> 885660.13
A11: TV | B11: Chitimacha | C11: 237282 | D11: =C11/$C$84 -> 0.0025453071 | E11: =$E$2*D11 -> 817.89115 | F11: 8358 | G11: =C11+E11+F11 -> 246457.89
A12: TV | B12: Chitimacha AS | C12: 52558 | D12: =C12/$C$84 -> 0.00056378591 | E12: =$E$2*D12 -> 181.16302 | F12: 1851 | G12: =C12+E12+F12 -> 54590.163
A13: TV | B13: Choctaw | C13: 25268422 | D13: =C13/$C$84 -> 0.27105256 | E13: =$E$2*D13 -> 87098.131 | F13: 890106 | G13: =C13+E13+F13 -> 26245626
A14: TV | B14: Choctaw AS | C14: 717826 | D14: =C14/$C$84 -> 0.0077000682 | E14: =$E$2*D14 -> 2474.286 | F14: 25286 | G14: =C14+E14+F14 -> 745586.29
A15: TI | B15: Coushatta | C15: 448911 | D15: =C15/$C$84 -> 0.0048154362 | E15: =$E$2*D15 -> 1547.3586 | F15: 15813 | G15: =C15+E15+F15 -> 466271.36
A16: TI | B16: Coushatta AS | C16: 40784 | D16: =C16/$C$84 -> 0.00043748705 | E16: =$E$2*D16 -> 140.57903 | F16: 703 | G16: =C16+E16+F16 -> 41627.579
... A27: TI | B27: Oneida | C27: 2382496 | D27: =C27/$C$84 -> 0.025556864 | E27: =$E$2*D27 -> 8212.2639 | F27: 83926 | G27: =C27+E27+F27 -> 2474634.3
A28: TI | B28: Oneida AS | C28: 130702 | D28: =C28/$C$84 -> 0.001402031 | E28: =$E$2*D28+1 -> 451.51883 | F28: 2278 | G28: =C28+E28+F28 -> 133431.52
A29: TI | B29: PIT | C29: 1002795 | D29: =C29/$C$84 -> 0.01075691 | E29: =$E$2*D29 -> 3456.5503 | F29: 35324 | G29: =C29+E29+F29 -> 1041575.6
A30: TI | B30: PIT AS | C30: 86197 | D30: =C30/$C$84 -> 0.00092462906 | E30: =$E$2*D30 -> 297.11383 | F30: 1485 | G30: =C30+E30+F30 -> 87979.114
A31: TI | B31: PPP | C31: 1435164 | D31: =C31/$C$84 -> 0.015394902 | E31: =$E$2*D31 -> 4946.8899 | F31: 50555 | G31: =C31+E31+F31 -> 1490665.9
A32: TI | B32: PPP AS | C32: 115718 | D32: =C32/$C$84 -> 0.0012412987 | E32: =$E$2*D32 -> 398.87024 | F32: 1994 | G32: =C32+E32+F32 -> 118110.87
A33: TV | B33: Penobscot | C33: 1273073 | D33: =C33/$C$84 -> 0.013656163 | E33: =$E$2*D33 -> 4388.1759 | F33: 44845 | G33: =C33+E33+F33 -> 1322306.2
A34: TV | B34: Penobscot AS | C34: 256276 | D34: =C34/$C$84 -> 0.0027490543 | E34: =$E$2*D34 -> 883.36188 | F34: 9028 | G34: =C34+E34+F34 -> 266187.36
A35: TV | B35: Pequot | C35: 1114756 | D35: =C35/$C$84 -> 0.011957908 | E35: =$E$2*D35 -> 3842.4704 | F35: 39268 | G35: =C35+E35+F35 -> 1157866.5
A36: TV | B36: Pequot AS | C36: 61829 | D36: =C36/$C$84 -> 0.00066323527 | E36: =$E$2*D36 -> 213.11938 | F36: 1065 | G36: =C36+E36+F36 -> 63107.119
A37: TV | B37: Poarch Creek | C37: 1555169 | D37: =C37/$C$84 -> 0.016682187 | E37: =$E$2*D37 -> 5360.5371 | F37: 54782 | G37: =C37+E37+F37 -> 1615311.5
A38: TV | B38: Poarch Creek AS | C38: 165144 | D38: =C38/$C$84 -> 0.0017714879 | E38: =$E$2*D38 -> 569.23752 | F38: 5817 | G38: =C38+E38+F38 -> 171530.24
A39: TV | B39: Seminole | C39: 2415296 | D39: =C39/$C$84 -> 0.025908708 | E39: =$E$2*D39 -> 8325.3227 | F39: 85081 | G39: =C39+E39+F39 -> 2508702.3
A40: TV | B40: Seminole AS | C40: 314358 | D40: =C40/$C$84 -> 0.0033720958 | E40: =$E$2*D40 -> 1083.5657 | F40: 11074 | G40: =C40+E40+F40 -> 326515.57
... A51: SU | B51: Unity | C51: 156230 | D51: =C51/$C$84 -> 0.001675868 | E51: =$E$2*D51 -> 538.51171 | F51: 141 | G51: =C51+E51+F51 -> 156909.51
A52: SU | B52: Unity AS | C52: 0 | D52: =C52/$C$84 -> 0 | E52: =$E$2*D52 -> 0 | F52: =C52+E52 -> 0 | G52: =C52+E52+F52 -> 0
A53: SU | B53: Catawba | C53: 2478453 | D53: =C53/$C$84 -> 0.026586188 | E53: =$E$2*D53 -> 8543.0196 | F53: 36360 | G53: =C53+E53+F53 -> 2523356
A54: SU | B54: Catawba AS | C54: 111149 | D54: =C54/$C$84 -> 0.0011922874 | E54: =$E$2*D54 -> 383.12128 | F54: 1915 | G54: =C54+E54+F54 -> 113447.12
A55: SU | B55: Onondaga | C55: 546300 | D55: =C55/$C$84 -> 0.0058601211 | E55: =$E$2*D55 -> 1883.0503 | F55: 3296 | G55: =C55+E55+F55 -> 551479.05
A56: SU | B56: Onondaga AS | C56: 113683 | D56: =C56/$C$84 -> 0.0012194694 | E56: =$E$2*D56 -> 391.85577 | F56: 1959 | G56: =C56+E56+F56 -> 116033.86
A57: TI | B57: USET | C57: 460083 | D57: =C57/$C$84 -> 0.0049352775 | E57: =$E$2*D57 -> 1585.8675 | F57: 16207 | G57: =C57+E57+F57 -> 477875.87
A58: TI | B58: USET AS | C58: 0 | D58: =C58/$C$84 -> 0 | E58: =$E$2*D58 -> 0 | F58: 0 | G58: =C58+E58+F58 -> 0
A59: SU | B59: Mashpee | C59: 1656198 | D59: =C59/$C$84 -> 0.017765918 | E59: =$E$2*D59 -> 5708.7756 | F59: 14591 | G59: =C59+E59+F59 -> 1676497.8
A60: SU | B60: Mashpee AS | C60: 205265 | D60: =C60/$C$84 -> 0.002201863 | E60: =$E$2*D60 -> 707.53124 | F60: 3536 | G60: =C60+E60+F60 -> 209508.53
A61: SU | B61: Tuscarora | C61: 1117186 | D61: =C61/$C$84 -> 0.011983974 | E61: =$E$2*D61 -> 3850.8464 | F61: 8212 | G61: =C61+E61+F61 -> 1129248.8
A62: SU | B62: Tuscarora AS | C62: 139915 | D62: =C62/$C$84 -> 0.0015008582 | E62: =$E$2*D62 -> 482.27527 | F62: 2410 | G62: =C62+E62+F62 -> 142807.28
A63: SU | B63: Shinnecock | C63: 1116533 | D63: =C63/$C$84 -> 0.01197697 | E63: =$E$2*D63 -> 3848.5956 | F63: 4715 | G63: =C63+E63+F63 -> 1125096.6
A64: SU | B64: Shinnecock AS | C64: 228774 | D64: =C64/$C$84 -> 0.0024540424 | E64: =$E$2*D64 -> 788.56479 | F64: 3941 | G64: =C64+E64+F64 -> 233503.56
... A82: AO | B82: PCS | C82: 67915 | D82: =C82/$C$84 -> 0.00072851935 | E82: =$E$2*D82 -> 234.09731 | F82: 1170 | G82: =C82+E82+F82 -> 69319.097
A83: AO | B83: Residual | C83: 1274025 | D83: =C83/$C$84 -> 0.013666375 | E83: =$E$2*D83+1 -> 4392.4573 | F83: 21949 | G83: =C83+E83+F83 -> 1300366.5
B84: Total Recurring | C84: =SUM(C5:C83) -> 93223330 | D84: =SUM(D5:D83) -> 1 | E84: =SUM(E5:E83)-2 -> 321333 | F84: =SUM(F5:F83) -> 2665597 | G84: =SUM(G5:G83)-2 -> 96210260 | H84: =G82+G81+G80+G78+G76+G74+G72+G70+G68+G66+G64+G62+G60+G56+G54+G50+G48+G46+G44+G42+G40+G38+G36+G34+G32+G30+G28+G26+G24+G22+G20+G18+G16+G14+G12+G10+G8+G6+G83 -> 8437325.6

Sheet Dental
B1: DENTAL
E2: 17783 | F2: =14157+175532 -> 189689
B3: FUNDING SOURCE: 75 23/24 0390
A4: LEVEL | B4: LOCATION | C4: BEGINNING BASE | E4: INFLATION INCREASE | F4: PAY COST INCREASE | G4: ENDING BASE
A5: TI | B5: Ala. Coushatta | C5: 9125 | D5: =C5/$C$84 -> 0.0013623348 | E5: =$E$2*D5 -> 24.226399 | F5: 267 | G5: =C5+E5+F5 -> 9416.2264
A6: TI | B6: Ala. Coushatta AS | C6: 5626 | D6: =C6/$C$84 -> 0.0008399447 | E6: =$E$2*D6 -> 14.936737 | F6: 368 | G6: =C6+E6+F6 -> 6008.9367
A7: TI | B7: Cayuga | C7: 843 | D7: =C7/$C$84 -> 0.00012585734 | E7: =$E$2*D7+1 -> 3.238121 | F7: 25 | G7: =C7+E7+F7 -> 871.23812
A8: TI | B8: Cayuga AS | C8: 0 | D8: =C8/$C$84 -> 0 | E8: =$E$2*D8 -> 0 | F8: 0 | G8: =C8+E8+F8 -> 0
A9: TV | B9: Cherokee | C9: 925284 | D9: =C9/$C$84 -> 0.13814209 | E9: =$E$2*D9 -> 2456.5808 | F9: 27087 | G9: =C9+E9+F9 -> 954827.58
A10: TV | B10: Cherokee AS | C10: 55881 | D10: =C10/$C$84 -> 0.0083428635 | E10: =$E$2*D10 -> 148.36114 | F10: 1636 | G10: =C10+E10+F10 -> 57665.361
A11: TV | B11: Chitimacha | C11: 10069 | D11: =C11/$C$84 -> 0.0015032711 | E11: =$E$2*D11 -> 26.73267 | F11: 295 | G11: =C11+E11+F11 -> 10390.733
A12: TV | B12: Chitimacha AS | C12: 3450 | D12: =C12/$C$84 -> 0.00051507451 | E12: =$E$2*D12 -> 9.1595701 | F12: 101 | G12: =C12+E12+F12 -> 3560.1596
A13: TV | B13: Choctaw | C13: 4006833 | D13: =C13/$C$84 -> 0.59820799 | E13: =$E$2*D13 -> 10637.933 | F13: 117300 | G13: =C13+E13+F13 -> 4134770.9
A14: TV | B14: Choctaw AS | C14: 47194 | D14: =C14/$C$84 -> 0.0070459208 | E14: =$E$2*D14 -> 125.29761 | F14: 1382 | G14: =C14+E14+F14 -> 48701.298
A15: TI | B15: Coushatta | C15: 4004 | D15: =C15/$C$84 -> 0.00059778503 | E15: =$E$2*D15 -> 10.630411 | F15: 117 | G15: =C15+E15+F15 -> 4131.6304
A16: TI | B16: Coushatta AS | C16: 3483 | D16: =C16/$C$84 -> 0.00052000131 | E16: =$E$2*D16 -> 9.2471834 | F16: 228 | G16: =C16+E16+F16 -> 3720.2472
A17: TI | B17: Jena Band | C17: 1186 | D17: =C17/$C$84 -> 0.0001770662 | E17: =$E$2*D17+1 -> 4.1487682 | F17: 35 | G17: =C17+E17+F17 -> 1225.1488
A18: TI | B18: Jena Band AS | C18: 1052 | D18: =C18/$C$84 -> 0.0001570604 | E18: =$E$2*D18 -> 2.7930051 | F18: 69 | G18: =C18+E18+F18 -> 1123.793
A19: TI | B19: Maliseets | C19: 3653 | D19: =C19/$C$84 -> 0.0005453818 | E19: =$E$2*D19 -> 9.6985245 | F19: 107 | G19: =C19+E19+F19 -> 3769.6985
A20: TI | B20: Maliseets AS | C20: 4374 | D20: =C20/$C$84 -> 0.00065302491 | E20: =$E$2*D20 -> 11.612742 | F20: 286 | G20: =C20+E20+F20 -> 4671.6127
A21: TI | B21: Miccosukee | C21: 7689 | D21: =C21/$C$84 -> 0.0011479443 | E21: =$E$2*D21 -> 20.413894 | F21: 225 | G21: =C21+E21+F21 -> 7934.4139
A22: TI | B22: Miccosukee AS | C22: 6456 | D22: =C22/$C$84 -> 0.00096386118 | E22: =$E$2*D22 -> 17.140343 | F22: 422 | G22: =C22+E22+F22 -> 6895.1403
A23: TV | B23: Mohegan | C23: 9582 | D23: =C23/$C$84 -> 0.0014305635 | E23: =$E$2*D23 -> 25.43971 | F23: 281 | G23: =C23+E23+F23 -> 9888.4397
A24: TV | B24: Mohegan AS | C24: 6339 | D24: =C24/$C$84 -> 0.00094639343 | E24: =$E$2*D24 -> 16.829714 | F24: 186 | G24: =C24+E24+F24 -> 6541.8297
A25: TI | B25: Narragansett | C25: 5821 | D25: =C25/$C$84 -> 0.00086905761 | E25: =$E$2*D25 -> 15.454451 | F25: 170 | G25: =C25+E25+F25 -> 6006.4545
A26: TI | B26: Narragansett AS | C26: 6399 | D26: =C26/$C$84 -> 0.00095535125 | E26: =$E$2*D26 -> 16.989011 | F26: 419 | G26: =C26+E26+F26 -> 6834.989
A27: TI | B27: Oneida | C27: 124149 | D27: =C27/$C$84 -> 0.018535068 | E27: =$E$2*D27 -> 329.60912 | F27: 3634 | G27: =C27+E27+F27 -> 128112.61
A28: TI | B28: Oneida AS | C28: 11163 | D28: =C28/$C$84 -> 0.001666602 | E28: =$E$2*D28 -> 29.637183 | F28: 730 | G28: =C28+E28+F28 -> 11922.637
A29: TI | B29: PIT | C29: 83163 | D29: =C29/$C$84 -> 0.012415983 | E29: =$E$2*D29 -> 220.79343 | F29: 2435 | G29: =C29+E29+F29 -> 85818.793
... A50: TV | B50: Aquinnah AS | C50: 2357 | D50: =C50/$C$84 -> 0.00035189294 | E50: =$E$2*D50 -> 6.2577121 | F50: 69 | G50: =C50+E50+F50 -> 2432.2577
A51: SU | B51: Unity | C51: 0 | D51: =C51/$C$84 -> 0 | E51: =$E$2*D51 -> 0
A52: SU | B52: Unity AS | C52: 0 | D52: =C52/$C$84 -> 0 | E52: =$E$2*D52 -> 0
A53: SU | B53: Catawba | C53: 9793 | D53: =C53/$C$84 -> 0.0014620651 | E53: =$E$2*D53 -> 25.999904 | F53: 56 | G53: =C53+E53+F53 -> 9874.9999
A54: SU | B54: Catawba AS | C54: 9493 | D54: =C54/$C$84 -> 0.001417276 | E54: =$E$2*D54 -> 25.20342 | F54: 621 | G54: =C54+E54+F54 -> 10139.203
A55: SU | B55: Onondaga | C55: 2849 | D55: =C55/$C$84 -> 0.00042534704 | E55: =$E$2*D55 -> 7.5639464 | F55: 0 | G55: =C55+E55+F55 -> 2856.5639
A56: SU | B56: Onondaga AS | C56: 0 | D56: =C56/$C$84 -> 0 | E56: =$E$2*D56 -> 0
A57: TI | B57: USET | C57: 0 | D57: =C57/$C$84 -> 0 | E57: =$E$2*D57 -> 0
A58: TI | B58: USET AS | C58: 0 | D58: =C58/$C$84 -> 0 | E58: =$E$2*D58 -> 0
A59: SU | B59: Mashpee | C59: 123230 | D59: =C59/$C$84 -> 0.018397864 | E59: =$E$2*D59 -> 327.16922 | F59: 2466 | G59: =C59+E59+F59 -> 126023.17
A60: SU | B60: Mashpee AS | C60: 12094 | D60: =C60/$C$84 -> 0.0018055974 | E60: =$E$2*D60 -> 32.108939 | F60: 791 | G60: =C60+E60+F60 -> 12917.109
A61: SU | B61: Tuscarora | C61: 85826 | D61: =C61/$C$84 -> 0.012813561 | E61: =$E$2*D61 -> 227.86355 | F61: 1697 | G61: =C61+E61+F61 -> 87750.864
A62: SU | B62: Tuscarora AS | C62: 8372 | D62: =C62/$C$84 -> 0.0012499142 | E62: =$E$2*D62 -> 22.227223 | F62: 548 | G62: =C62+E62+F62 -> 8942.2272
A63: SU | B63: Shinnecock | C63: 283173 | D63: =C63/$C$84 -> 0.042276868 | E63: =$E$2*D63 -> 751.80955 | F63: 0 | G63: =C63+E63+F63 -> 283924.81
A64: SU | B64: Shinnecock AS | C64: 32923 | D64: =C64/$C$84 -> 0.0049153038 | E64: =$E$2*D64 -> 87.408848 | F64: 2153 | G64: =C64+E64+F64 -> 35163.409
A65: SU | B65: Tonawanda | C65: 63770 | D65: =C65/$C$84 -> 0.0095206672 | E65: =$E$2*D65 -> 169.30602 | F65: 1207 | G65: =C65+E65+F65 -> 65146.306
A66: SU | B66: Tonawanda AS | C66: 7600 | D66: =C66/$C$84 -> 0.0011346569 | E66: =$E$2*D66 -> 20.177604 | F66: 497 | G66: =C66+E66+F66 -> 8117.1776
A67: SU | B67: Pamunkey | C67: 0 | D67: =C67/$C$84 -> 0 | E67: =$E$2*D67 -> 0
A68: SU | B68: Pamunkey AS | C68: 0 | D68: =C68/$C$84 -> 0 | E68: =$E$2*D68 -> 0
A69: SU | B69: Monacan | C69: 0 | D69: =C69/$C$84 -> 0 | E69: =$E$2*D69 -> 0
A70: SU | B70: Monacan AS | C70: 0 | D70: =C70/$C$84 -> 0 | E70: =$E$2*D70 -> 0
A71: SU | B71: Rappahannock | C71: 0 | D71: =C71/$C$84 -> 0 | E71: =$E$2*D71 -> 0
A72: SU | B72: Rappahannock AS | C72: 0 | D72: =C72/$C$84 -> 0 | E72: =$E$2*D72 -> 0
A73: SU | B73: Nansemond | C73: 0 | D73: =C73/$C$84 -> 0 | E73: =$E$2*D73 -> 0
A74: SU | B74: Nansemond AS | C74: 0 | D74: =C74/$C$84 -> 0 | E74: =$E$2*D74 -> 0
A75: TI | B75: Upper Mattaponi | C75: 0 | D75: =C75/$C$84 -> 0 | E75: =$E$2*D75 -> 0
A76: TI | B76: Upper Mattaponi AS | C76: 0 | D76: =C76/$C$84 -> 0 | E76: =$E$2*D76 -> 0
A77: SU | B77: Chickahominy-Eastern | C77: 0 | D77: =C77/$C$84 -> 0 | E77: =$E$2*D77 -> 0
A78: SU | B78: Chickahominy-Eastern AS | C78: 0 | D78: =C78/$C$84 -> 0 | E78: =$E$2*D78 -> 0
... A81: AO | B81: Assessments | C81: 0 | D81: =C81/$C$84 -> 0 | E81: =$E$2*D81 -> 0
A82: AO | B82: Area Shares | C82: =127534-127534 -> 0 | D82: =C82/$C$84 -> 0 | E82: =$E$2*D82 -> 0
A83: AO | B83: Residual | C83: 0 | D83: =C83/$C$84 -> 0 | E83: =$E$2*D83 -> 0
B84: Total Recurring | C84: =SUM(C5:C83) -> 6698060 | D84: =SUM(D5:D83) -> 1 | E84: =SUM(E5:E83)-2 -> 17783 | F84: =SUM(F5:F83) -> 189689 | G84: =SUBTOTAL(9,G5:G66)-2 -> 6905532

Sheet Mental
B1: MENTAL
E2: 7922 | F2: =55579+4602 -> 60181
B3: =Dental!B3 -> FUNDING SOURCE: 75 23/24 0390
A4: LEVEL | B4: LOCATION | C4: BEGINNING BASE | E4: =Dental!E4 -> INFLATION INCREASE | F4: =Dental!F4 -> PAY COST INCREASE | G4: ENDING BASE
A5: TI | B5: Ala. Coushatta | C5: 3802 | D5: =C5/$C$86 -> 0.0014153913 | E5: =$E$2*D5 -> 11.21273 | F5: 89 | G5: =C5+E5+F5 -> 3902.2127
A6: TI | B6: Ala. Coushatta AS | C6: 4303 | D6: =C6/$C$86 -> 0.0016019013 | E6: =$E$2*D6 -> 12.690262 | F6: 167 | G6: =C6+E6+F6 -> 4482.6903
A7: TI | B7: Cayuga | C7: 393 | D7: =C7/$C$86 -> 0.00014630425 | E7: =$E$2*D7 -> 1.1590223 | F7: 10 | G7: =C7+E7+F7 -> 404.15902
A8: TI | B8: Cayuga AS | C8: 0 | D8: =C8/$C$86 -> 0 | E8: =$E$2*D8 -> 0 | F8: =C8+E8 -> 0
A9: TV | B9: Cherokee | C9: 413141 | D9: =C9/$C$86 -> 0.15380225 | E9: =$E$2*D9 -> 1218.4215 | F9: 9693 | G9: =C9+E9+F9 -> 424052.42
A10: TV | B10: Cherokee AS | C10: 39959 | D10: =C10/$C$86 -> 0.014875755 | E10: =$E$2*D10 -> 117.84573 | F10: 937 | G10: =C10+E10+F10 -> 41013.846
A11: TV | B11: Chitimacha | C11: 17399 | D11: =C11/$C$86 -> 0.0064772207 | E11: =$E$2*D11 -> 51.312542 | F11: 408 | G11: =C11+E11+F11 -> 17858.313
A12: TV | B12: Chitimacha AS | C12: 2468 | D12: =C12/$C$86 -> 0.00091877582 | E12: =$E$2*D12 -> 7.2785421 | F12: 58 | G12: =C12+E12+F12 -> 2533.2785
A13: TV | B13: Choctaw | C13: 960582 | D13: =C13/$C$86 -> 0.3576011 | E13: =$E$2*D13-1 -> 2831.9159 | F13: 22536 | G13: =C13+E13+F13 -> 985949.92
A14: TV | B14: Choctaw AS | C14: 33749 | D14: =C14/$C$86 -> 0.012563924 | E14: =$E$2*D14 -> 99.531409 | F14: 792 | G14: =C14+E14+F14 -> 34640.531
A15: TI | B15: Coushatta | C15: 35019 | D15: =C15/$C$86 -> 0.013036714 | E15: =$E$2*D15 -> 103.27685 | F15: 822 | G15: =C15+E15+F15 -> 35944.277
A16: TI | B16: Coushatta AS | C16: 2664 | D16: =C16/$C$86 -> 0.00099174181 | E16: =$E$2*D16 -> 7.8565786 | F16: 104 | G16: =C16+E16+F16 -> 2775.8566
A17: TI | B17: Jena Band | C17: 954 | D17: =C17/$C$86 -> 0.00035515078 | E17: =$E$2*D17 -> 2.8135045 | F17: 22 | G17: =C17+E17+F17 -> 978.8135
A18: TI | B18: Jena Band AS | C18: 804 | D18: =C18/$C$86 -> 0.00029930947 | E18: =$E$2*D18 -> 2.3711296 | F18: 31 | G18: =C18+E18+F18 -> 837.37113
A19: TI | B19: Maliseets | C19: 20180 | D19: =C19/$C$86 -> 0.0075125187 | E19: =$E$2*D19 -> 59.514173 | F19: 473 | G19: =C19+E19+F19 -> 20712.514
A20: TI | B20: Maliseets AS | C20: 3344 | D20: =C20/$C$86 -> 0.0012448891 | E20: =$E$2*D20 -> 9.8620116 | F20: 130 | G20: =C20+E20+F20 -> 3483.862
A21: TI | B21: Miccosukee | C21: 91617 | D21: =C21/$C$86 -> 0.03410676 | E21: =$E$2*D21 -> 270.19376 | F21: 2149 | G21: =C21+E21+F21 -> 94036.194
A22: TI | B22: Miccosukee AS | C22: 4938 | D22: =C22/$C$86 -> 0.0018382962 | E22: =$E$2*D22 -> 14.562982 | F22: 192 | G22: =C22+E22+F22 -> 5144.563
A23: TV | B23: Mohegan | C23: 4903 | D23: =C23/$C$86 -> 0.0018252666 | E23: =$E$2*D23 -> 14.459762 | F23: 115 | G23: =C23+E23+F23 -> 5032.4598
A24: TV | B24: Mohegan AS | C24: 4535 | D24: =C24/$C$86 -> 0.0016882692 | E24: =$E$2*D24 -> 13.374469 | F24: 106 | G24: =C24+E24+F24 -> 4654.3745
A25: TI | B25: Narragansett | C25: 3137 | D25: =C25/$C$86 -> 0.0011678281 | E25: =$E$2*D25 -> 9.2515342 | F25: 74 | G25: =C25+E25+F25 -> 3220.2515
... A51: SU | B51: Unity | C51: 353 | D51: =C51/$C$86 -> 0.00013141324 | E51: =$E$2*D51 -> 1.0410557 | F51: 0 | G51: =C51+E51+F51 -> 354.04106
A52: SU | B52: Unity AS | C52: 0 | D52: =C52/$C$86 -> 0 | E52: =$E$2*D52 -> 0 | F52: =C52+E52 -> 0
A53: SU | B53: Catawba | C53: 5227 | D53: =C53/$C$86 -> 0.0019458838 | E53: =$E$2*D53 -> 15.415292 | F53: 114 | G53: =C53+E53+F53 -> 5356.4153
A54: SU | B54: Catawba AS | C54: 7261 | D54: =C54/$C$86 -> 0.0027030921 | E54: =$E$2*D54 -> 21.413895 | F54: 282 | G54: =C54+E54+F54 -> 7564.4139
A55: SU | B55: Onondaga | C55: 1360 | D55: =C55/$C$86 -> 0.00050629462 | E55: =$E$2*D55 -> 4.010866 | F55: 0 | G55: =C55+E55+F55 -> 1364.0109
A56: SU | B56: Onondaga AS | C56: 0 | D56: =C56/$C$86 -> 0 | E56: =$E$2*D56 -> 0 | F56: =C56+E56 -> 0
A57: TI | B57: USET | C57: 0 | D57: =C57/$C$86 -> 0 | E57: =$E$2*D57 -> 0 | F57: =C57+E57 -> 0
A58: TI | B58: USET AS | C58: 0 | D58: =C58/$C$86 -> 0 | E58: =$E$2*D58 -> 0 | F58: =C58+E58 -> 0
A59: SU | B59: Mashpee | C59: 57486 | D59: =C59/$C$86 -> 0.021400627 | E59: =$E$2*D59 -> 169.53577 | F59: 1320 | G59: =C59+E59+F59 -> 58975.536
A60: SU | B60: Mashpee AS | C60: 5988 | D60: =C60/$C$86 -> 0.0022291854 | E60: =$E$2*D60 -> 17.659607 | F60: 233 | G60: =C60+E60+F60 -> 6238.6596
A61: SU | B61: Tuscarora | C61: 39962 | D61: =C61/$C$86 -> 0.014876872 | E61: =$E$2*D61 -> 117.85458 | F61: 0 | G61: =C61+E61+F61 -> 40079.855
A62: SU | B62: Tuscarora AS | C62: 4146 | D62: =C62/$C$86 -> 0.001543454 | E62: =$E$2*D62 -> 12.227243 | F62: 161 | G62: =C62+E62+F62 -> 4319.2272
A63: SU | B63: Shinnecock | C63: 97002 | D63: =C63/$C$86 -> 0.036111464 | E63: =$E$2*D63 -> 286.07502 | F63: 0 | G63: =C63+E63+F63 -> 97288.075
A64: SU | B64: Shinnecock AS | C64: 11926 | D64: =C64/$C$86 -> 0.0044397571 | E64: =$E$2*D64 -> 35.171756 | F64: 464 | G64: =C64+E64+F64 -> 12425.172
A65: SU | B65: Tonawanda | C65: 34278 | D65: =C65/$C$86 -> 0.012760858 | E65: =$E$2*D65 -> 101.09152 | F65: 0 | G65: =C65+E65+F65 -> 34379.092
A66: SU | B66: Tonawanda AS | C66: 3976 | D66: =C66/$C$86 -> 0.0014801672 | E66: =$E$2*D66 -> 11.725885 | F66: 155 | G66: =C66+E66+F66 -> 4142.7259
A67: SU | B67: Pamunkey | C67: 0 | D67: =C67/$C$86 -> 0 | E67: =$E$2*D67 -> 0 | F67: =C67+E67 -> 0
A68: SU | B68: Pamunkey AS | C68: 0 | D68: =C68/$C$86 -> 0 | E68: =$E$2*D68 -> 0 | F68: =C68+E68 -> 0
A69: SU | B69: Monacan | C69: 0 | D69: =C69/$C$86 -> 0 | E69: =$E$2*D69 -> 0 | F69: =C69+E69 -> 0
A70: SU | B70: Monacan AS | C70: 0 | D70: =C70/$C$86 -> 0 | E70: =$E$2*D70 -> 0 | F70: =C70+E70 -> 0
A71: SU | B71: Rappahannock | C71: 0 | D71: =C71/$C$86 -> 0 | E71: =$E$2*D71 -> 0 | F71: =C71+E71 -> 0
A72: SU | B72: Rappahannock AS | C72: 0 | D72: =C72/$C$86 -> 0 | E72: =$E$2*D72 -> 0 | F72: =C72+E72 -> 0
A73: SU | B73: Nansemond | C73: 0 | D73: =C73/$C$86 -> 0 | E73: =$E$2*D73 -> 0 | F73: =C73+E73 -> 0
A74: SU | B74: Nansemond AS | C74: 0 | D74: =C74/$C$86 -> 0 | E74: =$E$2*D74 -> 0 | F74: =C74+E74 -> 0
A75: TI | B75: Upper Mattaponi | C75: 0 | D75: =C75/$C$86 -> 0 | E75: =$E$2*D75 -> 0 | F75: =C75+E75 -> 0
A76: TI | B76: Upper Mattaponi AS | C76: 0 | D76: =C76/$C$86 -> 0 | E76: =$E$2*D76 -> 0 | F76: =C76+E76 -> 0
A77: SU | B77: Chickahominy-Eastern | C77: 0 | D77: =C77/$C$86 -> 0 | E77: =$E$2*D77 -> 0 | F77: =C77+E77 -> 0
A78: SU | B78: Chickahominy-Eastern AS | C78: 0 | D78: =C78/$C$86 -> 0 | E78: =$E$2*D78 -> 0 | F78: =C78+E78 -> 0
... A81: AO | B81: Assessments | C81: 0 | D81: =C81/$C$86 -> 0 | E81: =$E$2*D81 -> 0 | F81: =C81+E81 -> 0
A82: AO | B82: Area Shares | C82: =79913-79913 -> 0 | D82: =C82/$C$86 -> 0 | E82: =$E$2*D82 -> 0 | F82: =C82+E82 -> 0
A83: AO | B83: Residual | C83: 0 | D83: =C83/$C$86 -> 0 | E83: =$E$2*D83 -> 0 | F83: =C83+E83 -> 0
A84: UIO | B84: Lifelines - NOT AS | C84: 698 | D84: =C84/$C$86 -> 0.00025984827 | E84: =$E$2*D84 -> 2.058518 | F84: 16 | G84: =C84+E84+F84 -> 716.05852
A85: UIO | B85: NYIC - NOT AS | C85: 362 | D85: =C85/$C$86 -> 0.00013476371 | E85: =$E$2*D85 -> 1.0675981 | F85: 9 | G85: =C85+E85+F85 -> 372.0676
B86: Total Recurring | C86: =SUBTOTAL(9,C5:C85) -> 2686183 | D86: =SUBTOTAL(9,D5:D85) -> 1 | E86: =SUBTOTAL(9,E5:E85)+1 -> 7922 | F86: =SUBTOTAL(9,F5:F85) -> 60181 | G86: =SUBTOTAL(9,G5:G85)+1 -> 2754286

Sheet Alcohol
B1: ALCOHOL
E2: 35844 | F2: =74438+132354 -> 206792
B3: =Dental!B3 -> FUNDING SOURCE: 75 23/24 0390
A4: LEVEL | B4: LOCATION | C4: BEGINNING BASE | E4: =Dental!E4 -> INFLATION INCREASE | F4: =Dental!F4 -> PAY COST INCREASE | G4: ENDING BASE
A5: TI | B5: Ala. Coushatta | C5: 94780 | D5: =C5/$C$86 -> 0.0097811239 | E5: =$E$2*D5 -> 350.5946 | F5: 1855 | G5: =C5+E5+F5 -> 96985.595
A6: TI | B6: Ala. Coushatta AS | C6: 9992 | D6: =C6/$C$86 -> 0.0010311563 | E6: =$E$2*D6 -> 36.960765 | F6: 1179 | G6: =C6+E6+F6 -> 11207.961
A7: TI | B7: Cayuga | C7: 1008 | D7: =C7/$C$86 -> 0.00010402377 | E7: =$E$2*D7 -> 3.728628 | F7: 21 | G7: =C7+E7+F7 -> 1032.7286
A8: TI | B8: Cayuga AS | C8: 0 | D8: =C8/$C$86 -> 0 | E8: =$E$2*D8 -> 0 | F8: =C8+E8 -> 0 | G8: =C8+E8+F8 -> 0
A9: TV | B9: Cherokee | C9: 841079 | D9: =C9/$C$86 -> 0.086797825 | E9: =$E$2*D9-1 -> 3110.1813 | F9: 16459 | G9: =C9+E9+F9 -> 860648.18
A10: TV | B10: Cherokee AS | C10: 111959 | D10: =C10/$C$86 -> 0.011553965 | E10: =$E$2*D10 -> 414.14034 | F10: 2191 | G10: =C10+E10+F10 -> 114564.14
A11: TV | B11: Chitimacha | C11: 171928 | D11: =C11/$C$86 -> 0.017742657 | E11: =$E$2*D11 -> 635.96781 | F11: 3364 | G11: =C11+E11+F11 -> 175927.97
A12: TV | B12: Chitimacha AS | C12: 6915 | D12: =C12/$C$86 -> 0.00071361544 | E12: =$E$2*D12 -> 25.578832 | F12: 135 | G12: =C12+E12+F12 -> 7075.5788
A13: TV | B13: Choctaw | C13: 788386 | D13: =C13/$C$86 -> 0.081360003 | E13: =$E$2*D13 -> 2916.268 | F13: 15428 | G13: =C13+E13+F13 -> 806730.27
A14: TV | B14: Choctaw AS | C14: 94556 | D14: =C14/$C$86 -> 0.0097580075 | E14: =$E$2*D14 -> 349.76602 | F14: 1850 | G14: =C14+E14+F14 -> 96755.766
A15: TI | B15: Coushatta | C15: 77836 | D15: =C15/$C$86 -> 0.0080325338 | E15: =$E$2*D15 -> 287.91814 | F15: 1523 | G15: =C15+E15+F15 -> 79646.918
A16: TI | B16: Coushatta AS | C16: 6187 | D16: =C16/$C$86 -> 0.00063848716 | E16: =$E$2*D16 -> 22.885934 | F16: 730 | G16: =C16+E16+F16 -> 6939.8859
A17: TI | B17: Jena Band | C17: 2877 | D17: =C17/$C$86 -> 0.00029690118 | E17: =$E$2*D17 -> 10.642126 | F17: 56 | G17: =C17+E17+F17 -> 2943.6421
A18: TI | B18: Jena Band AS | C18: 1868 | D18: =C18/$C$86 -> 0.00019277421 | E18: =$E$2*D18 -> 6.9097987 | F18: 220 | G18: =C18+E18+F18 -> 2094.9098
A19: TI | B19: Maliseets | C19: 212688 | D19: =C19/$C$86 -> 0.021949015 | E19: =$E$2*D19 -> 786.74051 | F19: 4162 | G19: =C19+E19+F19 -> 217636.74
A20: TI | B20: Maliseets AS | C20: 7766 | D20: =C20/$C$86 -> 0.0008014371 | E20: =$E$2*D20 -> 28.726711 | F20: 916 | G20: =C20+E20+F20 -> 8710.7267
A21: TI | B21: Miccosukee | C21: 228604 | D21: =C21/$C$86 -> 0.023591518 | E21: =$E$2*D21 -> 845.61436 | F21: 4474 | G21: =C21+E21+F21 -> 233923.61
... A50: TV | B50: Aquinnah AS | C50: 4725 | D50: =C50/$C$86 -> 0.00048761142 | E50: =$E$2*D50 -> 17.477944 | F50: 92 | G50: =C50+E50+F50 -> 4834.4779
A51: SU | B51: Unity | C51: 2295961 | D51: =C51/$C$86 -> 0.23693901 | E51: =$E$2*D51-1 -> 8491.8417 | F51: 47577 | G51: =C51+E51+F51 -> 2352029.8
A52: SU | B52: Unity AS | C52: 0 | D52: =C52/$C$86 -> 0 | E52: =$E$2*D52 -> 0 | F52: =C52+E52 -> 0 | G52: =C52+E52+F52 -> 0
A53: SU | B53: Catawba | C53: 24994 | D53: =C53/$C$86 -> 0.0025793354 | E53: =$E$2*D53 -> 92.453698 | F53: 1470 | G53: =C53+E53+F53 -> 26556.454
A54: SU | B54: Catawba AS | C54: 16861 | D54: =C54/$C$86 -> 0.0017400246 | E54: =$E$2*D54 -> 62.369441 | F54: 1989 | G54: =C54+E54+F54 -> 18912.369
A55: SU | B55: Onondaga | C55: 3487 | D55: =C55/$C$86 -> 0.00035985207 | E55: =$E$2*D55 -> 12.898538 | F55: 0 | G55: =C55+E55+F55 -> 3499.8985
A56: SU | B56: Onondaga AS | C56: 0 | D56: =C56/$C$86 -> 0 | E56: =$E$2*D56 -> 0 | F56: =C56+E56 -> 0 | G56: =C56+E56+F56 -> 0
A57: TI | B57: USET | C57: 0 | D57: =C57/$C$86 -> 0 | E57: =$E$2*D57 -> 0 | F57: =C57+E57 -> 0 | G57: =C57+E57+F57 -> 0
A58: TI | B58: USET AS | C58: 0 | D58: =C58/$C$86 -> 0 | E58: =$E$2*D58 -> 0 | F58: =C58+E58 -> 0 | G58: =C58+E58+F58 -> 0
A59: SU | B59: Mashpee | C59: 161452 | D59: =C59/$C$86 -> 0.016661553 | E59: =$E$2*D59 -> 597.21671 | F59: 5509 | G59: =C59+E59+F59 -> 167558.22
A60: SU | B60: Mashpee AS | C60: 13699 | D60: =C60/$C$86 -> 0.0014137119 | E60: =$E$2*D60 -> 50.67309 | F60: 1616 | G60: =C60+E60+F60 -> 15365.673
A61: SU | B61: Tuscarora | C61: 110785 | D61: =C61/$C$86 -> 0.011432811 | E61: =$E$2*D61 -> 409.79767 | F61: 0 | G61: =C61+E61+F61 -> 111194.8
A62: SU | B62: Tuscarora AS | C62: 9482 | D62: =C62/$C$86 -> 0.00097852518 | E62: =$E$2*D62 -> 35.074257 | F62: 1119 | G62: =C62+E62+F62 -> 10636.074
A63: SU | B63: Shinnecock | C63: 98449 | D63: =C63/$C$86 -> 0.010159758 | E63: =$E$2*D63 -> 364.16637 | F63: 0 | G63: =C63+E63+F63 -> 98813.166
A64: SU | B64: Shinnecock AS | C64: 9972 | D64: =C64/$C$86 -> 0.0010290923 | E64: =$E$2*D64 -> 36.886784 | F64: 1176 | G64: =C64+E64+F64 -> 11184.887
A65: SU | B65: Tonawanda | C65: 62905 | D65: =C65/$C$86 -> 0.0064916818 | E65: =$E$2*D65 -> 232.68784 | F65: 0 | G65: =C65+E65+F65 -> 63137.688
A66: SU | B66: Tonawanda AS | C66: 6648 | D66: =C66/$C$86 -> 0.00068606153 | E66: =$E$2*D66 -> 24.591189 | F66: 784 | G66: =C66+E66+F66 -> 7456.5912
A67: SU | B67: Pamunkey | C67: 0 | D67: =C67/$C$86 -> 0 | E67: =$E$2*D67 -> 0 | F67: =C67+E67 -> 0 | G67: =C67+E67+F67 -> 0
A68: SU | B68: Pamunkey AS | C68: 0 | D68: =C68/$C$86 -> 0 | E68: =$E$2*D68 -> 0 | F68: =C68+E68 -> 0 | G68: =C68+E68+F68 -> 0
A69: SU | B69: Monacan | C69: 0 | D69: =C69/$C$86 -> 0 | E69: =$E$2*D69 -> 0 | F69: =C69+E69 -> 0 | G69: =C69+E69+F69 -> 0
A70: SU | B70: Monacan AS | C70: 0 | D70: =C70/$C$86 -> 0 | E70: =$E$2*D70 -> 0 | F70: =C70+E70 -> 0 | G70: =C70+E70+F70 -> 0
A71: SU | B71: Rappahannock | C71: 0 | D71: =C71/$C$86 -> 0 | E71: =$E$2*D71 -> 0 | F71: =C71+E71 -> 0 | G71: =C71+E71+F71 -> 0
A72: SU | B72: Rappahannock AS | C72: 0 | D72: =C72/$C$86 -> 0 | E72: =$E$2*D72 -> 0 | F72: =C72+E72 -> 0 | G72: =C72+E72+F72 -> 0
A73: SU | B73: Nansemond | C73: 0 | D73: =C73/$C$86 -> 0 | E73: =$E$2*D73 -> 0 | F73: =C73+E73 -> 0 | G73: =C73+E73+F73 -> 0
A74: SU | B74: Nansemond AS | C74: 0 | D74: =C74/$C$86 -> 0 | E74: =$E$2*D74 -> 0 | F74: =C74+E74 -> 0 | G74: =C74+E74+F74 -> 0
A75: TI | B75: Upper Mattaponi | C75: 0 | D75: =C75/$C$86 -> 0 | E75: =$E$2*D75 -> 0 | F75: =C75+E75 -> 0 | G75: =C75+E75+F75 -> 0
A76: TI | B76: Upper Mattaponi AS | C76: 0 | D76: =C76/$C$86 -> 0 | E76: =$E$2*D76 -> 0 | F76: =C76+E76 -> 0 | G76: =C76+E76+F76 -> 0
A77: SU | B77: Chickahominy-Eastern | C77: 0 | D77: =C77/$C$86 -> 0 | E77: =$E$2*D77 -> 0 | F77: =C77+E77 -> 0 | G77: =C77+E77+F77 -> 0
A78: SU | B78: Chickahominy-Eastern AS | C78: 0 | D78: =C78/$C$86 -> 0 | E78: =$E$2*D78 -> 0 | F78: =C78+E78 -> 0 | G78: =C78+E78+F78 -> 0
... A81: AO | B81: Assessments | C81: 0 | D81: =C81/$C$86 -> 0 | E81: =$E$2*D81 -> 0 | F81: =C81+E81 -> 0 | G81: =C81+E81+F81 -> 0
A82: AO | B82: Area Shares | C82: =163085-163085 -> 0 | D82: =C82/$C$86 -> 0 | E82: =$E$2*D82 -> 0 | F82: =C82+E82 -> 0 | G82: =C82+E82+F82 -> 0
A83: AO | B83: Residual | C83: 0 | D83: =C83/$C$86 -> 0 | E83: =$E$2*D83 -> 0 | F83: =C83+E83 -> 0 | G83: =C83+E83+F83 -> 0
A84: UIO | B84: Lifelines -NOT AS | C84: 367683 | D84: =C84/$C$86 -> 0.037944218 | E84: =$E$2*D84 -> 1360.0725 | F84: 7195 | G84: =C84+E84+F84 -> 376238.07
A85: UIO | B85: NYIC - NOT AS | C85: 25978 | D85: =C85/$C$86 -> 0.0026808824 | E85: =$E$2*D85 -> 96.09355 | F85: 508 | G85: =C85+E85+F85 -> 26582.094
B86: Total Recurring | C86: =SUM(C5:C85) -> 9690093 | D86: =SUM(D5:D85) -> 1 | E86: =SUM(E5:E85)+2 -> 35844 | F86: =SUM(F5:F85) -> 206792 | G86: =SUM(G5:G85)+2 -> 9932729

Sheet IHCIF
B1: IHCIF
E2: 0 | F2: 0
B3: =Dental!B3 -> FUNDING SOURCE: 75 23/24 0390
A4: LEVEL | B4: LOCATION | C4: BEGINNING BASE | E4: =Dental!E4 -> INFLATION INCREASE | F4: =Dental!F4 -> PAY COST INCREASE | G4: ENDING BASE
A5: TI | B5: Ala. Coushatta | D5: =C5/$C$84 -> 0 | G5: =C5+E5+F5 -> 0
A6: TI | B6: Ala. Coushatta AS | D6: =C6/$C$84 -> 0 | G6: =C6+E6+F6 -> 0
A7: TI | B7: Cayuga | D7: =C7/$C$84 -> 0 | G7: =C7+E7+F7 -> 0
A8: TI | B8: Cayuga AS | D8: =C8/$C$84 -> 0 | G8: =C8+E8+F8 -> 0
A9: TV | B9: Cherokee | D9: =C9/$C$84 -> 0 | G9: =C9+E9+F9 -> 0
A10: TV | B10: Cherokee AS | D10: =C10/$C$84 -> 0 | G10: =C10+E10+F10 -> 0
A11: TV | B11: Chitimacha | D11: =C11/$C$84 -> 0 | G11: =C11+E11+F11 -> 0
A12: TV | B12: Chitimacha AS | D12: =C12/$C$84 -> 0 | G12: =C12+E12+F12 -> 0
A13: TV | B13: Choctaw | D13: =C13/$C$84 -> 0 | G13: =C13+E13+F13 -> 0
A14: TV | B14: Choctaw AS | D14: =C14/$C$84 -> 0 | G14: =C14+E14+F14 -> 0
A15: TI | B15: Coushatta | C15: 142240 | D15: =C15/$C$84 -> 0.079691453 | G15: =C15+E15+F15 -> 142240
A16: TI | B16: Coushatta AS | D16: =C16/$C$84 -> 0 | G16: =C16+E16+F16 -> 0
A17: TI | B17: Jena Band | C17: 31082 | D17: =C17/$C$84 -> 0.017414017 | G17: =C17+E17+F17 -> 31082
A18: TI | B18: Jena Band AS | D18: =C18/$C$84 -> 0 | G18: =C18+E18+F18 -> 0
A19: TI | B19: Maliseets | D19: =C19/$C$84 -> 0 | G19: =C19+E19+F19 -> 0
A20: TI | B20: Maliseets AS | D20: =C20/$C$84 -> 0 | G20: =C20+E20+F20 -> 0
A21: TI | B21: Miccosukee | D21: =C21/$C$84 -> 0 | G21: =C21+E21+F21 -> 0
A22: TI | B22: Miccosukee AS | D22: =C22/$C$84 -> 0 | G22: =C22+E22+F22 -> 0
A23: TV | B23: Mohegan | D23: =C23/$C$84 -> 0 | G23: =C23+E23+F23 -> 0
A24: TV | B24: Mohegan AS | D24: =C24/$C$84 -> 0 | G24: =C24+E24+F24 -> 0
A25: TI | B25: Narragansett | D25: =C25/$C$84 -> 0 | G25: =C25+E25+F25 -> 0
A26: TI | B26: Narragansett AS | D26: =C26/$C$84 -> 0 | G26: =C26+E26+F26 -> 0
A27: TI | B27: Oneida | D27: =C27/$C$84 -> 0 | G27: =C27+E27+F27 -> 0
A28: TI | B28: Oneida AS | D28: =C28/$C$84 -> 0 | G28: =C28+E28+F28 -> 0
A29: TI | B29: PIT | D29: =C29/$C$84 -> 0 | G29: =C29+E29+F29 -> 0
... A36: TV | B36: Pequot AS | D36: =C36/$C$84 -> 0 | G36: =C36+E36+F36 -> 0
A37: TV | B37: Poarch Creek | C37: 332109 | D37: =C37/$C$84 -> 0.18606755 | G37: =C37+E37+F37 -> 332109
A38: TV | B38: Poarch Creek AS | D38: =C38/$C$84 -> 0 | G38: =C38+E38+F38 -> 0
A39: TV | B39: Seminole | C39: 432196 | D39: =C39/$C$84 -> 0.24214235 | G39: =C39+E39+F39 -> 432196
A40: TV | B40: Seminole AS | D40: =C40/$C$84 -> 0 | G40: =C40+E40+F40 -> 0
A41: TI | B41: Seneca | D41: =C41/$C$84 -> 0 | G41: =C41+E41+F41 -> 0
A42: TI | B42: Seneca AS | D42: =C42/$C$84 -> 0 | G42: =C42+E42+F42 -> 0
A43: TV | B43: St. Regis | D43: =C43/$C$84 -> 0 | G43: =C43+E43+F43 -> 0
A44: TV | B44: St. Regis AS | D44: =C44/$C$84 -> 0 | G44: =C44+E44+F44 -> 0
A45: TI | B45: Tunica Biloxi | D45: =C45/$C$84 -> 0 | G45: =C45+E45+F45 -> 0
A46: TI | B46: Tunica Biloxi AS | D46: =C46/$C$84 -> 0 | G46: =C46+E46+F46 -> 0
A47: TI | B47: MicMac | D47: =C47/$C$84 -> 0 | G47: =C47+E47+F47 -> 0
A48: TI | B48: Micmac AS | D48: =C48/$C$84 -> 0 | G48: =C48+E48+F48 -> 0
A49: TV | B49: Aquinnah | D49: =C49/$C$84 -> 0 | G49: =C49+E49+F49 -> 0
A50: TV | B50: Aquinnah AS | D50: =C50/$C$84 -> 0 | G50: =C50+E50+F50 -> 0
A51: SU | B51: Unity | D51: =C51/$C$84 -> 0 | G51: =C51+E51+F51 -> 0
A52: SU | B52: Unity AS | D52: =C52/$C$84 -> 0 | G52: =C52+E52+F52 -> 0
A53: SU | B53: Catawba | C53: 847257 | D53: =C53/$C$84 -> 0.47468463 | G53: =C53+E53+F53 -> 847257
A54: SU | B54: Catawba AS | D54: =C54/$C$84 -> 0 | G54: =C54+E54+F54 -> 0
A55: SU | B55: Onondaga | D55: =C55/$C$84 -> 0 | G55: =C55+E55+F55 -> 0
A56: SU | B56: Onondaga AS | D56: =C56/$C$84 -> 0 | G56: =C56+E56+F56 -> 0
A57: TI | B57: USET | D57: =C57/$C$84 -> 0 | G57: =C57+E57+F57 -> 0
A58: TI | B58: USET AS | D58: =C58/$C$84 -> 0 | G58: =C58+E58+F58 -> 0
A59: SU | B59: Mashpee | D59: =C59/$C$84 -> 0 | G59: =C59+E59+F59 -> 0
A60: SU | B60: Mashpee AS | D60: =C60/$C$84 -> 0 | G60: =C60+E60+F60 -> 0
A61: SU | B61: Tuscarora | D61: =C61/$C$84 -> 0 | G61: =C61+E61+F61 -> 0
A62: SU | B62: Tuscarora AS | D62: =C62/$C$84 -> 0 | G62: =C62+E62+F62 -> 0
A63: SU | B63: Shinnecock | D63: =C63/$C$84 -> 0 | G63: =C63+E63+F63 -> 0
A64: SU | B64: Shinnecock AS | D64: =C64/$C$84 -> 0 | G64: =C64+E64+F64 -> 0
A65: SU | B65: Tonawanda | D65: =C65/$C$84 -> 0 | G65: =C65+E65+F65 -> 0
... A83: AO | B83: Residual | D83: =C83/$C$84 -> 0 | G83: =C83+E83+F83 -> 0
B84: Total Recurring | C84: =SUM(C5:C83) -> 1784884 | D84: =SUM(D5:D83) -> 1 | E84: =SUM(E5:E83) -> 0 | F84: =SUM(F5:F83) -> 0 | G84: =SUM(G5:G83) -> 1784884

Sheet PHN
B1: PHN
E2: 5932 | F2: =46865+1361 -> 48226
B3: =Dental!B3 -> FUNDING SOURCE: 75 23/24 0390
A4: LEVEL | B4: LOCATION | C4: BEGINNING BASE | E4: =Dental!E4 -> INFLATION INCREASE | F4: =Dental!F4 -> PAY COST INCREASE | G4: ENDING BASE
A5: TI | B5: Ala. Coushatta | C5: 2998 | D5: =C5/$C$84 -> 0.0014304002 | E5: =$E$2*D5 -> 8.4851337 | F5: 84 | G5: =C5+E5+F5 -> 3090.4851
A6: TI | B6: Ala. Coushatta AS | C6: 1199 | D6: =C6/$C$84 -> 0.00057206464 | E6: =$E$2*D6 -> 3.3934874 | F6: 20 | G6: =C6+E6+F6 -> 1222.3935
A7: TI | B7: Cayuga | C7: 349 | D7: =C7/$C$84 -> 0.00016651423 | E7: =$E$2*D7 -> 0.9877624 | F7: 11 | G7: =C7+E7+F7 -> 360.98776
A8: TI | B8: Cayuga AS | C8: 0 | D8: =C8/$C$84 -> 0 | E8: =$E$2*D8 -> 0 | F8: =C8+E8 -> 0 | G8: =C8+E8+F8 -> 0
A9: TV | B9: Cherokee | C9: 310873 | D9: =C9/$C$84 -> 0.14832314 | E9: =$E$2*D9 -> 879.85289 | F9: 8698 | G9: =C9+E9+F9 -> 320450.85
A10: TV | B10: Cherokee AS | C10: 13383 | D10: =C10/$C$84 -> 0.0063852719 | E10: =$E$2*D10 -> 37.877433 | F10: 374 | G10: =C10+E10+F10 -> 13794.877
A11: TV | B11: Chitimacha | C11: 5348 | D11: =C11/$C$84 -> 0.0025516278 | E11: =$E$2*D11 -> 15.136256 | F11: 150 | G11: =C11+E11+F11 -> 5513.1363
A12: TV | B12: Chitimacha AS | C12: 827 | D12: =C12/$C$84 -> 0.00039457669 | E12: =$E$2*D12 -> 2.3406289 | F12: 23 | G12: =C12+E12+F12 -> 852.34063
A13: TV | B13: Choctaw | C13: 969885 | D13: =C13/$C$84 -> 0.46274972 | E13: =$E$2*D13-1 -> 2744.0313 | F13: 27138 | G13: =C13+E13+F13 -> 999767.03
A14: TV | B14: Choctaw AS | C14: 11303 | D14: =C14/$C$84 -> 0.0053928662 | E14: =$E$2*D14 -> 31.990482 | F14: 316 | G14: =C14+E14+F14 -> 11650.99
A15: TI | B15: Coushatta | C15: 3030 | D15: =C15/$C$84 -> 0.0014456679 | E15: =$E$2*D15 -> 8.5757022 | F15: 85 | G15: =C15+E15+F15 -> 3123.5757
A16: TI | B16: Coushatta AS | C16: 741 | D16: =C16/$C$84 -> 0.00035354453 | E16: =$E$2*D16 -> 2.0972262 | F16: 12 | G16: =C16+E16+F16 -> 755.09723
A17: TI | B17: Jena Band | C17: 1858 | D17: =C17/$C$84 -> 0.00088648549 | E17: =$E$2*D17 -> 5.2586319 | F17: 52 | G17: =C17+E17+F17 -> 1915.2586
A18: TI | B18: Jena Band AS | C18: 225 | D18: =C18/$C$84 -> 0.00010735158 | E18: =$E$2*D18 -> 0.63680957 | F18: 4 | G18: =C18+E18+F18 -> 229.63681
A19: TI | B19: Maliseets | C19: 4785 | D19: =C19/$C$84 -> 0.0022830103 | E19: =$E$2*D19 -> 13.542817 | F19: 134 | G19: =C19+E19+F19 -> 4932.5428
A20: TI | B20: Maliseets AS | C20: 933 | D20: =C20/$C$84 -> 0.00044515122 | E20: =$E$2*D20 -> 2.640637 | F20: 15 | G20: =C20+E20+F20 -> 950.64064
A21: TI | B21: Miccosukee | C21: 18684 | D21: =C21/$C$84 -> 0.0089144751 | E21: =$E$2*D21 -> 52.880667 | F21: 523 | G21: =C21+E21+F21 -> 19259.881
A22: TI | B22: Miccosukee AS | C22: 1377 | D22: =C22/$C$84 -> 0.00065699167 | E22: =$E$2*D22 -> 3.8972746 | F22: 23 | G22: =C22+E22+F22 -> 1403.8973
A23: TV | B23: Mohegan | C23: 5293 | D23: =C23/$C$84 -> 0.0025253863 | E23: =$E$2*D23 -> 14.980591 | F23: 148 | G23: =C23+E23+F23 -> 5455.9806
A24: TV | B24: Mohegan AS | C24: 1517 | D24: =C24/$C$84 -> 0.0007237882 | E24: =$E$2*D24 -> 4.2935116 | F24: 42 | G24: =C24+E24+F24 -> 1563.2935
A25: TI | B25: Narragansett | C25: 16560 | D25: =C25/$C$84 -> 0.0079010762 | E25: =$E$2*D25 -> 46.869184 | F25: 463 | G25: =C25+E25+F25 -> 17069.869
... A50: TV | B50: Aquinnah AS | C50: 565 | D50: =C50/$C$84 -> 0.00026957174 | E50: =$E$2*D50 -> 1.5990996 | F50: 16 | G50: =C50+E50+F50 -> 582.5991
A51: SU | B51: Unity | C51: 0 | D51: =C51/$C$84 -> 0 | E51: =$E$2*D51 -> 0 | F51: =C51+E51 -> 0 | G51: =C51+E51+F51 -> 0
A52: SU | B52: Unity AS | C52: 0 | D52: =C52/$C$84 -> 0 | E52: =$E$2*D52 -> 0 | F52: =C52+E52 -> 0 | G52: =C52+E52+F52 -> 0
A53: SU | B53: Catawba | C53: 5614 | D53: =C53/$C$84 -> 0.0026785412 | E53: =$E$2*D53 -> 15.889106 | F53: 32 | G53: =C53+E53+F53 -> 5661.8891
A54: SU | B54: Catawba AS | C54: 2024 | D54: =C54/$C$84 -> 0.0009656871 | E54: =$E$2*D54 -> 5.7284559 | F54: 34 | G54: =C54+E54+F54 -> 2063.7285
A55: SU | B55: Onondaga | C55: 1192 | D55: =C55/$C$84 -> 0.00056872481 | E55: =$E$2*D55 -> 3.3736756 | F55: 0 | G55: =C55+E55+F55 -> 1195.3737
A56: SU | B56: Onondaga AS | C56: 0 | D56: =C56/$C$84 -> 0 | E56: =$E$2*D56 -> 0 | F56: =C56+E56 -> 0 | G56: =C56+E56+F56 -> 0
A57: TI | B57: USET | C57: 0 | D57: =C57/$C$84 -> 0 | E57: =$E$2*D57 -> 0 | F57: =C57+E57 -> 0 | G57: =C57+E57+F57 -> 0
A58: TI | B58: USET AS | C58: 0 | D58: =C58/$C$84 -> 0 | E58: =$E$2*D58 -> 0 | F58: =C58+E58 -> 0 | G58: =C58+E58+F58 -> 0
A59: SU | B59: Mashpee | C59: 138708 | D59: =C59/$C$84 -> 0.066180102 | E59: =$E$2*D59 -> 392.58036 | F59: 507 | G59: =C59+E59+F59 -> 139607.58
A60: SU | B60: Mashpee AS | C60: 12249 | D60: =C60/$C$84 -> 0.00584422 | E60: =$E$2*D60 -> 34.667913 | F60: 202 | G60: =C60+E60+F60 -> 12485.668
A61: SU | B61: Tuscarora | C61: 94362 | D61: =C61/$C$84 -> 0.045021821 | E61: =$E$2*D61 -> 267.06944 | F61: 0 | G61: =C61+E61+F61 -> 94629.069
A62: SU | B62: Tuscarora AS | C62: 8477 | D62: =C62/$C$84 -> 0.0040445304 | E62: =$E$2*D62 -> 23.992154 | F62: 140 | G62: =C62+E62+F62 -> 8640.9922
A63: SU | B63: Shinnecock | C63: 77591 | D63: =C63/$C$84 -> 0.037020073 | E63: =$E$2*D63 -> 219.60307 | F63: 0 | G63: =C63+E63+F63 -> 77810.603
A64: SU | B64: Shinnecock AS | C64: 7840 | D64: =C64/$C$84 -> 0.0037406061 | E64: =$E$2*D64 -> 22.189276 | F64: 130 | G64: =C64+E64+F64 -> 7992.1893
A65: SU | B65: Tonawanda | C65: 53897 | D65: =C65/$C$84 -> 0.025715236 | E65: =$E$2*D65 -> 152.54278 | F65: 0 | G65: =C65+E65+F65 -> 54049.543
A66: SU | B66: Tonawanda AS | C66: 5601 | D66: =C66/$C$84 -> 0.0026723386 | E66: =$E$2*D66 -> 15.852313 | F66: 93 | G66: =C66+E66+F66 -> 5709.8523
A67: SU | B67: Pamunkey | C67: 0 | D67: =C67/$C$84 -> 0 | E67: =$E$2*D67 -> 0 | F67: =C67+E67 -> 0 | G67: =C67+E67+F67 -> 0
A68: SU | B68: Pamunkey AS | C68: 0 | D68: =C68/$C$84 -> 0 | E68: =$E$2*D68 -> 0 | F68: =C68+E68 -> 0 | G68: =C68+E68+F68 -> 0
A69: SU | B69: Monacan | C69: 0 | D69: =C69/$C$84 -> 0 | E69: =$E$2*D69 -> 0 | F69: =C69+E69 -> 0 | G69: =C69+E69+F69 -> 0
A70: SU | B70: Monacan AS | C70: 0 | D70: =C70/$C$84 -> 0 | E70: =$E$2*D70 -> 0 | F70: =C70+E70 -> 0 | G70: =C70+E70+F70 -> 0
A71: SU | B71: Rappahannock | C71: 0 | D71: =C71/$C$84 -> 0 | E71: =$E$2*D71 -> 0 | F71: =C71+E71 -> 0 | G71: =C71+E71+F71 -> 0
A72: SU | B72: Rappahannock AS | C72: 0 | D72: =C72/$C$84 -> 0 | E72: =$E$2*D72 -> 0 | F72: =C72+E72 -> 0 | G72: =C72+E72+F72 -> 0
A73: SU | B73: Nansemond | C73: 0 | D73: =C73/$C$84 -> 0 | E73: =$E$2*D73 -> 0 | F73: =C73+E73 -> 0 | G73: =C73+E73+F73 -> 0
A74: SU | B74: Nansemond AS | C74: 0 | D74: =C74/$C$84 -> 0 | E74: =$E$2*D74 -> 0 | F74: =C74+E74 -> 0 | G74: =C74+E74+F74 -> 0
A75: TI | B75: Upper Mattaponi | C75: 0 | D75: =C75/$C$84 -> 0 | E75: =$E$2*D75 -> 0 | F75: =C75+E75 -> 0 | G75: =C75+E75+F75 -> 0
A76: TI | B76: Upper Mattaponi AS | C76: 0 | D76: =C76/$C$84 -> 0 | E76: =$E$2*D76 -> 0 | F76: =C76+E76 -> 0 | G76: =C76+E76+F76 -> 0
A77: SU | B77: Chickahominy-Eastern | C77: 0 | D77: =C77/$C$84 -> 0 | E77: =$E$2*D77 -> 0 | F77: =C77+E77 -> 0 | G77: =C77+E77+F77 -> 0
A78: SU | B78: Chickahominy-Eastern AS | C78: 0 | D78: =C78/$C$84 -> 0 | E78: =$E$2*D78 -> 0 | F78: =C78+E78 -> 0 | G78: =C78+E78+F78 -> 0
... A81: AO | B81: Assessments | C81: 0 | D81: =C81/$C$84 -> 0 | E81: =$E$2*D81 -> 0 | F81: =C81+E81 -> 0 | G81: =C81+E81+F81 -> 0
A82: AO | B82: Area Shares | C82: =47420-47420 -> 0 | D82: =C82/$C$84 -> 0 | E82: =$E$2*D82 -> 0 | F82: =C82+E82 -> 0 | G82: =C82+E82+F82 -> 0
A83: AO | B83: Residual | C83: 0 | D83: =C83/$C$84 -> 0 | E83: =$E$2*D83 -> 0 | F83: =C83+E83 -> 0 | G83: =C83+E83+F83 -> 0
B84: Total Recurring | C84: =SUM(C5:C83) -> 2095917 | D84: =SUM(D5:D83) -> 1 | E84: =SUM(E5:E83)+1 -> 5932 | F84: =SUM(F5:F83) -> 48226 | G84: =SUM(G5:G83) -> 2150074

Sheet HE
B1: HEALTH EDUCATION
E2: 2387 | F2: =18949+1424 -> 20373
B3: =Dental!B3 -> FUNDING SOURCE: 75 23/24 0390
A4: LEVEL | B4: LOCATION | C4: BEGINNING BASE | E4: =Dental!E4 -> INFLATION INCREASE | F4: =Dental!F4 -> PAY COST INCREASE | G4: ENDING BASE
A5: TI | B5: Ala. Coushatta | C5: 884 | D5: =C5/$C$84 -> 0.00098822514 | E5: =$E$2*D5 -> 2.3588934 | F5: 24 | G5: =C5+E5+F5 -> 910.35889
A6: TI | B6: Ala. Coushatta AS | C6: 2160 | D6: =C6/$C$84 -> 0.0024146678 | E6: =$E$2*D6 -> 5.763812 | F6: 28 | G6: =C6+E6+F6 -> 2193.7638
A7: TI | B7: Cayuga | C7: 109 | D7: =C7/$C$84 -> 0.00012185129 | E7: 1 | F7: 3 | G7: =C7+E7+F7 -> 113
A8: TI | B8: Cayuga AS | C8: 0 | D8: =C8/$C$84 -> 0 | E8: =$E$2*D8 -> 0 | F8: =C8+E8 -> 0
A9: TV | B9: Cherokee | C9: 192818 | D9: =C9/$C$84 -> 0.21555158 | E9: =$E$2*D9 -> 514.52162 | F9: 5206 | G9: =C9+E9+F9 -> 198538.52
A10: TV | B10: Cherokee AS | C10: 27326 | D10: =C10/$C$84 -> 0.030547783 | E10: =$E$2*D10 -> 72.917558 | F10: 738 | G10: =C10+E10+F10 -> 28136.918
A11: TV | B11: Chitimacha | C11: 506 | D11: =C11/$C$84 -> 0.00056565828 | E11: =$E$2*D11+1 -> 2.3502263 | F11: 14 | G11: =C11+E11+F11 -> 522.35023
A12: TV | B12: Chitimacha AS | C12: 1686 | D12: =C12/$C$84 -> 0.0018847823 | E12: =$E$2*D12 -> 4.4989754 | F12: 46 | G12: =C12+E12+F12 -> 1736.499
A13: TV | B13: Choctaw | C13: 355492 | D13: =C13/$C$84 -> 0.39740513 | E13: =$E$2*D13 -> 948.60604 | F13: 9597 | G13: =C13+E13+F13 -> 366037.61
A14: TV | B14: Choctaw AS | C14: 23078 | D14: =C14/$C$84 -> 0.025798936 | E14: =$E$2*D14 -> 61.582061 | F14: 623 | G14: =C14+E14+F14 -> 23762.582
A15: TI | B15: Coushatta | C15: 490 | D15: =C15/$C$84 -> 0.00054777185 | E15: =$E$2*D15 -> 1.3075314 | F15: 13 | G15: =C15+E15+F15 -> 504.30753
A16: TI | B16: Coushatta AS | C16: 1336 | D16: =C16/$C$84 -> 0.0014935167 | E16: =$E$2*D16 -> 3.5650244 | F16: 17 | G16: =C16+E16+F16 -> 1356.565
A17: TI | B17: Jena Band | C17: 148 | D17: =C17/$C$84 -> 0.00016544946 | E17: 1 | F17: 4 | G17: =C17+E17+F17 -> 153
A18: TI | B18: Jena Band AS | C18: 403 | D18: =C18/$C$84 -> 0.0004505144 | E18: =$E$2*D18 -> 1.0753779 | F18: 5 | G18: =C18+E18+F18 -> 409.07538
A19: TI | B19: Maliseets | C19: 446 | D19: =C19/$C$84 -> 0.00049858418 | E19: =$E$2*D19 -> 1.1901204 | F19: 12 | G19: =C19+E19+F19 -> 459.19012
A20: TI | B20: Maliseets AS | C20: 1679 | D20: =C20/$C$84 -> 0.001876957 | E20: =$E$2*D20 -> 4.4802964 | F20: 22 | G20: =C20+E20+F20 -> 1705.4803
A21: TI | B21: Miccosukee | C21: 776 | D21: =C21/$C$84 -> 0.00086749175 | E21: =$E$2*D21 -> 2.0707028 | F21: 21 | G21: =C21+E21+F21 -> 799.0707
A22: TI | B22: Miccosukee AS | C22: 2478 | D22: =C22/$C$84 -> 0.0027701605 | E22: =$E$2*D22 -> 6.6123732 | F22: 32 | G22: =C22+E22+F22 -> 2516.6124
A23: TV | B23: Mohegan | C23: 1175 | D23: =C23/$C$84 -> 0.0013135345 | E23: =$E$2*D23 -> 3.135407 | F23: 32 | G23: =C23+E23+F23 -> 1210.1354
A24: TV | B24: Mohegan AS | C24: 3102 | D24: =C24/$C$84 -> 0.0034677312 | E24: =$E$2*D24 -> 8.2774744 | F24: 84 | G24: =C24+E24+F24 -> 3194.2775
A25: TI | B25: Narragansett | C25: 714 | D25: =C25/$C$84 -> 0.00079818184 | E25: =$E$2*D25 -> 1.9052601 | F25: 19 | G25: =C25+E25+F25 -> 734.90526
A26: TI | B26: Narragansett AS | C26: 2456 | D26: =C26/$C$84 -> 0.0027455667 | E26: =$E$2*D26 -> 6.5536677 | F26: 32 | G26: =C26+E26+F26 -> 2494.5537
A27: TI | B27: Oneida | C27: 1916 | D27: =C27/$C$84 -> 0.0021418997 | E27: =$E$2*D27 -> 5.1127147 | F27: 52 | G27: =C27+E27+F27 -> 1973.1127
A28: TI | B28: Oneida AS | C28: 4284 | D28: =C28/$C$84 -> 0.0047890911 | E28: =$E$2*D28 -> 11.43156 | F28: 56 | G28: =C28+E28+F28 -> 4351.4316
A29: TI | B29: PIT | C29: 790 | D29: =C29/$C$84 -> 0.00088314238 | E29: =$E$2*D29 -> 2.1080609 | F29: 21 | G29: =C29+E29+F29 -> 813.10806
... A50: TV | B50: Aquinnah AS | C50: 1154 | D50: =C50/$C$84 -> 0.0012900586 | E50: =$E$2*D50 -> 3.0793699 | F50: 31 | G50: =C50+E50+F50 -> 1188.0794
A51: SU | B51: Unity | C51: 0 | D51: =C51/$C$84 -> 0 | E51: =$E$2*D51 -> 0 | F51: =C51+E51 -> 0
A52: SU | B52: Unity AS | C52: 0 | D52: =C52/$C$84 -> 0 | E52: =$E$2*D52 -> 0 | F52: =C52+E52 -> 0
A53: SU | B53: Catawba | C53: 1108 | D53: =C53/$C$84 -> 0.0012386351 | E53: =$E$2*D53 -> 2.9566221 | F53: 20 | G53: =C53+E53+F53 -> 1130.9566
A54: SU | B54: Catawba AS | C54: 3643 | D54: =C54/$C$84 -> 0.0040725161 | E54: =$E$2*D54 -> 9.7210958 | F54: 48 | G54: =C54+E54+F54 -> 3700.7211
A55: SU | B55: Onondaga | C55: 324 | D55: =C55/$C$84 -> 0.00036220016 | E55: =$E$2*D55 -> 0.86457179 | F55: 0 | G55: =C55+E55+F55 -> 324.86457
A56: SU | B56: Onondaga AS | C56: 0 | D56: =C56/$C$84 -> 0 | E56: =$E$2*D56 -> 0 | F56: =C56+E56 -> 0
A57: TI | B57: USET | C57: 0 | D57: =C57/$C$84 -> 0 | E57: =$E$2*D57 -> 0 | F57: =C57+E57 -> 0
A58: TI | B58: USET AS | C58: 0 | D58: =C58/$C$84 -> 0 | E58: =$E$2*D58 -> 0 | F58: =C58+E58 -> 0
A59: SU | B59: Mashpee | C59: 40783 | D59: =C59/$C$84 -> 0.045591387 | E59: =$E$2*D59 -> 108.82664 | F59: 849 | G59: =C59+E59+F59 -> 41740.827
A60: SU | B60: Mashpee AS | C60: 3532 | D60: =C60/$C$84 -> 0.003948429 | E60: =$E$2*D60 -> 9.4248999 | F60: 46 | G60: =C60+E60+F60 -> 3587.4249
A61: SU | B61: Tuscarora | C61: 28254 | D61: =C61/$C$84 -> 0.031585196 | E61: =$E$2*D61 -> 75.393862 | F61: 0 | G61: =C61+E61+F61 -> 28329.394
A62: SU | B62: Tuscarora AS | C62: 2444 | D62: =C62/$C$84 -> 0.0027321519 | E62: =$E$2*D62 -> 6.5216465 | F62: 32 | G62: =C62+E62+F62 -> 2482.5216
A63: SU | B63: Shinnecock | C63: 70112 | D63: =C63/$C$84 -> 0.078378327 | E63: =$E$2*D63 -> 187.08907 | F63: 0 | G63: =C63+E63+F63 -> 70299.089
A64: SU | B64: Shinnecock AS | C64: 7549 | D64: =C64/$C$84 -> 0.0084390403 | E64: =$E$2*D64-1 -> 19.143989 | F64: 99 | G64: =C64+E64+F64 -> 7667.144
A65: SU | B65: Tonawanda | C65: 9708 | D65: =C65/$C$84 -> 0.01085259 | E65: =$E$2*D65 -> 25.905133 | F65: 0 | G65: =C65+E65+F65 -> 9733.9051
A66: SU | B66: Tonawanda AS | C66: 1078 | D66: =C66/$C$84 -> 0.0012050981 | E66: =$E$2*D66 -> 2.8765691 | F66: 14 | G66: =C66+E66+F66 -> 1094.8766
A67: SU | B67: Pamunkey | C67: 0 | D67: =C67/$C$84 -> 0 | E67: =$E$2*D67 -> 0 | F67: =C67+E67 -> 0
A68: SU | B68: Pamunkey AS | C68: 0 | D68: =C68/$C$84 -> 0 | E68: =$E$2*D68 -> 0 | F68: =C68+E68 -> 0
A69: SU | B69: Monacan | C69: 0 | D69: =C69/$C$84 -> 0 | E69: =$E$2*D69 -> 0 | F69: =C69+E69 -> 0
A70: SU | B70: Monacan AS | C70: 0 | D70: =C70/$C$84 -> 0 | E70: =$E$2*D70 -> 0 | F70: =C70+E70 -> 0
A71: SU | B71: Rappahannock | C71: 0 | D71: =C71/$C$84 -> 0 | E71: =$E$2*D71 -> 0 | F71: =C71+E71 -> 0
A72: SU | B72: Rappahannock AS | C72: 0 | D72: =C72/$C$84 -> 0 | E72: =$E$2*D72 -> 0 | F72: =C72+E72 -> 0
A73: SU | B73: Nansemond | C73: 0 | D73: =C73/$C$84 -> 0 | E73: =$E$2*D73 -> 0 | F73: =C73+E73 -> 0
A74: SU | B74: Nansemond AS | C74: 0 | D74: =C74/$C$84 -> 0 | E74: =$E$2*D74 -> 0 | F74: =C74+E74 -> 0
A75: TI | B75: Upper Mattaponi | C75: 0 | D75: =C75/$C$84 -> 0 | E75: =$E$2*D75 -> 0 | F75: =C75+E75 -> 0
A76: TI | B76: Upper Mattaponi AS | C76: 0 | D76: =C76/$C$84 -> 0 | E76: =$E$2*D76 -> 0 | F76: =C76+E76 -> 0
A77: SU | B77: Chickahominy-Eastern | C77: 0 | D77: =C77/$C$84 -> 0 | E77: =$E$2*D77 -> 0 | F77: =C77+E77 -> 0
A78: SU | B78: Chickahominy-Eastern AS | C78: 0 | D78: =C78/$C$84 -> 0 | E78: =$E$2*D78 -> 0 | F78: =C78+E78 -> 0
... A81: AO | B81: Assessments | C81: 0 | D81: =C81/$C$84 -> 0 | E81: =$E$2*D81 -> 0 | F81: =C81+E81 -> 0
A82: AO | B82: Area Shares | C82: =42057-42057 -> 0 | D82: =C82/$C$84 -> 0 | E82: =$E$2*D82 -> 0 | F82: =C82+E82 -> 0
A83: AO | B83: Residual | C83: 0 | D83: =C83/$C$84 -> 0 | E83: =$E$2*D83 -> 0 | F83: =C83+E83 -> 0
B84: Total Recurring | C84: =SUM(C5:C83) -> 894533 | D84: =SUM(D5:D83) -> 1 | E84: =SUM(E5:E83)-1 -> 2387.3142 | F84: =SUM(F5:F83) -> 20373 | G84: =SUM(G5:G83) -> 917294.31

Sheet DO
B1: DIRECT OPERATIONS
E2: 3381 | F2: =55226+52067 -> 107293
B3: =Dental!B3 -> FUNDING SOURCE: 75 23/24 0390
A4: LEVEL | B4: LOCATION | C4: BEGINNING BASE | E4: =Dental!E4 -> INFLATION INCREASE | F4: =Dental!F4 -> PAY COST INCREASE | G4: ENDING BASE
A5: TI | B5: Ala. Coushatta | C5: 0 | D5: =C5/$C$84 -> 0 | E5: =$E$2*D5 -> 0 | F5: =C5+E5 -> 0 | G5: =C5+E5+F5 -> 0
A6: TI | B6: Ala. Coushatta AS | C6: 20074 | D6: =C6/$C$84 -> 0.010275731 | E6: =$E$2*D6 -> 34.742246 | F6: 996 | G6: =C6+E6+F6 -> 21104.742
A7: TI | B7: Cayuga | C7: 0 | D7: =C7/$C$84 -> 0 | E7: =$E$2*D7 -> 0 | F7: =C7+E7 -> 0 | G7: =C7+E7+F7 -> 0
A8: TI | B8: Cayuga AS | C8: 0 | D8: =C8/$C$84 -> 0 | E8: =$E$2*D8 -> 0 | F8: =C8+E8 -> 0 | G8: =C8+E8+F8 -> 0
A9: TV | B9: Cherokee | C9: 0 | D9: =C9/$C$84 -> 0 | E9: =$E$2*D9 -> 0 | F9: =C9+E9 -> 0 | G9: =C9+E9+F9 -> 0
A10: TV | B10: Cherokee AS | C10: 236549 | D10: =C10/$C$84 -> 0.12108767 | E10: =$E$2*D10 -> 409.39741 | F10: 14671 | G10: =C10+E10+F10 -> 251629.4
A11: TV | B11: Chitimacha | C11: 0 | D11: =C11/$C$84 -> 0 | E11: =$E$2*D11 -> 0 | F11: =C11+E11 -> 0 | G11: =C11+E11+F11 -> 0
A12: TV | B12: Chitimacha AS | C12: 14608 | D12: =C12/$C$84 -> 0.0074777263 | E12: =$E$2*D12 -> 25.282193 | F12: 906 | G12: =C12+E12+F12 -> 15539.282
A13: TV | B13: Choctaw | C13: 0 | D13: =C13/$C$84 -> 0 | E13: =$E$2*D13 -> 0 | F13: =C13+E13 -> 0 | G13: =C13+E13+F13 -> 0
A14: TV | B14: Choctaw AS | C14: 199781 | D14: =C14/$C$84 -> 0.1022664 | E14: =$E$2*D14 -> 345.76271 | F14: 12391 | G14: =C14+E14+F14 -> 212517.76
A15: TI | B15: Coushatta | C15: 0 | D15: =C15/$C$84 -> 0 | E15: =$E$2*D15 -> 0 | F15: =C15+E15 -> 0 | G15: =C15+E15+F15 -> 0
A16: TI | B16: Coushatta AS | C16: 12430 | D16: =C16/$C$84 -> 0.0063628243 | E16: =$E$2*D16 -> 21.512709 | F16: 617 | G16: =C16+E16+F16 -> 13068.513
A17: TI | B17: Jena Band | C17: 0 | D17: =C17/$C$84 -> 0 | E17: =$E$2*D17 -> 0 | F17: =C17+E17 -> 0 | G17: =C17+E17+F17 -> 0
A18: TI | B18: Jena Band AS | C18: 3754 | D18: =C18/$C$84 -> 0.0019216446 | E18: =$E$2*D18+1 -> 7.4970804 | F18: 186 | G18: =C18+E18+F18 -> 3947.4971
A19: TI | B19: Maliseets | C19: 0 | D19: =C19/$C$84 -> 0 | E19: =$E$2*D19 -> 0 | F19: =C19+E19 -> 0 | G19: =C19+E19+F19 -> 0
A20: TI | B20: Maliseets AS | C20: 15607 | D20: =C20/$C$84 -> 0.0079891069 | E20: =$E$2*D20 -> 27.011171 | F20: 775 | G20: =C20+E20+F20 -> 16409.011
A21: TI | B21: Miccosukee | C21: 0 | D21: =C21/$C$84 -> 0 | E21: =$E$2*D21 -> 0 | F21: =C21+E21 -> 0 | G21: =C21+E21+F21 -> 0
A22: TI | B22: Miccosukee AS | C22: 23043 | D22: =C22/$C$84 -> 0.01179554 | E22: =$E$2*D22 -> 39.88072 | F22: 1144 | G22: =C22+E22+F22 -> 24226.881
A23: TV | B23: Mohegan | C23: 0 | D23: =C23/$C$84 -> 0 | E23: =$E$2*D23 -> 0 | F23: =C23+E23 -> 0 | G23: =C23+E23+F23 -> 0
A24: TV | B24: Mohegan AS | C24: 26835 | D24: =C24/$C$84 -> 0.013736636 | E24: =$E$2*D24 -> 46.443568 | F24: 1664 | G24: =C24+E24+F24 -> 28545.444
A25: TI | B25: Narragansett | C25: 0 | D25: =C25/$C$84 -> 0 | E25: =$E$2*D25 -> 0 | F25: =C25+E25 -> 0 | G25: =C25+E25+F25 -> 0
A26: TI | B26: Narragansett AS | C26: 22841 | D26: =C26/$C$84 -> 0.011692138 | E26: =$E$2*D26 -> 39.531117 | F26: 1134 | G26: =C26+E26+F26 -> 24014.531
A27: TI | B27: Oneida | C27: 0 | D27: =C27/$C$84 -> 0 | E27: =$E$2*D27 -> 0 | F27: =C27+E27 -> 0 | G27: =C27+E27+F27 -> 0
A28: TI | B28: Oneida AS | C28: 39836 | D28: =C28/$C$84 -> 0.020391751 | E28: =$E$2*D28 -> 68.944511 | F28: 1977 | G28: =C28+E28+F28 -> 41881.945
A29: TI | B29: PIT | C29: 0 | D29: =C29/$C$84 -> 0 | E29: =$E$2*D29 -> 0 | F29: =C29+E29 -> 0 | G29: =C29+E29+F29 -> 0
A30: TI | B30: PIT AS | C30: 26272 | D30: =C30/$C$84 -> 0.013448441 | E30: =$E$2*D30 -> 45.469179 | F30: 1304 | G30: =C30+E30+F30 -> 27621.469
A31: TI | B31: PPP | C31: 0 | D31: =C31/$C$84 -> 0 | E31: =$E$2*D31 -> 0 | F31: =C31+E31 -> 0 | G31: =C31+E31+F31 -> 0
A32: TI | B32: PPP AS | C32: 35272 | D32: =C32/$C$84 -> 0.018055474 | E32: =$E$2*D32 -> 61.045557 | F32: 1751 | G32: =C32+E32+F32 -> 37084.046
A33: TV | B33: Penobscot | C33: 0 | D33: =C33/$C$84 -> 0 | E33: =$E$2*D33 -> 0 | F33: =C33+E33 -> 0 | G33: =C33+E33+F33 -> 0
A34: TV | B34: Penobscot AS | C34: 37460 | D34: =C34/$C$84 -> 0.019175495 | E34: =$E$2*D34 -> 64.832348 | F34: 2323 | G34: =C34+E34+F34 -> 39847.832
A35: TV | B35: Pequot | C35: 0 | D35: =C35/$C$84 -> 0 | E35: =$E$2*D35 -> 0 | F35: =C35+E35 -> 0 | G35: =C35+E35+F35 -> 0
A36: TV | B36: Pequot AS | C36: 18844 | D36: =C36/$C$84 -> 0.0096461031 | E36: =$E$2*D36 -> 32.613475 | F36: 935 | G36: =C36+E36+F36 -> 19811.613
A37: TV | B37: Poarch Creek | C37: 0 | D37: =C37/$C$84 -> 0 | E37: =$E$2*D37 -> 0 | F37: =C37+E37 -> 0 | G37: =C37+E37+F37 -> 0
A38: TV | B38: Poarch Creek AS | C38: 45893 | D38: =C38/$C$84 -> 0.023492284 | E38: =$E$2*D38 -> 79.427414 | F38: 2846 | G38: =C38+E38+F38 -> 48818.427
A39: TV | B39: Seminole | C39: 0 | D39: =C39/$C$84 -> 0 | E39: =$E$2*D39 -> 0 | F39: =C39+E39 -> 0 | G39: =C39+E39+F39 -> 0
A40: TV | B40: Seminole AS | C40: 87897 | D40: =C40/$C$84 -> 0.044993819 | E40: =$E$2*D40 -> 152.1241 | F40: 5451 | G40: =C40+E40+F40 -> 93500.124
A41: TI | B41: Seneca | C41: 0 | D41: =C41/$C$84 -> 0 | E41: =$E$2*D41 -> 0 | F41: =C41+E41 -> 0 | G41: =C41+E41+F41 -> 0
A42: TI | B42: Seneca AS | C42: 117425 | D42: =C42/$C$84 -> 0.060108982 | E42: =$E$2*D42 -> 203.22847 | F42: 7283 | G42: =C42+E42+F42 -> 124911.23
A43: TV | B43: St. Regis | C43: 0 | D43: =C43/$C$84 -> 0 | E43: =$E$2*D43 -> 0 | F43: =C43+E43 -> 0 | G43: =C43+E43+F43 -> 0
A44: TV | B44: St. Regis AS | C44: 91567 | D44: =C44/$C$84 -> 0.046872465 | E44: =$E$2*D44 -> 158.4758 | F44: 5679 | G44: =C44+E44+F44 -> 97404.476
A45: TI | B45: Tunica Biloxi | C45: 0 | D45: =C45/$C$84 -> 0 | E45: =$E$2*D45 -> 0 | F45: =C45+E45 -> 0 | G45: =C45+E45+F45 -> 0
A46: TI | B46: Tunica Biloxi AS | C46: 6829 | D46: =C46/$C$84 -> 0.0034957142 | E46: =$E$2*D46 -> 11.81901 | F46: 339 | G46: =C46+E46+F46 -> 7179.819
A47: TI | B47: MicMac | C47: 0 | D47: =C47/$C$84 -> 0 | E47: =$E$2*D47 -> 0 | F47: =C47+E47 -> 0 | G47: =C47+E47+F47 -> 0
A48: TI | B48: Micmac AS | C48: 22443 | D48: =C48/$C$84 -> 0.011488404 | E48: =$E$2*D48 -> 38.842295 | F48: 1392 | G48: =C48+E48+F48 -> 23873.842
A49: TV | B49: Aquinnah | C49: 0 | D49: =C49/$C$84 -> 0 | E49: =$E$2*D49 -> 0 | F49: =C49+E49 -> 0 | G49: =C49+E49+F49 -> 0
A50: TV | B50: Aquinnah AS | C50: 9980 | D50: =C50/$C$84 -> 0.0051086876 | E50: =$E$2*D50 -> 17.272473 | F50: 620 | G50: =C50+E50+F50 -> 10617.272
A51: SU | B51: Unity | C51: 0 | D51: =C51/$C$84 -> 0 | E51: =$E$2*D51 -> 0 | F51: =C51+E51 -> 0 | G51: =C51+E51+F51 -> 0
A52: SU | B52: Unity AS | C52: 0 | D52: =C52/$C$84 -> 0 | E52: =$E$2*D52 -> 0 | F52: =C52+E52 -> 0 | G52: =C52+E52+F52 -> 0
A53: SU | B53: Catawba | C53: 0 | D53: =C53/$C$84 -> 0 | E53: =$E$2*D53 -> 0 | F53: =C53+E53 -> 0 | G53: =C53+E53+F53 -> 0
A54: SU | B54: Catawba AS | C54: 33878 | D54: =C54/$C$84 -> 0.017341896 | E54: =$E$2*D54 -> 58.632949 | F54: 1681 | G54: =C54+E54+F54 -> 35617.633
A55: SU | B55: Onondaga | C55: 0 | D55: =C55/$C$84 -> 0 | E55: =$E$2*D55 -> 0 | F55: =C55+E55 -> 0 | G55: =C55+E55+F55 -> 0
A56: SU | B56: Onondaga AS | C56: 0 | D56: =C56/$C$84 -> 0 | E56: =$E$2*D56 -> 0 | F56: =C56+E56 -> 0 | G56: =C56+E56+F56 -> 0
A57: TI | B57: USET | C57: 0 | D57: =C57/$C$84 -> 0 | E57: =$E$2*D57 -> 0 | F57: =C57+E57 -> 0 | G57: =C57+E57+F57 -> 0
A58: TI | B58: USET AS | C58: 0 | D58: =C58/$C$84 -> 0 | E58: =$E$2*D58 -> 0 | F58: =C58+E58 -> 0 | G58: =C58+E58+F58 -> 0
A59: SU | B59: Mashpee | C59: 22017 | D59: =C59/$C$84 -> 0.011270338 | E59: =$E$2*D59 -> 38.105013 | F59: 1071 | G59: =C59+E59+F59 -> 23126.105
A60: SU | B60: Mashpee AS | C60: 5392 | D60: =C60/$C$84 -> 0.0027601246 | E60: =$E$2*D60 -> 9.3319813 | F60: 268 | G60: =C60+E60+F60 -> 5669.332
A61: SU | B61: Tuscarora | C61: 16674 | D61: =C61/$C$84 -> 0.0085352963 | E61: =$E$2*D61 -> 28.857837 | F61: 156 | G61: =C61+E61+F61 -> 16858.858
A62: SU | B62: Tuscarora AS | C62: 3733 | D62: =C62/$C$84 -> 0.0019108949 | E62: =$E$2*D62+1 -> 7.4607355 | F62: 185 | G62: =C62+E62+F62 -> 3925.4607
A63: SU | B63: Shinnecock | C63: 0 | D63: =C63/$C$84 -> 0 | E63: =$E$2*D63 -> 0 | F63: =C63+E63 -> 0 | G63: =C63+E63+F63 -> 0
A64: SU | B64: Shinnecock AS | C64: 0 | D64: =C64/$C$84 -> 0 | E64: =$E$2*D64 -> 0 | F64: =C64+E64 -> 0 | G64: =C64+E64+F64 -> 0
A65: SU | B65: Tonawanda | C65: 0 | D65: =C65/$C$84 -> 0 | E65: =$E$2*D65 -> 0 | F65: =C65+E65 -> 0 | G65: =C65+E65+F65 -> 0
A66: SU | B66: Tonawanda AS | C66: 0 | D66: =C66/$C$84 -> 0 | E66: =$E$2*D66 -> 0 | F66: =C66+E66 -> 0 | G66: =C66+E66+F66 -> 0
A67: SU | B67: Pamunkey | C67: 0 | D67: =C67/$C$84 -> 0 | E67: =$E$2*D67 -> 0 | F67: =C67+E67 -> 0 | G67: =C67+E67+F67 -> 0
A68: SU | B68: Pamunkey AS | C68: 0 | D68: =C68/$C$84 -> 0 | E68: =$E$2*D68 -> 0 | F68: =C68+E68 -> 0 | G68: =C68+E68+F68 -> 0
A69: SU | B69: Monacan | C69: 0 | D69: =C69/$C$84 -> 0 | E69: =$E$2*D69 -> 0 | F69: =C69+E69 -> 0 | G69: =C69+E69+F69 -> 0
A70: SU | B70: Monacan AS | C70: 0 | D70: =C70/$C$84 -> 0 | E70: =$E$2*D70 -> 0 | F70: =C70+E70 -> 0 | G70: =C70+E70+F70 -> 0
A71: SU | B71: Rappahannock | C71: 0 | D71: =C71/$C$84 -> 0 | E71: =$E$2*D71 -> 0 | F71: =C71+E71 -> 0 | G71: =C71+E71+F71 -> 0
A72: SU | B72: Rappahannock AS | C72: 0 | D72: =C72/$C$84 -> 0 | E72: =$E$2*D72 -> 0 | F72: =C72+E72 -> 0 | G72: =C72+E72+F72 -> 0
A73: SU | B73: Nansemond | C73: 0 | D73: =C73/$C$84 -> 0 | E73: =$E$2*D73 -> 0 | F73: =C73+E73 -> 0 | G73: =C73+E73+F73 -> 0
A74: SU | B74: Nansemond AS | C74: 0 | D74: =C74/$C$84 -> 0 | E74: =$E$2*D74 -> 0 | F74: =C74+E74 -> 0 | G74: =C74+E74+F74 -> 0
... A80: SU | B80: Chickahominy AS | C80: 0 | D80: =C80/$C$84 -> 0 | E80: =$E$2*D80 -> 0 | F80: =C80+E80 -> 0 | G80: =C80+E80+F80 -> 0
A81: AO | B81: New Tribe Support | C81: =8667-8667 -> 0 | D81: =C81/$C$84 -> 0 | E81: =$E$2*D81 -> 0 | F81: =C81+E81 -> 0 | G81: =C81+E81+F81 -> 0
A82: AO | B82: Area Shares | C82: =1089113-839728-249385 -> 0 | D82: =C82/$C$84 -> 0 | E82: =$E$2*D82 -> 0 | F82: =C82+E82 -> 0 | G82: =C82+E82+F82 -> 0
A83: AO | B83: Residual | C83: 756601 | D83: =C83/$C$84 -> 0.38729841 | E83: =$E$2*D83 -> 1309.4559 | F83: 37548 | G83: =C83+E83+F83 -> 795458.46
B84: Total Recurring | C84: =SUM(C5:C83) -> 1953535 | D84: =SUM(D5:D83) -> 1 | E84: =SUM(E5:E83)-2 -> 3381 | F84: =SUM(F5:F83) -> 107293 | G84: =SUM(G5:G83)-2 -> 2064209

Sheet Area Shares - by PFSA Summary
A1: 2023 Nashvile Area Services Shares by PFSA
C3: ='H&C'!B6 -> Ala. Coushatta AS | D3: ='H&C'!B50 -> Aquinnah AS | E3: ='H&C'!B54 -> Catawba AS | F3: ='H&C'!B8 -> Cayuga AS | G3: ='H&C'!B10 -> Cherokee AS | H3: ='H&C'!B80 -> Chickahominy AS | I3: ='H&C'!B78 -> Chickahominy-Eastern AS | J3: ='H&C'!B12 -> Chitimacha AS | K3: ='H&C'!B14 -> Choctaw AS | L3: ='H&C'!B16 -> Coushatta AS | M3: ='H&C'!B18 -> Jena Band AS | N3: ='H&C'!B20 -> Maliseets AS | O3: ='H&C'!B60 -> Mashpee AS | P3: ='H&C'!B22 -> Miccosukee AS | Q3: ='H&C'!B48 -> Micmac AS | R3: ='H&C'!B24 -> Mohegan AS | S3: ='H&C'!B70 -> Monacan AS | T3: ='H&C'!B74 -> Nansemond AS | U3: ='H&C'!B26 -> Narragansett AS | V3: Oneida AS | W3: ='H&C'!B56 -> Onondaga AS | X3: ='H&C'!B68 -> Pamunkey AS | Y3: ='H&C'!B30 -> PIT AS | Z3: ='H&C'!B32 -> PPP AS | AA3: ='H&C'!B34 -> Penobscot AS | AB3: ='H&C'!B36 -> Pequot AS | AC3: ='H&C'!B38 -> Poarch Creek AS | AD3: ='H&C'!B72 -> Rappahannock AS | AE3: ='H&C'!B40 -> Seminole AS | AF3: ='H&C'!B42 -> Seneca AS | AG3: ='H&C'!B44 -> St. Regis AS | AH3: ='H&C'!B64 -> Shinnecock AS | AI3: ='H&C'!B66 -> Tonawanda AS | AJ3: ='H&C'!B46 -> Tunica Biloxi AS | AK3: ='H&C'!B62 -> Tuscarora AS | AL3: ='H&C'!B76 -> Upper Mattaponi AS
A4: HOSPITALS & CLINICS
A5: Beginning | B5: =SUM(C5:AL5) -> 6087117 | C5: ='H&C'!C6 -> 65865 | D5: ='H&C'!C50 -> 35953 | E5: ='H&C'!C54 -> 111149 | F5: ='H&C'!C8 -> 20768 | G5: ='H&C'!C10 -> 852684 | H5: ='H&C'!C80 -> 310386 | I5: ='H&C'!C78 -> 28001 | J5: ='H&C'!C12 -> 52558 | K5: ='H&C'!C14 -> 717826 | L5: ='H&C'!C16 -> 40784 | M5: ='H&C'!C18 -> 12312 | N5: ='H&C'!C20 -> 51201 | O5: ='H&C'!C60 -> 205265 | P5: ='H&C'!C22 -> 75602 | Q5: ='H&C'!C48 -> 81375 | R5: ='H&C'!C24 -> 95642 | S5: ='H&C'!C70 -> 393524 | T5: ='H&C'!C74 -> 41294 | U5: ='H&C'!C26 -> 74934 | V5: ='H&C'!C28 -> 130702 | W5: ='H&C'!C56 -> 113683 | X5: ='H&C'!C68 -> 101003 | Y5: ='H&C'!C30 -> 86197 | Z5: ='H&C'!C32 -> 115718 | AA5: ='H&C'!C34 -> 256276 | AB5: ='H&C'!C36 -> 61829 | AC5: ='H&C'!C38 -> 165144 | AD5: ='H&C'!C72 -> 35118 | AE5: ='H&C'!C40 -> 314358 | AF5: ='H&C'!C42 -> 423185 | AG5: ='H&C'!C44 -> 327819 | AH5: ='H&C'!C64 -> 228774 | AI5: ='H&C'!C66 -> 205579 | AJ5: ='H&C'!C46 -> 22406 | AK5: ='H&C'!C62 -> 139915 | AL5: ='H&C'!C76 -> 92288
A6: Inflation | B6: =SUM(C6:AL6) -> 20982.782 | C6: ='H&C'!E6 -> 227.03113 | D6: ='H&C'!E50 -> 123.92698 | E6: ='H&C'!E54 -> 383.12128 | F6: ='H&C'!E8 -> 71.585554 | G6: ='H&C'!E10 -> 2939.1302 | H6: ='H&C'!E80 -> 1069.8745 | I6: ='H&C'!E78 -> 96.517099 | J6: ='H&C'!E12 -> 181.16302 | K6: ='H&C'!E14 -> 2474.286 | L6: ='H&C'!E16 -> 140.57903 | M6: ='H&C'!E18 -> 42.438431 | N6: ='H&C'!E20 -> 176.48555 | O6: ='H&C'!E60 -> 707.53124 | P6: ='H&C'!E22 -> 260.59375 | Q6: ='H&C'!E48 -> 280.4928 | R6: ='H&C'!E24 -> 329.66995 | S6: ='H&C'!E70 -> 1356.4442 | T6: ='H&C'!E74 -> 142.33695 | U6: ='H&C'!E26 -> 258.29121 | V6: ='H&C'!E28 -> 451.51883 | W6: ='H&C'!E56 -> 391.85577 | X6: ='H&C'!E68 -> 348.14887 | Y6: ='H&C'!E30 -> 297.11383 | Z6: ='H&C'!E32 -> 398.87024 | AA6: ='H&C'!E34 -> 883.36188 | AB6: ='H&C'!E36 -> 213.11938 | AC6: ='H&C'!E38 -> 569.23752 | AD6: ='H&C'!E72 -> 121.0488 | AE6: ='H&C'!E40 -> 1083.5657 | AF6: ='H&C'!E42 -> 1458.6832 | AG6: ='H&C'!E44 -> 1129.9646 | AH6: ='H&C'!E64 -> 788.56479 | AI6: ='H&C'!E66 -> 708.61357 | AJ6: ='H&C'!E46 -> 77.231603 | AK6: ='H&C'!E62 -> 482.27527 | AL6: ='H&C'!E76 -> 318.109
A7: Pay Cost | B7: =SUM(C7:AL7) -> 164699 | C7: ='H&C'!F6 -> 1135 | D7: ='H&C'!F50 -> 1266 | E7: ='H&C'!F54 -> 1915 | F7: ='H&C'!F8 -> 358 | G7: ='H&C'!F10 -> 30037 | H7: ='H&C'!F80 -> 5347 | I7: ='H&C'!F78 -> 482 | J7: ='H&C'!F12 -> 1851 | K7: ='H&C'!F14 -> 25286 | L7: ='H&C'!F16 -> 703 | M7: ='H&C'!F18 -> 212 | N7: ='H&C'!F20 -> 882 | O7: ='H&C'!F60 -> 3536 | P7: ='H&C'!F22 -> 1302 | Q7: ='H&C'!F48 -> 2867 | R7: ='H&C'!F24 -> 3369 | S7: ='H&C'!F70 -> 6780 | T7: ='H&C'!F74 -> 711 | U7: ='H&C'!F26 -> 1291 | V7: ='H&C'!F28 -> 2278 | W7: ='H&C'!F56 -> 1959 | X7: ='H&C'!F68 -> 1740 | Y7: ='H&C'!F30 -> 1485 | Z7: ='H&C'!F32 -> 1994 | AA7: ='H&C'!F34 -> 9028 | AB7: ='H&C'!F36 -> 1065 | AC7: ='H&C'!F38 -> 5817 | AD7: ='H&C'!F72 -> 605 | AE7: ='H&C'!F40 -> 11074 | AF7: ='H&C'!F42 -> 14907 | AG7: ='H&C'!F44 -> 11548 | AH7: ='H&C'!F64 -> 3941 | AI7: ='H&C'!F66 -> 3542 | AJ7: ='H&C'!F46 -> 386 | AK7: ='H&C'!F62 -> 2410 | AL7: ='H&C'!F76 -> 1590
A8: Ending - 2023 Available for Contracting | B8: =SUM(C8:AL8)-1 -> 6272797.8 | C8: =SUM(C5:C7) -> 67227.031 | D8: =SUM(D5:D7) -> 37342.927 | E8: =SUM(E5:E7) -> 113447.12 | F8: =SUM(F5:F7) -> 21197.586 | G8: =SUM(G5:G7) -> 885660.13 | H8: =SUM(H5:H7) -> 316802.87 | I8: =SUM(I5:I7) -> 28579.517 | J8: =SUM(J5:J7) -> 54590.163 | ... AL8: =SUM(AL5:AL7) -> 94196.109
A10: OPH:
A11: Diabetes
A12: Diabetes
A13: Nursing | C13: =C8*4.1% -> 2756.3083 | D13: =D8*4.11% -> 1534.7943 | E13: =E8*4.12% -> 4674.0214 | G13: =G8*4.1% -> 36312.065 | J13: =ROUND(J8*4.11%,0) -> 2244 | K13: =K8*4.12% -> 30718.155 | L13: =L8*4.12% -> 1715.0563 | M13: =M8*4.13% -> 518.99391 | N13: =N8*4.1% -> 2142.6389 | P13: =P8*4.09% -> 3156.0319 | Q13: =ROUND((3317/$Q$5)*$Q$8,0) -> 3445 | R13: =R8*4.15% -> 4122.6378 | U13: =U8*4.09% -> 3128.1666 | V13: =V8*4.11% -> 5484.0354 | Y13: =Y8*4.09% -> 3598.3458 | Z13: =Z8*4.11% -> 4854.3568 | AA13: =ROUND(AA8*4.1%,0) -> 10914 | AB13: =AB8*4.13% -> 2606.324 | AC13: =AC8*4.11% -> 7049.8928 | AE13: =AE8*4.14% -> 13517.744 | AF13: =AF8*4.11% -> 18065.533 | AG13: =AG8*4.13% -> 14062.525 | AJ13: =AJ8*4.12% -> 942.21234
A14: HPDP | C14: =C8*3.71% -> 2494.1229 | D14: =D8*3.72% -> 1389.1569 | E14: =E8*3.73% -> 4231.5776 | G14: =G8*3.72% -> 32946.557 | J14: =ROUND(J8*3.73%,0) -> 2036 | K14: =K8*3.73% -> 27810.368 | L14: =L8*3.73% -> 1552.7087 | M14: =M8*3.75% -> 471.24144 | N14: =N8*3.71% -> 1938.8269 | P14: =P8*3.71% -> 2862.8064 | Q14: =ROUND((3004/$Q$5)*$Q$8,0) -> 3120 | R14: =R8*3.76% -> 3735.2092 | U14: =U8*3.71% -> 2837.5301 | V14: =V8*3.72% -> 4963.6525 | Y14: =Y8*3.7% -> 3255.2272 | Z14: =Z8*3.72% -> 4393.7244 | AA14: =ROUND(AA8*3.71%,0) -> 9876 | AB14: =AB8*3.74% -> 2360.2063 | AC14: =AC8*3.72% -> 6380.9248 | AE14: =AE8*3.75% -> 12244.334 | AF14: =AF8*3.72% -> 16351.285 | AG14: =AG8*3.74% -> 12734.586 | AJ14: =AJ8*3.73% -> 853.02234
A15: Managed Care/Bus. | C15: =C8*7.28% -> 4894.1279 | D15: =D8*7.3% -> 2726.0337 | E15: =E8*7.32% -> 8304.3293 | G15: =G8*7.29% -> 64564.623 | J15: =ROUND(J8*7.31%,0) -> 3991 | K15: =K8*7.32% -> 54576.916 | L15: =L8*7.33% -> 3051.3015 | M15: =M8*7.35% -> 923.63322 | N15: =N8*7.28% -> 3804.4905 | P15: =P8*7.27% -> 5609.866 | Q15: =ROUND((5892/$Q$5)*$Q$8,0) -> 6120 | R15: =R8*7.38% -> 7331.3414 | U15: =U8*7.27% -> 5560.3353 | V15: =V8*7.3% -> 9740.5009 | Y15: =Y8*7.28% -> 6404.8795 | Z15: =Z8*7.3% -> 8622.0935 | AA15: =ROUND(AA8*7.28%,0) -> 19378 | AB15: =AB8*7.34% -> 4632.0626 | AC15: =AC8*7.31% -> 12538.86 | AE15: =AE8*7.35% -> 23998.894 | AF15: =AF8*7.29% -> 32043.245 | AG15: =AG8*7.34% -> 24992.477 | AJ15: =AJ8*7.32% -> 1674.0278
A17: Nutrition
A19: OMS:
A20: DFM | C20: =C8*12.53% -> 8423.547 | D20: =D8*12.55% -> 4686.5373 | E20: =E8*12.6% -> 14294.337 | G20: =G8*12.55% -> 111150.35 | J20: =ROUND(J8*12.57%,0) -> 6862 | K20: =K8*12.59% -> 93869.313 | L20: =L8*12.6% -> 5245.075 | M20: =M8*12.64% -> 1588.3978 | N20: =N8*12.52% -> 6542.8876 | P20: =P8*12.52% -> 9661.0071 | Q20: =ROUND((10138/$Q$5)*$Q$8,0) -> 10530 | R20: =R8*12.69% -> 12606.331 | U20: =U8*12.5% -> 9560.4114 | V20: =V8*12.57% -> 16772.342 | Y20: =Y8*12.5% -> 10997.389 | Z20: =Z8*12.56% -> 14834.725 | AA20: =ROUND(AA8*12.53%,0) -> 33353 | AB20: =AB8*12.62% -> 7964.1185 | AC20: =AC8*12.57% -> 21561.351 | AE20: =AE8*12.65% -> 41304.219 | AF20: =AF8*12.55% -> 55163.611 | AG20: =AG8*12.63% -> 43004.767 | AJ20: =AJ8*12.59% -> 2879.2363
A22: Contracting | C22: =C8*12.22% -> 8215.1432 | D22: =D8*12.25% -> 4574.5086 | E22: =E8*12.29% -> 13942.651 | G22: =G8*12.24% -> 108404.8 | J22: =ROUND(J8*12.27%,0) -> 6698 | K22: =K8*12.28% -> 91557.996 | L22: =L8*12.3% -> 5120.1922 | M22: =M8*12.33% -> 1549.4419 | N22: =N8*12.22% -> 6386.1091 | P22: =P8*12.21% -> 9421.7969 | Q22: =ROUND((9891/$Q$5)*$Q$8,0) -> 10274 | R22: =R8*12.38% -> 12298.375 | U22: =U8*12.2% -> 9330.9615 | V22: =V8*12.26% -> 16358.704 | Y22: =Y8*12.2% -> 10733.452 | Z22: =Z8*12.25% -> 14468.582 | AA22: =ROUND(AA8*12.23%,0) -> 32555 | AB22: =AB8*12.32% -> 7774.7971 | AC22: =AC8*12.26% -> 21029.607 | AE22: =AE8*12.34% -> 40292.021 | AF22: =AF8*12.24% -> 53801.004 | AG22: =AG8*12.33% -> 41983.276 | AJ22: =AJ8*12.29% -> 2810.6286
A23: Area Operations | C23: =C8*4.22% -> 2836.9807 | D23: =D8*4.23% -> 1579.6058 | E23: =E8*4.24% -> 4810.1579 | G23: =G8*4.23% -> 37463.424 | J23: =ROUND(J8*4.24%,0) -> 2315 | K23: =K8*4.24% -> 31612.859 | L23: =L8*4.25% -> 1769.1721 | M23: =M8*4.26% -> 535.33028 | N23: =N8*4.22% -> 2205.3503 | P23: =P8*4.22% -> 3256.3459 | Q23: =ROUND((3416/$Q$5)*$Q$8,0) -> 3548 | R23: =R8*4.28% -> 4251.7807 | U23: =U8*4.21% -> 3219.9466 | V23: =V8*4.23% -> 5644.1532 | Y23: =Y8*4.21% -> 3703.9207 | Z23: =Z8*4.23% -> 4996.0898 | AA23: =ROUND(AA8*4.22%,0) -> 11233 | AB23: =AB8*4.25% -> 2682.0526 | AC23: =AC8*4.24% -> 7272.8821 | AE23: =AE8*4.26% -> 13909.563 | AF23: =AF8*4.23% -> 18592.994 | AG23: =AG8*4.26% -> 14505.171 | AJ23: =AJ8*4.24% -> 969.65542
A24: Personnel | C24: =C8*4.99% -> 3354.6289 | D24: =D8*5% -> 1867.1463 | E24: =E8*5.01% -> 5683.7008 | G24: =G8*4.99% -> 44194.44 | J24: =ROUND(J8*5%,0) -> 2730 | K24: =K8*5.01% -> 37353.873 | L24: =L8*5.02% -> 2089.7045 | M24: =M8*5.04% -> 633.3485 | N24: =N8*4.98% -> 2602.5224 | P24: =P8*4.98% -> 3842.7968 | Q24: =ROUND((4035/$Q$5)*$Q$8,0) -> 4191 | R24: =R8*5.05% -> 5016.7038 | U24: =U8*4.98% -> 3808.8679 | V24: =V8*5% -> 6671.5759 | Y24: =Y8*4.98% -> 4381.3599 | Z24: =Z8*5% -> 5905.5435 | AA24: =ROUND(AA8*4.99%,0) -> 13283 | AB24: =AB8*5.03% -> 3174.2881 | AC24: =AC8*5% -> 8576.5119 | AE24: =AE8*5.03% -> 16423.733 | AF24: =AF8*5% -> 21977.534 | AG24: =AG8*5.03% -> 17126.997 | AJ24: =AJ8*5.01% -> 1145.7485
A25: IRM | C25: =C8*18.92% -> 12719.354 | D25: =D8*18.95% -> 7076.4847 | E25: =E8*19.01% -> 21566.298 | G25: =G8*18.94% -> 167744.03 | J25: =ROUND(J8*18.98%,0) -> 10361 | K25: =K8*19% -> 141661.39 | L25: =L8*19.03% -> 7921.7283 | M25: =M8*19.09% -> 2398.9331 | N25: =N8*18.91% -> 9882.2687 | P25: =P8*18.89% -> 14576.392 | Q25: =ROUND((15305/$Q$5)*$Q$8,0) -> 15897 | R25: =R8*19.16% -> 19033.672 | U25: =U8*18.88% -> 14440.045 | V25: =V8*18.97% -> 25311.959 | Y25: =Y8*18.87% -> 16601.659 | Z25: =Z8*18.95% -> 22382.01 | AA25: =ROUND(AA8*18.92%,0) -> 50363 | AB25: =AB8*19.06% -> 12028.217 | AC25: =AC8*18.98% -> 32556.439 | AE25: =AE8*19.09% -> 62331.821 | AF25: =AF8*18.95% -> 83294.854 | AG25: =AG8*19.07% -> 64932.771 | AJ25: =AJ8*19.01% -> 4347.4409
A27: OTA
A28: Assessments
A29: Assessments | C29: =C8*2.09% -> 1405.045 | D29: =D8*2.09% -> 780.46717 | E29: =E8*2.1% -> 2382.3895 | G29: =G8*2.09% -> 18510.297 | J29: =ROUND(J8*2.1%,0) -> 1146 | K29: =K8*2.1% -> 15657.312 | L29: =L8*2.1% -> 874.17916 | M29: =M8*2.11% -> 265.15185 | N29: =N8*2.09% -> 1092.2232 | P29: =P8*2.09% -> 1612.74 | Q29: =ROUND((1689/$Q$5)*$Q$8,0) -> 1754 | R29: =R8*2.12% -> 2106.0222 | U29: =U8*2.08% -> 1590.8525 | V29: =V8*2.09% -> 2788.7187 | Y29: =Y8*2.08% -> 1829.9656 | Z29: =Z8*2.09% -> 2468.5172 | AA29: =ROUND(AA8*2.09%,0) -> 5563 | AB29: =AB8*2.1% -> 1325.2495 | AC29: =AC8*2.1% -> 3602.135 | AE29: =AE8*2.11% -> 6889.4784 | AF29: =AF8*2.09% -> 9186.6093 | AG29: =AG8*2.11% -> 7184.486 | AJ29: =AJ8*2.1% -> 480.25386
A30: Office Lease | C30: =C8*4.72% -> 3173.1159 | D30: =D8*4.73% -> 1766.3204 | E30: =E8*4.74% -> 5377.3935 | G30: =G8*4.73% -> 41891.724 | J30: =ROUND(J8*4.74%,0) -> 2588 | K30: =K8*4.74% -> 35340.79 | L30: =L8*4.75% -> 1977.31 | M30: =M8*4.76% -> 598.16247 | N30: =N8*4.72% -> 2466.6477 | P30: =P8*4.72% -> 3642.1688 | Q30: =ROUND((3819/$Q$5)*$Q$8,0) -> 3967 | R30: =R8*4.78% -> 4748.484 | U30: =U8*4.71% -> 3602.363 | V30: =V8*4.73% -> 6311.3108 | Y30: =Y8*4.71% -> 4143.8163 | Z30: =Z8*4.73% -> 5586.6442 | AA30: =ROUND(AA8*4.72%,0) -> 12564 | AB30: =AB8*4.76% -> 3003.8989 | AC30: =AC8*4.74% -> 8130.5333 | AE30: =AE8*4.76% -> 15542.141 | AF30: =AF8*4.73% -> 20790.747 | AG30: =AG8*4.76% -> 16207.656 | AJ30: =AJ8*4.74% -> 1084.0016
A31: General Services | C31: =C8*14.79% -> 9942.8779 | D31: =D8*14.82% -> 5534.2218 | E31: =E8*14.86% -> 16858.242 | G31: =G8*14.81% -> 131166.27 | J31: =ROUND(J8*14.84%,0) -> 8101 | K31: =K8*14.86% -> 110794.12 | L31: =L8*14.88% -> 6194.1838 | M31: =M8*14.92% -> 1874.9126 | N31: =N8*14.78% -> 7723.952 | P31: =P8*14.77% -> 11397.21 | Q31: =ROUND((11966/$Q$5)*$Q$8,0) -> 12429 | R31: =R8*14.98% -> 14881.232 | U31: =U8*14.76% -> 11288.934 | V31: =V8*14.84% -> 19801.237 | Y31: =Y8*14.75% -> 12976.919 | Z31: =Z8*14.82% -> 17504.031 | AA31: =ROUND(AA8*14.79%,0) -> 39369 | AB31: =AB8*14.89% -> 9396.6501 | AC31: =AC8*14.84% -> 25455.087 | AE31: =AE8*14.93% -> 48748.774 | AF31: =AF8*14.82% -> 65141.411 | AG31: =AG8*14.91% -> 50768.097 | AJ31: =AJ8*14.87% -> 3400.6547
A32: Telephone | C32: =C8*2.4% -> 1613.4487 | D32: =D8*2.4% -> 896.23025 | E32: =E8*2.41% -> 2734.0756 | G32: =G8*2.41% -> 21344.409 | J32: =ROUND(J8*2.4%,0) -> 1310 | K32: =K8*2.41% -> 17968.629 | L32: =L8*2.41% -> 1003.2247 | M32: =M8*2.42% -> 304.10781 | N32: =N8*2.39% -> 1249.0017 | P32: =P8*2.39% -> 1844.2338 | Q32: =ROUND((1939/$Q$5)*$Q$8,0) -> 2014 | R32: =R8*2.41% -> 2394.1101 | U32: =U8*2.39% -> 1827.9507 | V32: =V8*2.4% -> 3202.3565 | Y32: =Y8*2.39% -> 2102.7008 | Z32: =Z8*2.4% -> 2834.6609 | AA32: =ROUND(AA8*2.41%,0)-1 -> 6414 | AB32: =AB8*2.42% -> 1527.1923 | AC32: =AC8*2.39% -> 4099.5727 | AE32: =AE8*2.42% -> 7901.6767 | AF32: =AF8*2.39% -> 10505.261 | AG32: =AG8*2.42% -> 8240.0265 | AJ32: =AJ8*2.41% -> 551.14848
A33: OTS | C33: =C8*2.44% -> 1640.3396 | D33: =D8*2.44% -> 911.16742 | E33: =E8*2.45% -> 2779.4545 | G33: =G8*2.44% -> 21610.107 | J33: =ROUND(J8*2.45%,0) -> 1337 | K33: =K8*2.45% -> 18266.864 | L33: =L8*2.45% -> 1019.8757 | M33: =M8*2.46% -> 309.13439 | N33: =N8*2.44% -> 1275.1314 | P33: =P8*2.44% -> 1882.8161 | Q33: =ROUND((1974/$Q$5)*$Q$8,0) -> 2050 | R33: =R8*2.47% -> 2453.7145 | U33: =U8*2.43% -> 1858.544 | V33: =V8*2.45% -> 3269.0722 | Y33: =Y8*2.43% -> 2137.8925 | Z33: =Z8*2.44% -> 2881.9052 | AA33: =ROUND(AA8*2.44%,0) -> 6495 | AB33: =AB8*2.46% -> 1552.4351 | AC33: =AC8*2.45% -> 4202.4908 | AE33: =AE8*2.46% -> 8032.2829 | AF33: =AF8*2.44% -> 10725.037 | AG33: =AG8*2.46% -> 8376.2253 | AJ33: =AJ8*2.45% -> 560.29617
A34: Epi | C34: =C8*1.68% -> 1129.4141 | D34: =D8*1.68% -> 627.36117 | E34: =E8*1.69% -> 1917.2563 | G34: =G8*1.68% -> 14879.09 | J34: =J8*1.68% -> 917.11474 | K34: =K8*1.68% -> 12525.85 | L34: =L8*1.69% -> 703.50609 | M34: =M8*1.69% -> 212.37281 | N34: =N8*1.68% -> 877.95936 | P34: =P8*1.67% -> 1288.6487 | Q34: =ROUND((1355/$Q$5)*$Q$8,0) -> 1407 | R34: =R8*1.7% -> 1688.7914 | U34: =U8*1.67% -> 1277.271 | V34: =V8*1.68% -> 2241.6495 | Y34: =Y8*1.67% -> 1469.2512 | Z34: =Z8*1.68% -> 1984.2626 | AA34: =ROUND(AA8*1.68%,0) -> 4472 | AB34: =AB8*1.69% -> 1066.5103 | AC34: =AC8*1.68% -> 2881.708 | AE34: =AE8*1.69% -> 5518.1131 | AF34: =AF8*1.68% -> 7384.4515 | AG34: =AG8*1.69% -> 5754.3987 | AJ34: =AJ8*1.68% -> 384.20309
A35: Depart Totals | C35: =SUM(C11:C34) -> 64598.454 | D35: =SUM(D11:D34) -> 35950.036 | E35: =SUM(E11:E34) -> 109555.89 | F35: =SUM(F11:F34) -> 0 | G35: =SUM(G11:G34) -> 852182.18 | H35: =SUM(H11:H34) -> 0 | I35: =SUM(I11:I34) -> 0 | J35: =SUM(J11:J34) -> 52636.115 | ... AL35: =SUM(AL11:AL34) -> 0
A38: Training | C38: =C8*3.91% -> 2628.5769 | D38: =D8*3.73% -> 1392.8912 | E38: =E8*3.43% -> 3891.2363 | G38: =G8*3.78% -> 33477.953 | J38: =J8*3.58% -> 1954.3278 | K38: =K8*3.47% -> 25871.844 | L38: =L8*3.34% -> 1390.3611 | M38: =M8*3.05% -> 383.27637 | N38: =N8*3.96% -> 2069.4756 | P38: =P8*4.03% -> 3109.7331 | Q38: =ROUND((3617/Q5)*Q8,0) -> 3757 | R38: =R8*2.69% -> 2672.264 | U38: =U8*4.12% -> 3151.1116 | V38: =V8*3.65% -> 4870.2504 | Y38: =Y8*4.14% -> 3642.3353 | Z38: =Z8*3.72% -> 4393.7244 | AA38: =ROUND(AA8*3.89%,0) -> 10355 | AB38: =AB8*3.19% -> 2013.1171 | AC38: =AC8*3.61% -> 6192.2416 | AE38: =AE8*3.02% -> 9860.7701 | AF38: =AF8*3.76% -> 16527.106 | AG38: =AG8*3.12% -> 10623.505 | AJ38: =AJ8*3.44% -> 786.70157
A41: H&C GRAND TOTAL | C41: =C35+C38 -> 67227.031 | D41: =D35+D38 -> 37342.927 | E41: =E35+E38 -> 113447.12 | F41: 21198 | G41: =G35+G38 -> 885660.13 | H41: =H35+H38 -> 0 | I41: =I35+I38 -> 0 | J41: =J35+J38 -> 54590.443 | K41: =K35+K38 -> 745586.29 | L41: =L35+L38 -> 41627.579 | M41: =M35+M38 -> 12566.438 | N41: =N35+N38 -> 52259.486 | ... V41: =V35+V38 -> 133431.52 | W41: =W8 -> 116033.86 | X41: =X35+X38 -> 0 | Y41: =Y35+Y38 -> 87979.114 | Z41: =Z35+Z38 -> 118110.87 | AA41: =AA35+AA38 -> 266187 | AB41: =AB35+AB38 -> 63107.119 | AC41: =AC35+AC38 -> 171530.24 | AD41: =AD35+AD38 -> 0 | AE41: =AE35+AE38 -> 326515.57 | ... AL41: =AL35+AL38 -> 0
A43: DENTAL HEALTH
A44: Beginning | B44: =SUM(C44:AL44) -> 343911 | C44: =Dental!C6 -> 5626 | D44: =Dental!C50 -> 2357 | E44: =Dental!C54 -> 9493 | G44: =Dental!C10 -> 55881 | H44: =Dental!C80 -> 0 | I44: =Dental!C78 -> 0 | J44: =Dental!C12 -> 3450 | K44: =Dental!C14 -> 47194 | L44: =Dental!C16 -> 3483 | M44: =Dental!C18 -> 1052 | N44: =Dental!C20 -> 4374 | O44: =Dental!C60 -> 12094 | P44: =Dental!C22 -> 6456 | Q44: =Dental!C48 -> 5391 | R44: =Dental!C24 -> 6339 | S44: =Dental!C70 -> 0 | T44: =Dental!C74 -> 0 | U44: =Dental!C26 -> 6399 | V44: =Dental!C28 -> 11163 | X44: =Dental!C68 -> 0 | Y44: =Dental!C30 -> 7361 | Z44: =Dental!C32 -> 9884 | AA44: =Dental!C34 -> 8848 | AB44: =Dental!C36 -> 5281 | AC44: =Dental!C38 -> 10841 | AD44: =Dental!C72 -> 0 | AE44: =Dental!C40 -> 20764 | AF44: =Dental!C42 -> 27739 | AG44: =Dental!C44 -> 21632 | AH44: =Dental!C64 -> 32923 | AI44: =Dental!C66 -> 7600 | AJ44: =Dental!C46 -> 1914 | AK44: =Dental!C62 -> 8372 | AL44: =Dental!C76 -> 0
A45: Inflation | B45: =SUM(C45:AL45)-2 -> 911.06577 | C45: =Dental!E6 -> 14.936737 | D45: =Dental!E50 -> 6.2577121 | E45: =Dental!E54 -> 25.20342 | G45: =Dental!E10 -> 148.36114 | H45: =Dental!E80 -> 0 | I45: =Dental!E78 -> 0 | J45: =Dental!E12 -> 9.1595701 | K45: =Dental!E14 -> 125.29761 | L45: =Dental!E16 -> 9.2471834 | M45: =Dental!E18 -> 2.7930051 | N45: =Dental!E20 -> 11.612742 | O45: =Dental!E60 -> 32.108939 | P45: =Dental!E22 -> 17.140343 | Q45: =Dental!E48 -> 14.312824 | R45: =Dental!E24 -> 16.829714 | S45: =Dental!E70 -> 0 | T45: =Dental!E74 -> 0 | U45: =Dental!E26 -> 16.989011 | V45: =Dental!E28 -> 29.637183 | X45: =Dental!E68 -> 0 | Y45: =Dental!E30 -> 19.543071 | Z45: =Dental!E32 -> 26.241505 | AA45: =Dental!E34 -> 23.490979 | AB45: =Dental!E36 -> 14.02078 | AC45: =Dental!E38 -> 28.78229 | AD45: =Dental!E72 -> 0 | AE45: =Dental!E40 -> 55.127337 | AF45: =Dental!E42 -> 73.645598 | AG45: =Dental!E44 -> 57.431832 | AH45: =Dental!E64 -> 87.408848 | AI45: =Dental!E66 -> 20.177604 | AJ45: =Dental!E46 -> 5.0815702 | AK45: =Dental!E62 -> 22.227223 | AL45: =Dental!E76 -> 0
A46: Pay Cost | B46: =SUM(C46:AL46) -> 14892 | C46: =Dental!F6 -> 368 | D46: =Dental!F50 -> 69 | E46: =Dental!F54 -> 621 | G46: =Dental!F10 -> 1636 | H46: =Dental!F80 -> 0 | I46: =Dental!F78 -> 0 | J46: =Dental!F12 -> 101 | K46: =Dental!F14 -> 1382 | L46: =Dental!F16 -> 228 | M46: =Dental!F18 -> 69 | N46: =Dental!F20 -> 286 | O46: =Dental!F60 -> 791 | P46: =Dental!F22 -> 422 | Q46: =Dental!F48 -> 158 | R46: =Dental!F24 -> 186 | S46: =Dental!F70 -> 0 | T46: =Dental!F74 -> 0 | U46: =Dental!F26 -> 419 | V46: =Dental!F28 -> 730 | X46: =Dental!F68 -> 0 | Y46: =Dental!F30 -> 482 | Z46: =Dental!F32 -> 647 | AA46: =Dental!F34 -> 259 | AB46: =Dental!F36 -> 345 | AC46: =Dental!F38 -> 317 | AD46: =Dental!F72 -> 0 | AE46: =Dental!F40 -> 608 | AF46: =Dental!F42 -> 812 | AG46: =Dental!F44 -> 633 | AH46: =Dental!F64 -> 2153 | AI46: =Dental!F66 -> 497 | AJ46: =Dental!F46 -> 125 | AK46: =Dental!F62 -> 548 | AL46: =Dental!F76 -> 0
A47: Ending - 2023 Available for Contracting | B47: =SUM(C47:AL47)-2 -> 359714.07 | C47: =SUM(C44:C46) -> 6008.9367 | D47: =SUM(D44:D46) -> 2432.2577 | E47: =SUM(E44:E46) -> 10139.203 | G47: =SUM(G44:G46) -> 57665.361 | H47: =SUM(H44:H46) -> 0 | I47: =SUM(I44:I46) -> 0 | J47: =SUM(J44:J46) -> 3560.1596 | K47: =SUM(K44:K46) -> 48701.298 | L47: =SUM(L44:L46) -> 3720.2472 | M47: =SUM(M44:M46) -> 1123.793 | N47: =SUM(N44:N46) -> 4671.6127 | ... V47: =SUM(V44:V46) -> 11922.637 | X47: =SUM(X44:X46) -> 0 | Y47: =SUM(Y44:Y46) -> 7862.5431 | Z47: =SUM(Z44:Z46) -> 10557.242 | AA47: =SUM(AA44:AA46) -> 9130.491 | AB47: =SUM(AB44:AB46) -> 5640.0208 | AC47: =SUM(AC44:AC46) -> 11186.782 | AD47: =SUM(AD44:AD46) -> 0 | AE47: =SUM(AE44:AE46) -> 21427.127 | ... AL47: =SUM(AL44:AL46) -> 0
A49: MENTAL HEALTH
A50: Beginning | B50: =SUM(C50:AL50) -> 231962 | C50: =Mental!C6 -> 4303 | D50: =Mental!C50 -> 1686 | E50: =Mental!C54 -> 7261 | G50: =Mental!C10 -> 39959 | H50: =Mental!C80 -> 0 | I50: =Mental!C78 -> 0 | J50: =Mental!C12 -> 2468 | K50: =Mental!C14 -> 33749 | L50: =Mental!C16 -> 2664 | M50: =Mental!C18 -> 804 | N50: =Mental!C20 -> 3344 | O50: =Mental!C60 -> 5988 | P50: =Mental!C22 -> 4938 | Q50: =Mental!C48 -> 3855 | R50: =Mental!C24 -> 4535 | S50: =Mental!C70 -> 0 | T50: =Mental!C74 -> 0 | U50: =Mental!C26 -> 4896 | V50: =Mental!C28 -> 8538 | X50: =Mental!C68 -> 0 | Y50: =Mental!C30 -> 5632 | Z50: =Mental!C32 -> 7558 | AA50: =Mental!C34 -> 6327 | AB50: =Mental!C36 -> 4039 | AC50: =Mental!C38 -> 7751 | AD50: =Mental!C72 -> 0 | AE50: =Mental!C40 -> 14848 | AF50: =Mental!C42 -> 19837 | AG50: =Mental!C44 -> 15470 | AH50: =Mental!C64 -> 11926 | AI50: =Mental!C66 -> 3976 | AJ50: =Mental!C46 -> 1464 | AK50: =Mental!C62 -> 4146 | AL50: =Mental!C76 -> 0
A51: Inflation | B51: =SUM(C51:AL51)+1 -> 685.09448 | C51: =Mental!E6 -> 12.690262 | D51: =Mental!E50 -> 4.9722941 | E51: =Mental!E54 -> 21.413895 | G51: =Mental!E10 -> 117.84573 | H51: =Mental!E80 -> 0 | I51: =Mental!E78 -> 0 | J51: =Mental!E12 -> 7.2785421 | K51: =Mental!E14 -> 99.531409 | L51: =Mental!E16 -> 7.8565786 | M51: =Mental!E18 -> 2.3711296 | N51: =Mental!E20 -> 9.8620116 | O51: =Mental!E60 -> 17.659607 | P51: =Mental!E22 -> 14.562982 | Q51: =Mental!E48 -> 11.369036 | R51: =Mental!E24 -> 13.374469 | S51: =Mental!E70 -> 0 | T51: =Mental!E74 -> 0 | U51: =Mental!E26 -> 14.439118 | V51: =Mental!E28 -> 25.179981 | X51: =Mental!E68 -> 0 | Y51: =Mental!E30 -> 16.609704 | Z51: =Mental!E32 -> 22.289798 | AA51: =Mental!E34 -> 18.659374 | AB51: =Mental!E36 -> 11.911682 | AC51: =Mental!E38 -> 22.858987 | AD51: =Mental!E72 -> 0 | AE51: =Mental!E40 -> 43.789219 | AF51: =Mental!E42 -> 58.502609 | AG51: =Mental!E44 -> 45.6236 | AH51: =Mental!E64 -> 35.171756 | AI51: =Mental!E66 -> 11.725885 | AJ51: =Mental!E46 -> 4.3175793 | AK51: =Mental!E62 -> 12.227243 | AL51: =Mental!E76 -> 0
A52: Pay Cost | B52: =SUM(C52:AL52) -> 6697 | C52: =Mental!F6 -> 167 | D52: =Mental!F50 -> 40 | E52: =Mental!F54 -> 282 | G52: =Mental!F10 -> 937 | H52: =Mental!F80 -> 0 | I52: =Mental!F78 -> 0 | J52: =Mental!F12 -> 58 | K52: =Mental!F14 -> 792 | L52: =Mental!F16 -> 104 | M52: =Mental!F18 -> 31 | N52: =Mental!F20 -> 130 | O52: =Mental!F60 -> 233 | P52: =Mental!F22 -> 192 | Q52: =Mental!F48 -> 90 | R52: =Mental!F24 -> 106 | S52: =Mental!F70 -> 0 | T52: =Mental!F74 -> 0 | U52: =Mental!F26 -> 190 | V52: =Mental!F28 -> 332 | X52: =Mental!F68 -> 0 | Y52: =Mental!F30 -> 219 | Z52: =Mental!F32 -> 294 | AA52: =Mental!F34 -> 148 | AB52: =Mental!F36 -> 157 | AC52: =Mental!F38 -> 182 | AD52: =Mental!F72 -> 0 | AE52: =Mental!F40 -> 348 | AF52: =Mental!F42 -> 465 | AG52: =Mental!F44 -> 363 | AH52: =Mental!F64 -> 464 | AI52: =Mental!F66 -> 155 | AJ52: =Mental!F46 -> 57 | AK52: =Mental!F62 -> 161 | AL52: =Mental!F76 -> 0
A53: Ending - 2023 Available for Contracting | B53: =SUM(C53:AL53)+1 -> 239344.09 | C53: =SUM(C50:C52) -> 4482.6903 | D53: =SUM(D50:D52) -> 1730.9723 | E53: =SUM(E50:E52) -> 7564.4139 | G53: =SUM(G50:G52) -> 41013.846 | H53: =SUM(H50:H52) -> 0 | I53: =SUM(I50:I52) -> 0 | J53: =SUM(J50:J52) -> 2533.2785 | K53: =SUM(K50:K52) -> 34640.531 | L53: =SUM(L50:L52) -> 2775.8566 | M53: =SUM(M50:M52) -> 837.37113 | N53: =SUM(N50:N52) -> 3483.862 | ... V53: =SUM(V50:V52) -> 8895.18 | X53: =SUM(X50:X52) -> 0 | Y53: =SUM(Y50:Y52) -> 5867.6097 | Z53: =SUM(Z50:Z52) -> 7874.2898 | AA53: =SUM(AA50:AA52) -> 6493.6594 | AB53: =SUM(AB50:AB52) -> 4207.9117 | AC53: =SUM(AC50:AC52) -> 7955.859 | AD53: =SUM(AD50:AD52) -> 0 | AE53: =SUM(AE50:AE52) -> 15239.789 | ... AL53: =SUM(AL50:AL52) -> 0
A55: ALCOHOL & SUBSTANCE ABUSE
A56: Beginning | B56: =SUM(C56:AL56) -> 590140 | C56: =Alcohol!C6 -> 9992 | D56: =Alcohol!C50 -> 4725 | E56: =Alcohol!C54 -> 16861 | G56: =Alcohol!C10 -> 111959 | H56: =Alcohol!C80 -> 0 | I56: =Alcohol!C78 -> 0 | J56: =Alcohol!C12 -> 6915 | K56: =Alcohol!C14 -> 94556 | L56: =Alcohol!C16 -> 6187 | M56: =Alcohol!C18 -> 1868 | N56: =Alcohol!C20 -> 7766 | O56: =Alcohol!C60 -> 13699 | P56: =Alcohol!C22 -> 11467 | Q56: =Alcohol!C48 -> 10777 | R56: =Alcohol!C24 -> 12702 | S56: =Alcohol!C70 -> 0 | T56: =Alcohol!C74 -> 0 | U56: =Alcohol!C26 -> 11367 | V56: =Alcohol!C28 -> 19825 | X56: =Alcohol!C68 -> 0 | Y56: =Alcohol!C30 -> 13076 | Z56: =Alcohol!C32 -> 17552 | AA56: =Alcohol!C34 -> 17730 | AB56: =Alcohol!C36 -> 9378 | AC56: =Alcohol!C38 -> 21722 | AD56: =Alcohol!C72 -> 0 | AE56: =Alcohol!C40 -> 41601 | AF56: =Alcohol!C42 -> 55576 | AG56: =Alcohol!C44 -> 43337 | AH56: =Alcohol!C64 -> 9972 | AI56: =Alcohol!C66 -> 6648 | AJ56: =Alcohol!C46 -> 3400 | AK56: =Alcohol!C62 -> 9482 | AL56: =Alcohol!C76 -> 0
A57: Inflation | B57: =SUM(C57:AL57)+1 -> 2183.9489 | C57: =Alcohol!E6 -> 36.960765 | D57: =Alcohol!E50 -> 17.477944 | E57: =Alcohol!E54 -> 62.369441 | G57: =Alcohol!E10 -> 414.14034 | H57: =Alcohol!E80 -> 0 | I57: =Alcohol!E78 -> 0 | J57: =Alcohol!E12 -> 25.578832 | K57: =Alcohol!E14 -> 349.76602 | L57: =Alcohol!E16 -> 22.885934 | M57: =Alcohol!E18 -> 6.9097987 | N57: =Alcohol!E20 -> 28.726711 | O57: =Alcohol!E60 -> 50.67309 | P57: =Alcohol!E22 -> 42.416842 | Q57: =Alcohol!E48 -> 39.864508 | R57: =Alcohol!E24 -> 46.985152 | S57: =Alcohol!E70 -> 0 | T57: =Alcohol!E74 -> 0 | U57: =Alcohol!E26 -> 42.046939 | V57: =Alcohol!E28 -> 73.333383 | X57: =Alcohol!E68 -> 0 | Y57: =Alcohol!E30 -> 48.368591 | Z57: =Alcohol!E32 -> 64.925475 | AA57: =Alcohol!E34 -> 65.583903 | AB57: =Alcohol!E36 -> 34.689557 | AC57: =Alcohol!E38 -> 80.350454 | AD57: =Alcohol!E72 -> 0 | AE57: =Alcohol!E40 -> 153.88358 | AF57: =Alcohol!E42 -> 205.57761 | AG57: =Alcohol!E44 -> 160.30511 | AH57: =Alcohol!E64 -> 36.886784 | AI57: =Alcohol!E66 -> 24.591189 | AJ57: =Alcohol!E46 -> 12.576721 | AK57: =Alcohol!E62 -> 35.074257 | AL57: =Alcohol!E76 -> 0
A58: Pay Cost | B58: =SUM(C58:AL58) -> 28132 | C58: =Alcohol!F6 -> 1179 | D58: =Alcohol!F50 -> 92 | E58: =Alcohol!F54 -> 1989 | G58: =Alcohol!F10 -> 2191 | H58: =Alcohol!F80 -> 0 | I58: =Alcohol!F78 -> 0 | J58: =Alcohol!F12 -> 135 | K58: =Alcohol!F14 -> 1850 | L58: =Alcohol!F16 -> 730 | M58: =Alcohol!F18 -> 220 | N58: =Alcohol!F20 -> 916 | O58: =Alcohol!F60 -> 1616 | P58: =Alcohol!F22 -> 1353 | Q58: =Alcohol!F48 -> 211 | R58: =Alcohol!F24 -> 249 | S58: =Alcohol!F70 -> 0 | T58: =Alcohol!F74 -> 0 | U58: =Alcohol!F26 -> 1341 | V58: =Alcohol!F28 -> 2338 | X58: =Alcohol!F68 -> 0 | Y58: =Alcohol!F30 -> 1543 | Z58: =Alcohol!F32 -> 2071 | AA58: =Alcohol!F34 -> 347 | AB58: =Alcohol!F36 -> 1106 | AC58: =Alcohol!F38 -> 425 | AD58: =Alcohol!F72 -> 0 | AE58: =Alcohol!F40 -> 814 | AF58: =Alcohol!F42 -> 1088 | AG58: =Alcohol!F44 -> 848 | AH58: =Alcohol!F64 -> 1176 | AI58: =Alcohol!F66 -> 784 | AJ58: =Alcohol!F46 -> 401 | AK58: =Alcohol!F62 -> 1119 | AL58: =Alcohol!F76 -> 0
A59: Ending - 2023 Available for Contracting | B59: =SUM(C59:AL59)+1 -> 620455.95 | C59: =SUM(C56:C58) -> 11207.961 | D59: =SUM(D56:D58) -> 4834.4779 | E59: =SUM(E56:E58) -> 18912.369 | G59: =SUM(G56:G58) -> 114564.14 | H59: =SUM(H56:H58) -> 0 | I59: =SUM(I56:I58) -> 0 | J59: =SUM(J56:J58) -> 7075.5788 | K59: =SUM(K56:K58) -> 96755.766 | L59: =SUM(L56:L58) -> 6939.8859 | M59: =SUM(M56:M58) -> 2094.9098 | N59: =SUM(N56:N58) -> 8710.7267 | ... V59: =SUM(V56:V58) -> 22236.333 | X59: =SUM(X56:X58) -> 0 | Y59: =SUM(Y56:Y58) -> 14667.369 | Z59: =SUM(Z56:Z58) -> 19687.925 | AA59: =SUM(AA56:AA58) -> 18142.584 | AB59: =SUM(AB56:AB58) -> 10518.69 | AC59: =SUM(AC56:AC58) -> 22227.35 | AD59: =SUM(AD56:AD58) -> 0 | AE59: =SUM(AE56:AE58) -> 42568.884 | ... AL59: =SUM(AL56:AL58) -> 0
A61: PUBLIC HEALTH NURSING
A62: Beginning | B62: =SUM(C62:AL62) -> 100023 | C62: =PHN!C6 -> 1199 | D62: =PHN!C50 -> 565 | E62: =PHN!C54 -> 2024 | G62: =PHN!C10 -> 13383 | H62: =PHN!C80 -> 0 | I62: =PHN!C78 -> 0 | J62: =PHN!C12 -> 827 | K62: =PHN!C14 -> 11303 | L62: =PHN!C16 -> 741 | M62: =PHN!C18 -> 225 | N62: =PHN!C20 -> 933 | O62: =PHN!C60 -> 12249 | P62: =PHN!C22 -> 1377 | Q62: =PHN!C48 -> 1294 | R62: =PHN!C24 -> 1517 | S62: =PHN!C70 -> 0 | T62: =PHN!C74 -> 0 | U62: =PHN!C26 -> 1366 | V62: =PHN!C28 -> 2379 | X62: =PHN!C68 -> 0 | Y62: =PHN!C30 -> 1569 | Z62: =PHN!C32 -> 2106 | AA62: =PHN!C34 -> 2120 | AB62: =PHN!C36 -> 1125 | AC62: =PHN!C38 -> 2596 | AD62: =PHN!C72 -> 0 | AE62: =PHN!C40 -> 4973 | AF62: =PHN!C42 -> 6644 | AG62: =PHN!C44 -> 5181 | AH62: =PHN!C64 -> 7840 | AI62: =PHN!C66 -> 5601 | AJ62: =PHN!C46 -> 409 | AK62: =PHN!C62 -> 8477 | AL62: =PHN!C76 -> 0
A63: Inflation | B63: =SUM(C63:AL63)+1 -> 284.09157 | C63: =PHN!E6 -> 3.3934874 | D63: =PHN!E50 -> 1.5990996 | E63: =PHN!E54 -> 5.7284559 | G63: =PHN!E10 -> 37.877433 | H63: =PHN!E80 -> 0 | I63: =PHN!E78 -> 0 | J63: =PHN!E12 -> 2.3406289 | K63: =PHN!E14 -> 31.990482 | L63: =PHN!E16 -> 2.0972262 | M63: =PHN!E18 -> 0.63680957 | N63: =PHN!E20 -> 2.640637 | O63: =PHN!E60 -> 34.667913 | P63: =PHN!E22 -> 3.8972746 | Q63: =PHN!E48 -> 3.6623626 | R63: =PHN!E24 -> 4.2935116 | S63: =PHN!E70 -> 0 | T63: =PHN!E74 -> 0 | U63: =PHN!E26 -> 3.8661416 | V63: =PHN!E28 -> 6.7331998 | X63: =PHN!E68 -> 0 | Y63: =PHN!E30 -> 4.4406854 | Z63: =PHN!E32 -> 5.9605376 | AA63: =PHN!E34 -> 6.0001613 | AB63: =PHN!E36 -> 3.1840478 | AC63: =PHN!E38 -> 7.3473673 | AD63: =PHN!E72 -> 0 | AE63: =PHN!E40 -> 14.074907 | AF63: =PHN!E42 -> 18.804279 | AG63: =PHN!E44 -> 14.663602 | AH63: =PHN!E64 -> 22.189276 | AI63: =PHN!E66 -> 15.852313 | AJ63: =PHN!E46 -> 1.1575783 | AK63: =PHN!E62 -> 23.992154 | AL63: =PHN!E76 -> 0
A64: Pay Cost | B64: =SUM(C64:AL64) -> 2231 | C64: =PHN!F6 -> 20 | D64: =PHN!F50 -> 16 | E64: =PHN!F54 -> 34 | G64: =PHN!F10 -> 374 | H64: =PHN!F80 -> 0 | I64: =PHN!F78 -> 0 | J64: =PHN!F12 -> 23 | K64: =PHN!F14 -> 316 | L64: =PHN!F16 -> 12 | M64: =PHN!F18 -> 4 | N64: =PHN!F20 -> 15 | O64: =PHN!F60 -> 202 | P64: =PHN!F22 -> 23 | Q64: =PHN!F48 -> 36 | R64: =PHN!F24 -> 42 | S64: =PHN!F70 -> 0 | T64: =PHN!F74 -> 0 | U64: =PHN!F26 -> 23 | V64: =PHN!F28 -> 39 | X64: =PHN!F68 -> 0 | Y64: =PHN!F30 -> 26 | Z64: =PHN!F32 -> 35 | AA64: =PHN!F34 -> 59 | AB64: =PHN!F36 -> 19 | AC64: =PHN!F38 -> 73 | AD64: =PHN!F72 -> 0 | AE64: =PHN!F40 -> 139 | AF64: =PHN!F42 -> 186 | AG64: =PHN!F44 -> 145 | AH64: =PHN!F64 -> 130 | AI64: =PHN!F66 -> 93 | AJ64: =PHN!F46 -> 7 | AK64: =PHN!F62 -> 140 | AL64: =PHN!F76 -> 0
A65: Ending - 2023 Available for Contracting | B65: =SUM(C65:AL65)+1 -> 102538.09 | C65: =SUM(C62:C64) -> 1222.3935 | D65: =SUM(D62:D64) -> 582.5991 | E65: =SUM(E62:E64) -> 2063.7285 | G65: =SUM(G62:G64) -> 13794.877 | H65: =SUM(H62:H64) -> 0 | I65: =SUM(I62:I64) -> 0 | J65: =SUM(J62:J64) -> 852.34063 | K65: =SUM(K62:K64) -> 11650.99 | L65: =SUM(L62:L64) -> 755.09723 | M65: =SUM(M62:M64) -> 229.63681 | N65: =SUM(N62:N64) -> 950.64064 | ... V65: =SUM(V62:V64) -> 2424.7332 | X65: =SUM(X62:X64) -> 0 | Y65: =SUM(Y62:Y64) -> 1599.4407 | Z65: =SUM(Z62:Z64) -> 2146.9605 | AA65: =SUM(AA62:AA64) -> 2185.0002 | AB65: =SUM(AB62:AB64) -> 1147.184 | AC65: =SUM(AC62:AC64) -> 2676.3474 | AD65: =SUM(AD62:AD64) -> 0 | AE65: =SUM(AE62:AE64) -> 5126.0749 | ... AL65: =SUM(AL62:AL64) -> 0
A67: HEALTH EDUCATION
A68: Beginning | B68: =SUM(C68:AL68) -> 145357 | C68: =HE!C6 -> 2160 | D68: =HE!C50 -> 1154 | E68: =HE!C54 -> 3643 | G68: =HE!C10 -> 27326 | H68: =HE!C80 -> 0 | I68: =HE!C78 -> 0 | J68: =HE!C12 -> 1686 | K68: =HE!C14 -> 23078 | L68: =HE!C16 -> 1336 | M68: =HE!C18 -> 403 | N68: =HE!C20 -> 1679 | O68: =HE!C60 -> 3532 | P68: =HE!C22 -> 2478 | Q68: =HE!C48 -> 2667 | R68: =HE!C24 -> 3102 | S68: =HE!C70 -> 0 | T68: =HE!C74 -> 0 | U68: =HE!C26 -> 2456 | V68: =HE!C28 -> 4284 | X68: =HE!C68 -> 0 | Y68: =HE!C30 -> 2825 | Z68: =HE!C32 -> 3793 | AA68: =HE!C34 -> 4329 | AB68: =HE!C36 -> 2027 | AC68: =HE!C38 -> 5302 | AD68: =HE!C72 -> 0 | AE68: =HE!C40 -> 10153 | AF68: =HE!C42 -> 13563 | AG68: =HE!C44 -> 10577 | AH68: =HE!C64 -> 7549 | AI68: =HE!C66 -> 1078 | AJ68: =HE!C46 -> 733 | AK68: =HE!C62 -> 2444 | AL68: =HE!C76 -> 0
A69: Inflation | B69: =SUM(C69:AL69) -> 386.87519 | C69: =HE!E6 -> 5.763812 | D69: =HE!E50 -> 3.0793699 | E69: =HE!E54 -> 9.7210958 | G69: =HE!E10 -> 72.917558 | H69: =HE!E80 -> 0 | I69: =HE!E78 -> 0 | J69: =HE!E12 -> 4.4989754 | K69: =HE!E14 -> 61.582061 | L69: =HE!E16 -> 3.5650244 | M69: =HE!E18 -> 1.0753779 | N69: =HE!E20 -> 4.4802964 | O69: =HE!E60 -> 9.4248999 | P69: =HE!E22 -> 6.6123732 | Q69: =HE!E48 -> 7.1167067 | R69: =HE!E24 -> 8.2774744 | S69: =HE!E70 -> 0 | T69: =HE!E74 -> 0 | U69: =HE!E26 -> 6.5536677 | V69: =HE!E28 -> 11.43156 | X69: =HE!E68 -> 0 | Y69: =HE!E30 -> 7.5383189 | Z69: =HE!E32 -> 10.121361 | AA69: =HE!E34 -> 11.55164 | AB69: =HE!E36 -> 5.4089106 | AC69: =HE!E38 -> 14.148024 | AD69: =HE!E72 -> 0 | AE69: =HE!E40 -> 27.092585 | AF69: =HE!E42 -> 36.191936 | AG69: =HE!E44 -> 28.224 | AH69: =HE!E64 -> 19.143989 | AI69: =HE!E66 -> 2.8765691 | AJ69: =HE!E46 -> 1.9559603 | AK69: =HE!E62 -> 6.5216465 | AL69: =HE!E76 -> 0
A70: Pay Cost | B70: =SUM(C70:AL70) -> 3335 | C70: =HE!F6 -> 28 | D70: =HE!F50 -> 31 | E70: =HE!F54 -> 48 | G70: =HE!F10 -> 738 | H70: =HE!F79 -> 0 | I70: =HE!F78 -> 0 | J70: =HE!F12 -> 46 | K70: =HE!F14 -> 623 | L70: =HE!F16 -> 17 | M70: =HE!F18 -> 5 | N70: =HE!F20 -> 22 | O70: =HE!F60 -> 46 | P70: =HE!F22 -> 32 | Q70: =HE!F48 -> 72 | R70: =HE!F24 -> 84 | S70: =HE!F70 -> 0 | T70: =HE!F74 -> 0 | U70: =HE!F26 -> 32 | V70: =HE!F28 -> 56 | X70: =HE!F68 -> 0 | Y70: =HE!F30 -> 37 | Z70: =HE!F32 -> 50 | AA70: =HE!F34 -> 117 | AB70: =HE!F36 -> 27 | AC70: =HE!F38 -> 143 | AD70: =HE!F72 -> 0 | AE70: =HE!F40 -> 274 | AF70: =HE!F42 -> 366 | AG70: =HE!F44 -> 286 | AH70: =HE!F64 -> 99 | AI70: =HE!F66 -> 14 | AJ70: =HE!F46 -> 10 | AK70: =HE!F62 -> 32 | AL70: =HE!F76 -> 0
A71: Ending - 2023 Available for Contracting | B71: =SUM(C71:AL71) -> 149078.88 | C71: =SUM(C68:C70) -> 2193.7638 | D71: =SUM(D68:D70) -> 1188.0794 | E71: =SUM(E68:E70) -> 3700.7211 | G71: =SUM(G68:G70) -> 28136.918 | H71: =SUM(H68:H70) -> 0 | I71: =SUM(I68:I70) -> 0 | J71: =SUM(J68:J70) -> 1736.499 | K71: =SUM(K68:K70) -> 23762.582 | L71: =SUM(L68:L70) -> 1356.565 | M71: =SUM(M68:M70) -> 409.07538 | N71: =SUM(N68:N70) -> 1705.4803 | ... V71: =SUM(V68:V70) -> 4351.4316 | X71: =SUM(X68:X70) -> 0 | Y71: =SUM(Y68:Y70) -> 2869.5383 | Z71: =SUM(Z68:Z70) -> 3853.1214 | AA71: =SUM(AA68:AA70) -> 4457.5516 | AB71: =SUM(AB68:AB70) -> 2059.4089 | AC71: =SUM(AC68:AC70) -> 5459.148 | AD71: =SUM(AD68:AD70) -> 0 | AE71: =SUM(AE68:AE70) -> 10454.093 | ... AL71: =SUM(AL68:AL70) -> 0
A73: DIRECT OPERATIONS
A74: Beginning | B74: =SUM(C74:AL74) -> 1158243 | C74: =DO!C6 -> 20074 | D74: =DO!C50 -> 9980 | E74: =DO!C54 -> 33878 | F74: =DO!C8 -> 0 | G74: =DO!C10 -> 236549 | H74: =DO!C80 -> 0 | I74: =DO!C78 -> 0 | J74: =DO!C12 -> 14608 | K74: =DO!C14 -> 199781 | L74: =DO!C16 -> 12430 | M74: =DO!C18 -> 3754 | N74: =DO!C20 -> 15607 | O74: =DO!C60 -> 5392 | P74: =DO!C22 -> 23043 | Q74: =DO!C48 -> 22443 | R74: =DO!C24 -> 26835 | S74: =DO!C70 -> 0 | T74: =DO!C74 -> 0 | U74: =DO!C26 -> 22841 | V74: =DO!C28 -> 39836 | W74: =DO!C56 -> 0 | X74: =DO!C68 -> 0 | Y74: =DO!C30 -> 26272 | Z74: =DO!C32 -> 35272 | AA74: =DO!C34 -> 37460 | AB74: =DO!C36 -> 18844 | AC74: =DO!C38 -> 45893 | AD74: =DO!C72 -> 0 | AE74: =DO!C40 -> 87897 | AF74: =DO!C42 -> 117425 | AG74: =DO!C44 -> 91567 | AH74: =DO!C64 -> 0 | AI74: =DO!C66 -> 0 | AJ74: =DO!C46 -> 6829 | AK74: =DO!C62 -> 3733 | AL74: =DO!C76 -> 0
A75: Inflation | B75: =SUM(C75:AL75)-2 -> 2004.5812 | C75: =DO!E6 -> 34.742246 | D75: =DO!E50 -> 17.272473 | E75: =DO!E54 -> 58.632949 | F75: =DO!E8 -> 0 | G75: =DO!E10 -> 409.39741 | H75: =DO!E80 -> 0 | I75: =DO!E78 -> 0 | J75: =DO!E12 -> 25.282193 | K75: =DO!E14 -> 345.76271 | L75: =DO!E16 -> 21.512709 | M75: =DO!E18 -> 7.4970804 | N75: =DO!E20 -> 27.011171 | O75: =DO!E60 -> 9.3319813 | P75: =DO!E22 -> 39.88072 | Q75: =DO!E48 -> 38.842295 | R75: =DO!E24 -> 46.443568 | S75: =DO!E70 -> 0 | T75: =DO!E74 -> 0 | U75: =DO!E26 -> 39.531117 | V75: =DO!E28 -> 68.944511 | W75: =DO!E56 -> 0 | X75: =DO!E68 -> 0 | Y75: =DO!E30 -> 45.469179 | Z75: =DO!E32 -> 61.045557 | AA75: =DO!E34 -> 64.832348 | AB75: =DO!E36 -> 32.613475 | AC75: =DO!E38 -> 79.427414 | AD75: =DO!E72 -> 0 | AE75: =DO!E40 -> 152.1241 | AF75: =DO!E42 -> 203.22847 | AG75: =DO!E44 -> 158.4758 | AH75: =DO!E64 -> 0 | AI75: =DO!E66 -> 0 | AJ75: =DO!E46 -> 11.81901 | AK75: =DO!E62 -> 7.4607355 | AL75: =DO!E76 -> 0
A76: Pay Cost | B76: =SUM(C76:AL76) -> 68518 | C76: =DO!F6 -> 996 | D76: =DO!F50 -> 620 | E76: =DO!F54 -> 1681 | F76: =DO!F8 -> 0 | G76: =DO!F10 -> 14671 | H76: =DO!F80 -> 0 | I76: =DO!F78 -> 0 | J76: =DO!F12 -> 906 | K76: =DO!F14 -> 12391 | L76: =DO!F16 -> 617 | M76: =DO!F18 -> 186 | N76: =DO!F20 -> 775 | O76: =DO!F60 -> 268 | P76: =DO!F22 -> 1144 | Q76: =DO!F48 -> 1392 | R76: =DO!F24 -> 1664 | S76: =DO!F70 -> 0 | T76: =DO!F74 -> 0 | U76: =DO!F26 -> 1134 | V76: =DO!F28 -> 1977 | W76: =DO!F56 -> 0 | X76: =DO!F68 -> 0 | Y76: =DO!F30 -> 1304 | Z76: =DO!F32 -> 1751 | AA76: =DO!F34 -> 2323 | AB76: =DO!F36 -> 935 | AC76: =DO!F38 -> 2846 | AD76: =DO!F72 -> 0 | AE76: =DO!F40 -> 5451 | AF76: =DO!F42 -> 7283 | AG76: =DO!F44 -> 5679 | AH76: =DO!F64 -> 0 | AI76: =DO!F66 -> 0 | AJ76: =DO!F46 -> 339 | AK76: =DO!F62 -> 185 | AL76: =DO!F76 -> 0
A77: Ending - 2023 Available for Contracting | B77: =SUM(C77:AL77)-2 -> 1228765.6 | C77: =SUM(C74:C76) -> 21104.742 | D77: =SUM(D74:D76) -> 10617.272 | E77: =SUM(E74:E76) -> 35617.633 | F77: =SUM(F74:F76) -> 0 | G77: =SUM(G74:G76) -> 251629.4 | H77: =SUM(H74:H76) -> 0 | I77: =SUM(I74:I76) -> 0 | J77: =SUM(J74:J76) -> 15539.282 | ... AL77: =SUM(AL74:AL76) -> 0
A79: OAD | C79: =C77*55.18% -> 11645.597 | D79: =D77*55.18% -> 5858.611 | E79: =E77*55.18% -> 19653.81 | G79: =G77*55.18% -> 138849.1 | J79: =J77*55.18% -> 8574.5759 | K79: =K77*55.18% -> 117267.3 | L79: =L77*55.18% -> 7211.2053 | M79: =M77*55.18% -> 2178.2289 | N79: =N77*55.18% -> 9054.4924 | P79: =P77*55.18% -> 13368.393 | Q79: =Q77*55.18% -> 13173.586 | R79: =R77*55.18% -> 15751.376 | U79: =U77*55.18% -> 13251.218 | V79: =V77*55.18% -> 23110.457 | Y79: =Y77*55.18% -> 15241.527 | Z79: =Z77*55.18% -> 20462.976 | AA79: =AA77*55.18% -> 21988.034 | AB79: =AB77*55.18% -> 10932.048 | AC79: =AC77*55.18% -> 26938.008 | AE79: =AE77*55.18% -> 51593.368 | AF79: =AF77*55.18% -> 68926.016 | AG79: =AG77*55.18% -> 53747.79 | AJ79: =AJ77*55.18% -> 3961.8241
A80: Unity Support | C80: =C77*2.26% -> 476.96717 | D80: =D77*2.26% -> 239.95036 | E80: =E77*2.26% -> 804.9585 | G80: =G77*2.26% -> 5686.8244 | J80: =J77*2.26% -> 351.18778 | K80: =K77*2.26% -> 4802.9014 | L80: =L77*2.26% -> 295.34839 | M80: =M77*2.26% -> 89.213434 | N80: =N77*2.26% -> 370.84365 | P80: =P77*2.26% -> 547.5275 | Q80: =Q77*2.26% -> 539.54884 | R80: =R77*2.26% -> 645.12702 | U80: =U77*2.26% -> 542.7284 | V80: =V77*2.26% -> 946.53195 | Y80: =Y77*2.26% -> 624.2452 | Z80: =Z77*2.26% -> 838.09943 | AA80: =AA77*2.26% -> 900.56101 | AB80: =AB77*2.26% -> 447.74246 | AC80: =AC77*2.26% -> 1103.2965 | AE80: =AE77*2.26% -> 2113.1028 | AF80: =AF77*2.26% -> 2822.9938 | AG80: =AG77*2.26% -> 2201.3412 | AJ80: =AJ77*2.26% -> 162.26391
A81: Emergency Response
A83: OPH/CMO | C83: =C77*16.67% -> 3518.1605 | D83: =D77*16.67% -> 1769.8993 | E83: =E77*16.67% -> 5937.4594 | G83: =G77*16.67% -> 41946.621 | J83: =J77*16.67% -> 2590.3983 | K83: =K77*16.67% -> 35426.711 | L83: =L77*16.67% -> 2178.5211 | M83: =M77*16.67% -> 658.04776 | N83: =N77*16.67% -> 2735.3822 | P83: =P77*16.67% -> 4038.621 | Q83: =Q77*16.67% -> 3979.7695 | R83: =R77*16.67% -> 4758.5254 | U83: =U77*16.67% -> 4003.2223 | V83: =V77*16.67% -> 6981.7202 | Y83: =Y77*16.67% -> 4604.4989 | Z83: =Z77*16.67% -> 6181.9104 | AA83: =AA77*16.67% -> 6642.6337 | AB83: =AB77*16.67% -> 3302.596 | AC83: =AC77*16.67% -> 8138.0318 | AE83: =AE77*16.67% -> 15586.471 | AF83: =AF77*16.67% -> 20822.702 | AG83: =AG77*16.67% -> 16237.326 | AJ83: =AJ77*16.67% -> 1196.8758
A84: Sec. Reports | C84: =C77*0.56% -> 118.18656 | D84: =D77*0.56% -> 59.456726 | E84: =E77*0.56% -> 199.45874 | G84: =G77*0.56% -> 1409.1246 | J84: =J77*0.56% -> 87.01998 | K84: =K77*0.56% -> 1190.0995 | L84: =L77*0.56% -> 73.183671 | M84: =M77*0.56% -> 22.105984 | N84: =N77*0.56% -> 91.890463 | P84: =P77*0.56% -> 135.67053 | Q84: =Q77*0.56% -> 133.69352 | R84: =R77*0.56% -> 159.85448 | U84: =U77*0.56% -> 134.48137 | V84: =V77*0.56% -> 234.53889 | Y84: =Y77*0.56% -> 154.68023 | Z84: =Z77*0.56% -> 207.67066 | AA84: =AA77*0.56% -> 223.14786 | AB84: =AB77*0.56% -> 110.94504 | AC84: =AC77*0.56% -> 273.38319 | AE84: =AE77*0.56% -> 523.60069 | AF84: =AF77*0.56% -> 699.50288 | AG84: =AG77*0.56% -> 545.46506 | AJ84: =AJ77*0.56% -> 40.206986
A85: sub-total CMO
A87: Deputy AD | C87: =C77*8.29% -> 1749.5831 | D87: =D77*8.29% -> 880.17189 | E87: =E77*8.29% -> 2952.7018 | G87: =G77*8.29% -> 20860.077 | J87: =J77*8.29% -> 1288.2065 | K87: =K77*8.29% -> 17617.723 | L87: =L77*8.29% -> 1083.3797 | M87: =M77*8.29% -> 327.24751 | N87: =N77*8.29% -> 1360.307 | P87: =P77*8.29% -> 2008.4084 | Q87: =Q77*8.29% -> 1979.1415 | R87: =R77*8.29% -> 2366.4173 | U87: =U77*8.29% -> 1990.8046 | V87: =V77*8.29% -> 3472.0132 | Y87: =Y77*8.29% -> 2289.8198 | Z87: =Z77*8.29% -> 3074.2674 | AA87: =AA77*8.29% -> 3303.3853 | AB87: =AB77*8.29% -> 1642.3828 | AC87: =AC77*8.29% -> 4047.0476 | AE87: =AE77*8.29% -> 7751.1603 | AF87: =AF77*8.29% -> 10355.141 | AG87: =AG77*8.29% -> 8074.831 | AJ87: =AJ77*8.29% -> 595.207
C88: =C77*17.04% -> 3596.2481 | D88: =D77*17.04% -> 1809.1832 | E88: =E77*17.04% -> 6069.2447 | G88: =G77*17.04% -> 42877.649 | J88: =J77*17.04% -> 2647.8937 | K88: =K77*17.04% -> 36213.027 | L88: =L77*17.04% -> 2226.8746 | M88: =M77*17.04% -> 672.6535 | N88: =N77*17.04% -> 2796.0955 | P88: =P77*17.04% -> 4128.2605 | Q88: =Q77*17.04% -> 4068.1027 | R88: =R77*17.04% -> 4864.1436 | U88: =U77*17.04% -> 4092.0761 | V88: =V77*17.04% -> 7136.6833 | Y88: =Y77*17.04% -> 4706.6983 | Z88: =Z77*17.04% -> 6319.1214 | AA88: =AA77*17.04% -> 6790.0706 | AB88: =AB77*17.04% -> 3375.8989 | AC88: =AC77*17.04% -> 8318.66 | AE88: =AE77*17.04% -> 15932.421 | AF88: =AF77*17.04% -> 21284.873 | AG88: =AG77*17.04% -> 16597.723 | AJ88: =AJ77*17.04% -> 1223.4412

Sheet Residual Total
B2: NAO Residual *
C5: 2014** | D5: FY15 Increases | E5: Total FY2015 Residual | F5: FY16 Increases | G5: Total FY2016 Residual | H5: FY17 Increases | I5: *Add in previous newly recognized Tribes | J5: Add in previous newly recognized tribes residual increases | K5: Total FY2017 Residual | L5: FY18 Increases | M5: Total FY2018 Residual | N5: Add in newly recognized Tribes residual increases | O5: Total FY2019 Residual | P5: FY20 Increases | Q5: Add in newly recognized Tribes residual increases | R5: Total FY2020 Residual | S5: Increases received in FY 2021 | T5: Total FY2021 Residual | U5: Increases received in FY 2022 | V5: Total FY2022 Residual | W5: Increases received in FY 2023 | X5: Total FY2023 Residual
B6: H&C Total | C6: 939052 | D6: $- | E6: 939052 | F6: 3908 | G6: 942960 | H6: 9076 | I6: 52340 | J6: 533 | K6: 1004909 | L6: 7500 | M6: 1012409 | N6: 22671 | O6: 1035080 | Q6: 202387 | R6: 1237467 | S6: 0 | T6: 1237467 | U6: 36558 | V6: =T6+U6 -> 1274025 | W6: ='H&C'!E83+'H&C'!F83 -> 26341.457 | X6: =V6+W6 -> 1300366.5
B8: Direct Ops Total | C8: 571777 | D8: $- | E8: 571777 | F8: 3520 | G8: 575297 | H8: 10537 | I8: 131966 | J8: 2418 | K8: 720218 | L8: 8828 | M8: 729046 | O8: 729046 | R8: 729046 | S8: 0 | T8: 729046 | U8: 27555 | V8: =T8+U8 -> 756601 | W8: =DO!E83+DO!F83+163000 -> 201857.46 | X8: =V8+W8 -> 958458.46
B10: Facilities Total | C10: 130790 | D10: $- | E10: 130790 | F10: 952 | G10: 131742 | H10: 1465 | J10: 133207 | K10: 133207 | L10: 1839 | M10: 135046 | O10: 135046 | P10: 2095 | R10: 137141 | S10: 0 | T10: 137141 | U10: 3990 | V10: 137141 | W10: 4790 | X10: =V10+W10 -> 141931
B12: EHS Total | C12: 104040 | D12: $- | E12: 104040 | F12: 1143 | G12: 105183 | H12: 1842 | J12: 107025 | K12: 107025 | L12: 2224 | M12: 109249 | O12: 109249 | P12: 2584 | R12: 111833 | S12: 0 | T12: 111833 | U12: 3368 | V12: 111833 | W12: 3402 | X12: =V12+W12 -> 115235
B14: SFC Total | C14: 146473 | D14: $- | E14: 146473 | F14: 1609 | G14: 148082 | H14: 2594 | J14: 150676 | K14: 150676 | L14: 3131 | M14: 153807 | O14: 153807 | P14: 3638 | R14: 157445 | S14: 0 | T14: 157445 | U14: 3990 | V14: 157445 | W14: 4181 | X14: =V14+W14 -> 161626
B16: NAO Residual Total | C16: 1892132 | D16: $- | E16: 1892132 | F16: 11132 | G16: 1903264 | H16: 25514 | I16: 184306 | J16: 393859 | K16: 2116035 | L16: 23522 | M16: 2139557 | N16: 22671 | O16: 2162228 | P16: 8317 | Q16: 202387 | R16: 2372932 | S16: $- | T16: 2575319 | U16: =SUM(U6:U15) -> 75461 | V16: 2575319 | W16: =SUM(W6:W14) -> 240571.91 | X16: =V16+W16 -> 2815890.9
B20: *New Tribes funding requests are processed in accordance with the IHM Part 6 Chapter 4, including specific calculations for residual funding request for both Area and HQ. All Newly Recognized Tribes who have received funding within the Nashville Area have also included additional residual totals consistent with IHM Part 6 Chapter 4. These figures are not included in the FY 2014-2017 data above. Total amounts are added in to the total in FY2018 and will be included in reporting going forward.
B21: ** from last full annual tribal shares workbook
